 Dungeon Crawl Stone Soup version 0.30-a0-1008-g30c9307041 (webtiles) character file.

Game seed: 4265026592627536171

7206961 scionoferis the Petrodigitator (level 27, 241/245 HPs)
             Began as a Mummy Earth Elementalist on Mar 26, 2023.
             Was the Champion of Sif Muna.
             Escaped with the Orb
             ... and 15 runes on Apr 6, 2023!
             The game lasted 20:29:42 (261637 turns).

scionoferis the Petrodigitator (MuEE)             Turns: 261637, Time: 20:29:43

Health: 241/245    AC: 29    Str: 12    XL:     27
Magic:  39/63      EV: 27    Int: 45    God:    Sif Muna [******]
Gold:   25685      SH: 23    Dex: 18    Spells: 0/80 levels left

rFire   + + +      SeeInvis .    a - staff of conjuration "Deariama" {rElec rN++ Int+3 Dex-2}
rCold   + + +      Faith    +    i - +2 shield of Resistance {rF++ rC++ Will++}
rNeg    + + +      Spirit   .    O - quicksilver dragon scales
rPois   ∞          Reflect  +    w - +2 helmet {Int+3}
rElec   +          Rampage  .    y - scarf {rC+ rF+}
rCorr   .                        S - +2 pair of gloves {Dex+3}
Will    +++++                    M - +2 pair of boots
Stlth   ++                       I - amulet of Munavago {Reflect MP+9 SH+5}
HPRegen 0.60/turn                p - ring "Yjaoz" {*Corrode rF+ Int+3 Dex+5 Stlth+}
MPRegen 0.38/turn                X - ring "Huagg" {rPois Will- EV+5 Int+8 Slay-2}

@: studying 3 skills
A: cold resistance 1, negative energy resistance 3, torment resistance 2, heat
vulnerability 1, in touch with death 2, no potions, faith
0: Orb of Zot
}: 15/15 runes: decaying, serpentine, slimy, silver, golden, iron, obsidian,
icy, bone, abyssal, demonic, glowing, magical, fiery, dark
a: Renounce Religion, Channel Magic, Forget Spell, Divine Exegesis


You escaped.
You worshipped Sif Muna.
Sif Muna was exalted by your worship.
You visited 18 branches of the dungeon, and saw 88 of its levels.
You visited Pandemonium 7 times, and saw 54 of its levels.
You visited the Abyss 8 times.
You visited 1 ziggurat, and saw 18 of its levels.
You also visited: Trove, Ice Cave and Wizlab.

You collected 30461 gold pieces.
You spent 4776 gold pieces at shops.


Innate Abilities, Weirdness & Mutations

You are immune to poison.
Your flesh is cold resistant. (rC+)
You are immune to negative energy. (rN+++)
You are immune to unholy pain and torment.
You are vulnerable to heat. (rF-)
You are strongly in touch with the powers of death.
You do not drink.
You have a special connection with the divine. (Faith)


   Skills:
 - Level 26.0 Fighting
 - Level 12.0 Staves
 + Level 20.8 Armour
 + Level 20.7 Dodging
 * Level 13.8 Stealth
 - Level 20.0 Shields
 O Level 27 Spellcasting
 - Level 22.0 Conjurations
 - Level 24.0 Summonings
 - Level 9.0 Necromancy
 - Level 3.0 Translocations
 - Level 0.7 Transmutations
 - Level 20.0 Fire Magic
 O Level 27 Earth Magic
 - Level 22.0 Invocations
 - Level 24.0 Evocations


You couldn't memorise any spells.
You knew the following spells:

 Your Spells              Type           Power      Damage    Failure   Level
a - Apportation           Tloc           100%       N/A       1%          1
b - Blink                 Tloc           100%       N/A       1%          2
c - Borgnjor's Vile Clut  Necr/Erth      86%        N/A       0%          5
d - Lee's Rapid Deconstr  Erth           70%        3d32*     0%          5
e - Spellforged Servitor  Conj/Summ      79%        N/A       1%          7
f - Dragon's Call         Summ           67%        N/A       2%          9
g - Summon Horrible Thin  Summ           67%        N/A       1%          8
h - Death Channel         Necr           72%        N/A       1%          6
i - Ignition              Fire           63%        3d17      1%          8
j - Shatter               Erth           70%        3d52*     1%          9
k - Lehudib's Crystal Sp  Conj/Erth      80%        10d18     1%          8
l - Passage of Golubria   Tloc           73%        N/A       1%          4
m - Passwall              Tmut/Erth      92%        N/A       0%          2
s - Iron Shot             Conj/Erth      80%        9d15      0%          6

Your spell library contained the following spells:

 Spells                   Type           Power      Damage    Failure   Level
 Foxfire                  Conj/Fire      100%       2x1d9     0%          1
 Kiss of Death            Conj/Necr      100%       2d13      0%          1
 Magic Dart               Conj           100%       1d8       0%          1
 Necrotise                Necr           100%       1d9       0%          1
 Sandblast                Erth           100%       2d20      0%          1
 Shock                    Conj/Air       100%       1d9       0%          1
 Summon Small Mammal      Summ           100%       N/A       0%          1
 Call Imp                 Summ           100%       N/A       0%          2
 Momentum Strike          Conj/Tloc      100%       3d10      0%          2
 Scorch                   Fire           100%       2d9       0%          2
 Searing Ray              Conj           100%       2d8       0%          2
 Static Discharge         Conj/Air       100%       2-7/arc   0%          2
 Call Canine Familiar     Summ           100%       N/A       0%          3
 Dazzling Flash           Conj/Hex       100%       N/A       0%          3
 Hailstorm                Conj/Ice       100%       3d20      0%          3
 Stone Arrow              Conj/Erth      100%       3d13      0%          3
 Summon Guardian Golem    Hex/Summ       100%       N/A       0%          3
 Volatile Blastmotes      Fire/Tloc      100%       2d18      0%          3
 Animate Armour           Summ/Erth      100%       N/A       0%          4
 Flame Wave               Conj/Fire      100%       2d21      0%          4
 Petrify                  Tmut/Erth      100%       N/A       0%          4
 Sticky Flame             Conj/Fire      100%       2d11      0%          4
 Fireball                 Conj/Fire      77%        3d29      0%          5
 Iskenderun's Battlesphe  Conj           100%       2d15      0%          5
 Starburst                Conj/Fire      77%        6d20      0%          6
 Summon Cactus Giant      Summ           67%        N/A       0%          6
 Freeze                   Ice            100%       1d10      1%          1
 Slow                     Hex            100%       N/A       1%          1
 Sting                    Tmut/Pois      100%       1d8       1%          1
 Cigotuvi's Dreadful Rot  Necr/Pois/Air  100%       N/A       1%          2
 Ensorcelled Hibernation  Hex/Ice        100%       N/A       1%          2
 Lesser Beckoning         Tloc           100%       N/A       1%          2
 Poisonous Vapours        Pois/Air       100%       N/A       1%          2
 Confusing Touch          Hex            57%        N/A       1%          3
 Frozen Ramparts          Ice            100%       1d16      1%          3
 Gell's Gravitas          Tloc           73%        N/A       1%          3
 Ignite Poison            Fire/Tmut/Pois 89%        N/A       1%          3
 Inner Flame              Hex/Fire       100%       N/A       1%          3
 Mephitic Cloud           Conj/Pois/Air  100%       N/A       1%          3
 Ozocubu's Armour         Ice            57%        N/A       1%          3
 Portal Projectile        Hex/Tloc       100%       N/A       1%          3
 Swiftness                Air            57%        N/A       1%          3
 Teleport Other           Tloc           73%        N/A       1%          3
 Tukima's Dance           Hex            57%        N/A       1%          3
 Vampiric Draining        Necr           100%       2d13      1%          3
 Vhi's Electric Charge    Tloc/Air       100%       N/A       1%          3
 Anguish                  Hex/Necr       61%        N/A       1%          4
 Animate Dead             Necr           100%       N/A       1%          4
 Dispel Undead            Necr           100%       3d31      1%          4
 Fulminant Prism          Conj/Hex       63%        3d26      1%          4
 Iskenderun's Mystic Bla  Conj/Tloc      100%       2d19      1%          4
 Leda's Liquefaction      Hex/Erth       55%        N/A       1%          4
 Manifold Assault         Tloc           73%        N/A       1%          4
 Summon Ice Beast         Ice/Summ       100%       N/A       1%          4
 Summon Lightning Spire   Summ/Air       100%       N/A       1%          4
 Agony                    Necr           100%       N/A       1%          5
 Arcjolt                  Conj/Air       63%        1d73      1%          5
 Freezing Cloud           Conj/Ice/Air   56%        6-21      1%          5
 Irradiate                Conj/Tmut      63%        3d32      1%          5
 Summon Forest            Summ/Tloc      55%        N/A       1%          5
 Summon Mana Viper        Hex/Summ       100%       N/A       1%          5
 Conjure Ball Lightning   Conj/Air       63%        3x3d23    1%          6
 Plasma Beam              Fire/Air       50%        2x1d71    1%          6
 Haunt                    Necr/Summ      84%        N/A       1%          7
 Malign Gateway           Summ/Tloc      55%        N/A       1%          7
 Monstrous Menagerie      Summ           67%        N/A       1%          7
 Orb of Destruction       Conj           78%        9d18      1%          7
 Summon Hydra             Summ           67%        N/A       1%          7
 Airstrike                Air            28%        2d(5-21)  4%          4
 Cause Fear               Hex            28%        N/A       4%          4
 Olgreb's Toxic Radiance  Pois           57%        N/A       4%          4
 Fire Storm               Conj/Fire      77%        8d19      9%          9
 Alistair's Intoxication  Tmut/Pois      39%        N/A       11%         5
 Yara's Violent Unravell  Hex/Tmut       29%        3d12      11%         5
 Simulacrum               Ice/Necr       61%        N/A       11%         6
 Metabolic Englaciation   Hex/Ice        28%        N/A       13%         5
 Silence                  Hex/Air        28%        N/A       13%         5
 Dispersal                Tloc           36%        N/A       21%         6
 Eringya's Noxious Bog    Tmut/Pois      29%        N/A       52%         6
 Infestation              Necr           72%        N/A       58%         8
 Enfeeble                 Hex            28%        N/A       98%         7
 Ozocubu's Refrigeration  Ice            28%        4d13      98%         7
 Chain Lightning          Conj/Air       63%        3d84      99%         9
 Discord                  Hex            28%        N/A       100%        8
 Disjunction              Tloc           36%        N/A       100%        8
 Maxwell's Capacitive Co  Air            28%        ∞         100%        8
 Polar Vortex             Ice            28%        N/A       100%        9
 Spider Form              Tmut/Pois      Unusable   N/A       N/A         3
 Statue Form              Tmut/Erth      Unusable   N/A       N/A         6
 Ice Form                 Ice/Tmut       Unusable   N/A       N/A         4
 Blade Hands              Tmut           Unusable   N/A       N/A         5
 Storm Form               Tmut/Air       Unusable   N/A       N/A         7

Inventory:

Hand Weapons
 L - the +7 sceptre of Asmodeus
   (You took it off Asmodeus on level 7 of Gehenna)

   Wielding it grants the ability to summon fiery demons, with success rate
   depending on Evocations skill.
   Those summoned this way will remain friendly only for a limited time.
 P - the +8 lance "Wyrmbane" {slay drac, rPois rF+ rC+ AC+3}
   (You found it on level 16 of a ziggurat)

   AC:        It affects your AC (+3).
   rF:        It protects you from fire.
   rC:        It protects you from cold.
   rPois:     It protects you from poison.
Missiles
 m - 4 throwing nets
 u - 6 silver boomerangs
 A - 22 curare-tipped darts
 G - 33 javelins
 K - 14 silver javelins
Armour
 i - the +2 shield of Resistance (worn) {rF++ rC++ Will++}
   (You found it on level 5 of a ziggurat)

   rF:        It greatly protects you from fire.
   rC:        It greatly protects you from cold.
   Will:      It greatly increases your willpower.
 k - a +2 cloak of willpower
   (You took it off a draconian knight on level 1 of the Realm of Zot)
 w - a +2 helmet of intelligence (worn)
   (You bought it in a shop on level 2 of the Orcish Mines)
 y - a scarf of resistance (worn)
   (You found it on level 3 of the Dungeon)
 M - a +2 pair of boots (worn)
   (You found it on level 14 of the Dungeon)
 O - quicksilver dragon scales (worn)
   (You found it on level 2 of the Realm of Zot)
 S - a +2 pair of gloves of dexterity (worn)
   (You found it on level 3 of the Crypt)
Magical Staves
 a - the staff of conjuration "Deariama" (weapon) {rElec rN++ Int+3 Dex-2}
   (You found it in an ice cave)

   [staff of conjuration]

   Base accuracy: +5 Base damage: 5 Base attack delay: 1.2 This weapon's minimum
   attack delay (0.6) is reached at skill level 12.
   Int:       It affects your intelligence (+3).
   Dex:       It affects your dexterity (-2).
   rElec:     It insulates you from electricity.
   rN:        It greatly protects you from negative energy.
   It falls into the 'Staves' category.
   It is a one-handed weapon.
 b - the staff of death "Joupuscho" {rElec rN+ rCorr Dex+2 SInv}
   (You found it on level 15 of the Dungeon)

   [staff of death]

   Base accuracy: +5 Base damage: 5 Base attack delay: 1.2 This weapon's minimum
   attack delay (0.6) is reached at skill level 12.
   Dex:       It affects your dexterity (+2).
   rElec:     It insulates you from electricity.
   rN:        It protects you from negative energy.
   SInv:      It lets you see invisible.
   rCorr:     It protects you from acid and corrosion.
   It falls into the 'Staves' category.
   It is a one-handed weapon.
 h - the staff of earth "Derr" {+Blink rElec rPois rC+++}
   (You found it on level 5 of a ziggurat)

   [staff of earth]

   Base accuracy: +5 Base damage: 5 Base attack delay: 1.2 This weapon's minimum
   attack delay (0.6) is reached at skill level 12.
   rC:        It renders you almost immune to cold.
   rElec:     It insulates you from electricity.
   rPois:     It protects you from poison.
   +Blink:    It lets you blink.
   It falls into the 'Staves' category.
   It is a one-handed weapon.
 R - a staff of fire
   (You found it on level 4 of the Swamp)
Jewellery
 p - the ring "Yjaoz" (left hand) {*Corrode rF+ Int+3 Dex+5 Stlth+}
   (You found it in Pandemonium)

   [ring of protection from fire]

   Int:       It affects your intelligence (+3).
   Dex:       It affects your dexterity (+5).
   rF:        It protects you from fire.
   *Corrode:  It may corrode you when you take damage.
   Stlth:     It makes you more stealthy.
 v - the ring "Ajoiplud" {Fly Str+3 Dex+6}
   (You found it in Pandemonium)

   [ring of flight]

   Str:       It affects your strength (+3).
   Dex:       It affects your dexterity (+6).
   Fly:       It grants you flight.
 B - the ring "Qipp" {rPois rC- Will+ rCorr Int+8}
   (You found it on level 7 of Tartarus)

   [ring of willpower]

   Int:       It affects your intelligence (+8).
   rC:        It makes you vulnerable to cold.
   rPois:     It protects you from poison.
   rCorr:     It protects you from acid and corrosion.
   Will:      It increases your willpower.
 E - the ring of Ynulur {Fly rPois Int+4}
   (You took it off a balrug on level 7 of Gehenna)

   [ring of poison resistance]

   Int:       It affects your intelligence (+4).
   rPois:     It protects you from poison.
   Fly:       It grants you flight.
 I - the amulet of Munavago (around neck) {Reflect MP+9 SH+5}
   (You found it on level 5 of the Lair of Beasts)

   [amulet of reflection]

   It reflects blocked missile attacks.
   MP:        It affects your magic capacity (+9).
   SH:        It affects your SH (+5).
 U - the ring of the Mage {Wiz Archmagi}
   (You found it on level 17 of a ziggurat)

   [ring of wizardry]

   It improves your spell success rate.
   Archmagi:  It increases the power of your magical spells.
 X - the ring "Huagg" (right hand) {rPois Will- EV+5 Int+8 Slay-2}
   (You acquired it in Pandemonium)

   [ring of evasion]

   EV:        It affects your evasion (+5).
   Int:       It affects your intelligence (+8).
   Slay:      It affects your accuracy & damage with ranged weapons and melee
   (-2).
   rPois:     It protects you from poison.
   Will:      It decreases your willpower.
Wands
 d - a wand of mindburst (34)
   (You took it off a kobold brigand on level 6 of the Dungeon)
 n - a wand of roots (129)
   (You found it on level 4 of the Dungeon)
 r - a wand of quicksilver (38)
   (You took it off a hobgoblin on level 3 of the Dungeon)
 z - a wand of digging (19)
   (You found it on level 3 of the Snake Pit)
 C - a wand of paralysis (86)
   (You took it off Maurice on level 8 of the Dungeon)
Scrolls
 c - 27 scrolls of blinking
 g - 20 scrolls of vulnerability
 j - 40 scrolls of teleportation
 l - 19 scrolls of fog
 o - 26 scrolls of fear
 q - 10 scrolls of magic mapping
 s - 6 scrolls of summoning
 t - 7 scrolls of silence
 x - 15 scrolls of poison
 F - 7 scrolls of torment
Miscellaneous
 e - a condenser vane
   (You found it in Pandemonium)
 f - the horn of Geryon
   (You took it off Geryon in the Vestibule of Hell)
 D - a box of beasts
   (You found it on level 3 of the Elven Halls)
 H - a figurine of a ziggurat
 J - a tin of tremorstones (2/2)
   (You found it on level 3 of the Lair of Beasts)
 V - a phantom mirror
   (You found it on level 3 of the Elven Halls)
 W - a lightning rod (4/4)
   (You found it on level 3 of the Crypt)

Dungeon Overview and Level Annotations

Branches:
Dungeon (15/15)            Temple (1/1) D:7            Lair (5/5) D:9
  Swamp (4/4) Lair:3        Snake (4/4) Lair:2        Slime (5/5) Lair:4
    Orc (2/2) D:10            Elf (3/3) Orc:2        Vaults (5/5) D:13
  Crypt (3/3) Vaults:2       Tomb (3/3) Crypt:3      Depths (4/4) D:15
   Hell (visited)             Dis (7/7) Hell            Geh (7/7) Hell
    Coc (7/7) Hell            Tar (7/7) Hell            Zot (5/5) Depths:4
  IceCv (visited)          WizLab (visited)

Altars:
Ashenzari
Cheibriados
Dithmenos
Fedhas
Gozag
Hepliaklqana
Kikubaaqudgha
Makhleb
Nemelex Xobeh
Okawaru
Qazlal
Ru
Sif Muna
Trog
Uskayaw
Vehumet
Wu Jian
Xom
Yredelemnul
Jiyva
Lugonu

Shops:
D:3 (   D:12 *   Orc:2 [*[[   Elf:2 (   Elf:3 [   Swamp:1 *   Snake:4 ?:
Vaults:3 (   Vaults:5 ?   Depths:2 *   Depths:4 =:=

Portals:
Hell: Depths:1 Depths:2 Depths:3 Depths:4
Abyss: Depths:2 Depths:3 Depths:4
Pandemonium: Depths:1 Depths:2

Annotations:
Tar:7 exclusion: door

.....# ##~~!.....~~...#######÷...
.....# #.~P.~....~.~...#.#..+....
.....# #.~.....P..P....#.#.##...#
.....# ##~~~....(....P##.........
###### #P~~...PP...P~~.#.....#.##
#~.#............#.##....# ###
##~#P.~.P.~.....#.†.....# ..#
##P.P.P.9P..~~.#.##....## ..#
#...P..@PP~~..#.##......
..######################.####....
..'...........# #.......# #)...
..###########.# ##.###### #.)..
### #.# #.# #.... #.#####.# #....
#.#.....# #.... #.#.##### #....
#.#.# #....


You could see a friendly spellforged servitor (summoned).


Message History

Press: ? - help, Q - select action, (/) - cycle Shift-Dir - straight line, f - balrug
Aim: a balrug, wielding a +0 demon whip (ally target, 79% to hit)
You feel a surge of power!
The iron shot hits the balrug!!!
The balrug is almost dead.
You hear a roar!
A hellion comes into view.
A Brimstone Fiend comes into view.
Your spellforged servitor casts a spell at the balrug.
The crystal spear hits the balrug!!!
The balrug dies!
Sif Muna accepts your kill.
Unknown command.
A balrug comes into view. It is wielding a +0 demon whip.
Casting: Iron Shot (safe; 0% risk of failure)
Confirm with . or Enter, or press ? or * to list all spells.
Aiming: Lehudib's Crystal Spear (mildly dangerous; 1% risk of failure)
Press: ? - help, Shift-Dir - straight line, f - Brimstone Fiend
Aim: a Brimstone Fiend (93% to hit)
You feel a surge of power!
The crystal spear hits the Brimstone Fiend!!!!
The Brimstone Fiend is almost dead.
The balrug gestures at you.
The bolt of fire hits the hellion!!
The bolt of fire hits the Brimstone Fiend.
The Brimstone Fiend completely resists.
The bolt of fire hits you. You resist.
Casting: Lehudib's Crystal Spear (mildly dangerous; 1% risk of failure)
Confirm with . or Enter, or press ? or * to list all spells.
Aiming: Lehudib's Crystal Spear (mildly dangerous; 1% risk of failure)
Press: ? - help, Shift-Dir - straight line, f/p - Brimstone Fiend
Aim: a Brimstone Fiend (almost dead, not watching you, ally target, 93% to hit)
You feel a surge of power!
The crystal spear hits the Brimstone Fiend!!!
You kill the Brimstone Fiend!
Sif Muna accepts your kill.
Casting: Lehudib's Crystal Spear (mildly dangerous; 1% risk of failure)
Confirm with . or Enter, or press ? or * to list all spells.
Aiming: Borgnjor's Vile Clutch (safe; 0% risk of failure)
Press: ? - help, Shift-Dir - straight line, f - hellion
Aim: a hellion (severely wounded, not watching you, 100% to hit)
You feel a strong surge of power!
Zombie hands grab the searing wretch.
Zombie hands grab the hellion.
The zombie hands constrict the searing wretch!
The zombie hands constrict the hellion!
You kill the hellion!
Sif Muna accepts your kill.
A salamander tyrant comes into view.
The searing wretch struggles to escape constriction.
A searing wretch comes into view.
Your spellforged servitor gestures at the searing wretch while chanting.
The crystal spear hits the searing wretch!!!!
Unknown command.
Unknown command.
The zombie hands constrict the searing wretch!
The salamander tyrant rends the earth beneath you!
The blast of magma engulfs you. You partially resist.
The blast of magma engulfs your spellforged servitor!!
Your spellforged servitor partially resists.
The searing wretch struggles to escape constriction.
Unknown command.
The zombie hands constrict the searing wretch!!
The searing wretch struggles to escape constriction.
Unknown command.
Aiming: Iron Shot (safe; 0% risk of failure)
Press: ? - help, Q - select action, (/) - cycle Shift-Dir - straight line, f - balrug
Aim: a balrug, wielding a +0 demon whip (79% to hit)
You feel a surge of power!
The iron shot hits the balrug!!!
The balrug is severely wounded.
The zombie hands constrict the searing wretch!!
The salamander tyrant calls gouts of flame from the lava!
The flame surge hits you but does no damage.
The searing wretch struggles to escape constriction.
You hear a shout!
You hit the balrug!
You blast the balrug!
You kill the balrug!
Sif Muna accepts your kill.
The zombie hands constrict the searing wretch!
You destroy the searing wretch!
Sif Muna accepts your kill.
The salamander tyrant calls gouts of flame from the lava!
The flame surge hits you. You resist.
Your spellforged servitor casts a spell at the salamander tyrant.
The crystal spear hits the salamander tyrant!!!!
The salamander tyrant dies!
Sif Muna accepts your kill.
A balrug comes into view. It is wielding a +0 demon whip.
You see here a +0 demon whip.
Unknown command.
Aiming: Iron Shot (safe; 0% risk of failure)
Press: ? - help, Q - select action, (/) - cycle Shift-Dir - straight line, f - searing wretch
Aim: a searing wretch (87% to hit)
You feel a surge of power!
The iron shot hits the searing wretch!!!
The searing wretch is moderately damaged.
Your spellforged servitor points at the searing wretch and mumbles some strange words.
The crystal spear hits the searing wretch!!!
Aiming: Iron Shot (safe; 0% risk of failure)
Press: ? - help, Q - select action, (/) - cycle Shift-Dir - straight line, f/p - searing wretch
Aim: a searing wretch (almost destroyed, not watching you, ally target, 87% to hit)
You feel a surge of power!
The iron shot hits the searing wretch!!!
You destroy the searing wretch!
Sif Muna accepts your kill.
Your spellforged servitor gestures at the balrug while chanting.
The crystal spear hits the balrug!!!
Aiming: Iron Shot (safe; 0% risk of failure)
Press: ? - help, Q - select action, (/) - cycle Shift-Dir - straight line, f - balrug
Aim: a balrug, wielding a +0 demon whip (severely wounded, not watching you, ally target, 79% to hit)
You feel a surge of power!
The iron shot hits the balrug!!!
You kill the balrug!
Sif Muna accepts your kill.
Your spellforged servitor disappears in a puff of smoke!
You start resting.
HP restored.
You start resting.
Magic restored.
Casting: Iron Shot (safe; 0% risk of failure)
Confirm with . or Enter, or press ? or * to list all spells.
You feel a surge of power!
You summon a servant imbued with your destructive magic!
You see here a +0 demon whip.
A balrug comes into view.
It is wielding a +0 demon whip of venom and wearing the ring of Ynulur {Fly rPois Int+4}.
Things that are here:
a +0 demon whip; 110 gold pieces The balrug gestures at you.
The bolt of fire misses you.
There is an open gate here.
You block the balrug's attack.
Your spellforged servitor points at the balrug and mumbles some strange words.
The crystal spear hits the balrug!!!!
There is an open gate here.
You hit the balrug but do no damage.
You blast the balrug!
You kill the balrug!
Sif Muna accepts your kill.
A Brimstone Fiend comes into view.
Aiming: Iron Shot (safe; 0% risk of failure)
Press: ? - help, Q - select action, (/) - cycle Shift-Dir - straight line, f - Brimstone Fiend
Aim: a Brimstone Fiend (ally target, 92% to hit)
You feel a surge of power!
The iron shot hits the Brimstone Fiend!!!!
The Brimstone Fiend is severely wounded.
Aiming: Iron Shot (safe; 0% risk of failure)
Press: ? - help, Q - select action, (/) - cycle Shift-Dir - straight line, f/p - Brimstone Fiend
Aim: a Brimstone Fiend (severely wounded, ally target, 92% to hit)
You feel a surge of power!
The iron shot misses the Brimstone Fiend.
Your spellforged servitor points at the Brimstone Fiend and mumbles some strange words.
The crystal spear hits the Brimstone Fiend!
The Brimstone Fiend gestures at your spellforged servitor.
The sphere of damnation explodes!
The damnation engulfs your spellforged servitor!!
The damnation engulfs you!!
Your corrosive artefact corrodes you!
Unknown command.
Aiming: Iron Shot (safe; 0% risk of failure)
Press: ? - help, Q - select action, (/) - cycle Shift-Dir - straight line, f/p - Brimstone Fiend
Aim: a Brimstone Fiend (severely wounded, not watching you, ally target, 92% to hit)
You feel a surge of power!
The iron shot hits the Brimstone Fiend!!!!
You kill the Brimstone Fiend!
Sif Muna accepts your kill.
You start resting.
Your spellforged servitor disappears in a puff of smoke!
You are no longer corroded.
You start resting.
HP restored.
Casting: Iron Shot (safe; 0% risk of failure)
Confirm with . or Enter, or press ? or * to list all spells.
You feel a surge of power!
You summon a servant imbued with your destructive magic!
There is an open gate here.
E - the ring of Ynulur {Fly rPois Int+4} You now have 24808 gold pieces (gained 248).
You see here a +0 demon whip of venom.
There is an open door here.
Found a tin of tremorstones (2/2).
There is an open door here.
You swap places.
Your spellforged servitor disappears in a puff of smoke!
There is an open door here.
There is an open door here.
Casting: Spellforged Servitor (safe; 1% risk of failure)
Confirm with . or Enter, or press ? or * to list all spells.
You feel a surge of power!
You summon a servant imbued with your destructive magic!
Found 102 gold pieces.
Found 18 gold pieces.
There is an open door here.
You now have 24826 gold pieces (gained 18).
You now have 24843 gold pieces (gained 17).
You now have 24862 gold pieces (gained 19).
You now have 24891 gold pieces (gained 29).
You now have 24923 gold pieces (gained 32).
You now have 24928 gold pieces (gained 5).
There is an open door here.
Found 30 gold pieces.
A Brimstone Fiend comes into view.
You block the Brimstone Fiend's attack.
The Brimstone Fiend hits you but does no damage.
You block the Brimstone Fiend's attack.
There is an open door here.
The Brimstone Fiend attacks as you move away!
You block the Brimstone Fiend's attack.
The Brimstone Fiend completely misses you.
You block the Brimstone Fiend's attack.
Your spellforged servitor gestures at the Brimstone Fiend while chanting.
The crystal spear hits the Brimstone Fiend!!!
Casting: Spellforged Servitor (safe; 1% risk of failure)
Confirm with . or Enter, or press ? or * to list all spells.
Aiming: Lehudib's Crystal Spear (mildly dangerous; 1% risk of failure)
Press: ? - help, Shift-Dir - straight line, f - Brimstone Fiend
Aim: a Brimstone Fiend (heavily wounded, ally target, 93% to hit)
You feel a surge of power!
The crystal spear hits the Brimstone Fiend!!!!
You kill the Brimstone Fiend!
Sif Muna accepts your kill.
You start resting.
Your spellforged servitor disappears in a puff of smoke!
Magic restored.
Casting: Lehudib's Crystal Spear (mildly dangerous; 1% risk of failure)
Confirm with . or Enter, or press ? or * to list all spells.
You feel a surge of power!
You summon a servant imbued with your destructive magic!
You swap places.
You now have 24958 gold pieces (gained 30).
There is an open door here.
Found a box of beasts and an embroidered cloak.
There is an open door here.
You see here a box of beasts.
You see here a +1 cloak of willpower.
You swap places.
There is an open door here.
Your spellforged servitor disappears in a puff of smoke!
There is an open door here.
There is an open gate here.
Casting: Spellforged Servitor (safe; 1% risk of failure)
Confirm with . or Enter, or press ? or * to list all spells.
You feel a surge of power!
You summon a servant imbued with your destructive magic!
A balrug comes into view. It is wielding a +1 heavy scimitar.
The balrug shouts!
The balrug gestures at you.
The fireball explodes!
The fireball engulfs you. You resist.
Something shouts, "Turn tail, thou warped full-gorged roll of bandages!"
You hear a roar!
You hear a hideous shriek!
The balrug gestures at you. The bolt of fire misses you.
The balrug gestures at you. Something smites you!
Your spellforged servitor gestures at the balrug while chanting.
The crystal spear hits the balrug!!!
The balrug gestures at your spellforged servitor.
The sticky flame hits your spellforged servitor.
Your spellforged servitor resists.
Your spellforged servitor is covered in liquid flames!
A hellion comes into view.
Your spellforged servitor gestures at the balrug while chanting.
The crystal spear hits the balrug!!
The balrug dies!
Sif Muna accepts your kill.
Your spellforged servitor burns!
Your spellforged servitor burns!
Your spellforged servitor points at the hellion and mumbles some strange words.
The crystal spear hits the hellion!!!
The hellion dies!
Sif Muna accepts your kill.
You start resting.
Your spellforged servitor burns! x3
Magic restored.
Your spellforged servitor burns!
Your spellforged servitor burns!
Your spellforged servitor burns!
You now have 25260 gold pieces (gained 302).
Things that are here:
a +1 heavy scimitar; a ring of willpower Your spellforged servitor stops burning.
There is an open gate here.
You swap places.
There is an open gate here.
Your spellforged servitor disappears in a puff of smoke!
Casting: Spellforged Servitor (safe; 1% risk of failure)
Confirm with . or Enter, or press ? or * to list all spells.
You feel a surge of power!
You summon a servant imbued with your destructive magic!
A Brimstone Fiend comes into view.
The Brimstone Fiend roars!
Aiming: Iron Shot (safe; 0% risk of failure)
Press: ? - help, Q - select action, (/) - cycle Shift-Dir - straight line, f - you
Okay, then.
Your spellforged servitor gestures at the Brimstone Fiend while chanting.
The crystal spear hits the Brimstone Fiend!!!!
Aiming: Iron Shot (safe; 0% risk of failure)
Press: ? - help, Q - select action, (/) - cycle Shift-Dir - straight line, f - Brimstone Fiend
Aim: a Brimstone Fiend (severely wounded, not watching you, ally target, 92% to hit)
You feel a surge of power!
The iron shot hits the Brimstone Fiend!!!
You kill the Brimstone Fiend!
Sif Muna accepts your kill.
Something shouts, "Run away, thou gorbellied milk-livered efter!"
You start resting.
Asmodeus, Prince of Gehenna comes into view.
He is wielding the +7 sceptre of Asmodeus and wearing the +5 fire dragon scales "Gehoch" {rF++ rC- Str+6 Dex-5}.
Press: ? - help, v - describe, . - travel
Here: Asmodeus, wielding the +7 sceptre of Asmodeus and wearing the +5 fire dragon scales "Gehoch" {rF++ rC- Str+6 Dex-5} (wandering, surrounded by flames, hasn't noticed you) Ashen ground.
Casting: Iron Shot (safe; 0% risk of failure)
Confirm with . or Enter, or press ? or * to list all spells.
You call out to the draconic realm, and the dragon horde roars back!
Unknown command.
Your spellforged servitor points at Asmodeus and mumbles some strange words.
The crystal spear hits Asmodeus!!!
Casting: Dragon's Call (dangerous; 2% risk of failure)
Confirm with . or Enter, or press ? or * to list all spells.
Aiming: Borgnjor's Vile Clutch (safe; 0% risk of failure)
Press: ? - help, Shift-Dir - straight line, f - Asmodeus
Aim: Asmodeus, wielding the +7 sceptre of Asmodeus and wearing the +5 fire dragon scales "Gehoch" {rF++ rC- Str+6 Dex-5} (lightly wounded, surrounded by flames, ally target, 100% to hit)
You feel a strong surge of power!
Your spellforged servitor is unaffected.
Zombie hands grab Asmodeus.
A dragon arrives to answer your call! x2
The zombie hands constrict Asmodeus, but do no damage.
Asmodeus struggles to escape constriction.
Your storm dragon is engulfed in blazing flames.
Your storm dragon bites Asmodeus but does no damage.
Your storm dragon claws Asmodeus but does no damage.
Your storm dragon tramples Asmodeus but does no damage.
Your shadow dragon is engulfed in blazing flames.
Your shadow dragon bites Asmodeus but does no damage.
Your shadow dragon claws Asmodeus but does no damage. x2
Unknown command.
The zombie hands constrict Asmodeus.
Asmodeus gestures at you.
The sphere of damnation explodes!
The damnation engulfs your spellforged servitor!!!
The damnation engulfs you!!!
Your storm dragon is engulfed in blazing flames.
Your storm dragon bites Asmodeus but does no damage.
Your storm dragon claws Asmodeus but does no damage.
Your storm dragon tramples Asmodeus but does no damage.
Your shadow dragon is engulfed in blazing flames.
Your shadow dragon bites Asmodeus but does no damage.
Your shadow dragon claws Asmodeus but does no damage.
Your shadow dragon claws Asmodeus.
The zombie hands constrict Asmodeus!
Your storm dragon is engulfed in blazing flames.
Your storm dragon bites Asmodeus but does no damage.
Your storm dragon claws Asmodeus.
Your storm dragon tramples Asmodeus but does no damage.
Asmodeus struggles to escape constriction.
Your shadow dragon is engulfed in blazing flames.
Your shadow dragon bites Asmodeus but does no damage.
Your shadow dragon claws Asmodeus but does no damage. x2
The zombie hands constrict Asmodeus!
Your storm dragon bites Asmodeus but does no damage.
Your storm dragon claws Asmodeus but does no damage.
Your storm dragon tramples Asmodeus but does no damage.
Asmodeus gestures.
Your spellforged servitor gestures at Asmodeus while chanting.
The crystal spear hits Asmodeus!!
Your golden dragon is engulfed in blazing flames.
Your golden dragon bites Asmodeus but does no damage.
Your golden dragon claws Asmodeus but does no damage.
Your golden dragon tramples Asmodeus but does no damage.
Your shadow dragon bites Asmodeus but does no damage.
Your shadow dragon claws Asmodeus but does no damage. x2
Casting: Borgnjor's Vile Clutch (safe; 0% risk of failure)
Confirm with . or Enter, or press ? or * to list all spells.
Aiming: Borgnjor's Vile Clutch (safe; 0% risk of failure)
Press: ? - help, Shift-Dir - straight line, p - Asmodeus
Okay, then.
Unknown command.
A dragon arrives to answer your call!
The zombie hands constrict Asmodeus, but do no damage.
Your storm dragon is engulfed in blazing flames.
Your storm dragon bites Asmodeus.
Your storm dragon claws Asmodeus but does no damage.
Your storm dragon tramples Asmodeus!
Asmodeus is held in place!
Asmodeus hits your golden dragon with the +7 sceptre of Asmodeus!!!
The hellion gestures at you.
The sphere of damnation explodes!
The damnation engulfs you!!
The damnation engulfs the hellion.
The hellion completely resists.
The damnation engulfs your spellforged servitor!!
Your golden dragon is engulfed in blazing flames.
Your golden dragon bites Asmodeus but does no damage.
Your golden dragon claws Asmodeus but does no damage.
Your golden dragon tramples Asmodeus but does no damage.
Your storm dragon is engulfed in blazing flames.
Your storm dragon bites Asmodeus but does no damage.
Your storm dragon claws Asmodeus but does no damage.
Your storm dragon tramples Asmodeus.
Asmodeus is held in place!
Your golden dragon is engulfed in blazing flames.
Your golden dragon bites Asmodeus but does no damage.
Your golden dragon claws Asmodeus but does no damage.
Your golden dragon tramples Asmodeus but does no damage.
Your shadow dragon bites Asmodeus.
Your shadow dragon claws Asmodeus but does no damage.
Your shadow dragon claws Asmodeus.
Aiming: Iron Shot (safe; 0% risk of failure)
Press: ? - help, Q - select action, (/) - cycle Shift-Dir - straight line, f - hellion, p - Asmodeus
Aim: a hellion (summoned, ally target, 83% to hit)
You feel a surge of power!
The iron shot hits the hellion!!
The hellion is almost dead.
The zombie hands constrict Asmodeus!!!
Asmodeus hits your golden dragon with the +7 sceptre of Asmodeus!!!
You block the hellion's attack.
Your storm dragon is engulfed in blazing flames.
Your storm dragon bites Asmodeus!
Your storm dragon claws Asmodeus but does no damage.
Your storm dragon tramples Asmodeus!
Asmodeus is held in place!
Your golden dragon is engulfed in blazing flames.
Your golden dragon breathes poison at Asmodeus.
The blast of poison engulfs Asmodeus but does no damage.
Your golden dragon is engulfed in blazing flames.
Your golden dragon bites Asmodeus!!
Your golden dragon claws Asmodeus but does no damage.
Your golden dragon tramples Asmodeus but does no damage.
Your shadow dragon is engulfed in blazing flames.
Your shadow dragon bites Asmodeus but does no damage.
Your shadow dragon claws Asmodeus.
Your shadow dragon claws Asmodeus but does no damage.
Unknown command.
Unknown command.
Press: ? - help, v - describe, . - travel Ashen ground.
A dragon arrives to answer your call!
The zombie hands constrict Asmodeus!
Your spellforged servitor points at the hellion and mumbles some strange words.
The crystal spear hits the hellion!!!
The hellion dies!
The hellion disappears in a puff of smoke!
Asmodeus hits your shadow dragon with the +7 sceptre of Asmodeus!!
Your storm dragon is engulfed in blazing flames.
Your storm dragon bites Asmodeus!
Your storm dragon claws Asmodeus.
Your storm dragon tramples Asmodeus but does no damage.
Your shadow dragon is engulfed in blazing flames.
Your shadow dragon bites Asmodeus but does no damage.
Your shadow dragon claws Asmodeus but does no damage. x2
Your golden dragon bites Asmodeus but does no damage.
Your golden dragon claws Asmodeus but does no damage.
Your golden dragon tramples Asmodeus but does no damage.
Your golden dragon bites Asmodeus but does no damage.
Your golden dragon claws Asmodeus but does no damage.
Your golden dragon tramples Asmodeus but does no damage.
Unknown command.
The zombie hands constrict Asmodeus!
Your storm dragon is engulfed in blazing flames.
Your storm dragon bites Asmodeus but does no damage.
Your storm dragon claws Asmodeus but does no damage.
Your storm dragon tramples Asmodeus!
Asmodeus is held in place!
Asmodeus gestures at your storm dragon.
The bolt of fire hits your storm dragon!!
Your golden dragon bites Asmodeus!!
Your golden dragon claws Asmodeus but does no damage.
Your golden dragon tramples Asmodeus but does no damage.
Your golden dragon is engulfed in blazing flames.
Your golden dragon bites Asmodeus!
Your golden dragon claws Asmodeus but does no damage.
Your golden dragon tramples Asmodeus but does no damage.
Unknown command.
Unknown command.
The zombie hands constrict Asmodeus!!
Your storm dragon is engulfed in blazing flames.
Your storm dragon bites Asmodeus but does no damage.
Your storm dragon claws Asmodeus but does no damage.
Your storm dragon tramples Asmodeus but does no damage.
Asmodeus gestures.
Your golden dragon is engulfed in blazing flames.
Your golden dragon bites Asmodeus but does no damage.
Your golden dragon claws Asmodeus.
Your golden dragon tramples Asmodeus but does no damage.
Your golden dragon is engulfed in blazing flames.
Your golden dragon bites Asmodeus but does no damage.
Your golden dragon claws Asmodeus but does no damage.
Your golden dragon tramples Asmodeus.
Asmodeus is held in place!
Unknown command.
Unknown command.
The zombie hands constrict Asmodeus!!
Your storm dragon completely misses Asmodeus.
Your storm dragon claws Asmodeus but does no damage.
Your storm dragon tramples Asmodeus but does no damage.
Asmodeus hits your storm dragon with the +7 sceptre of Asmodeus!
The balrug hits your golden dragon with a +1 demon whip of venom!!
Your golden dragon is engulfed in flames!
Your golden dragon resists.
Something hits your storm dragon.
Your storm dragon dies!
Your storm dragon's corpse disappears in a puff of smoke!
Your golden dragon is engulfed in blazing flames.
Your golden dragon bites Asmodeus.
Your golden dragon claws Asmodeus but does no damage.
Your golden dragon tramples Asmodeus but does no damage.
Your golden dragon is engulfed in blazing flames.
Your golden dragon bites Asmodeus!!
Your golden dragon claws Asmodeus!
Your golden dragon tramples Asmodeus but does no damage.
The Brimstone Fiend calls on the powers of darkness!
Your golden dragon convulses! x3; Your shadow dragon convulses!
You feel a surge of unholy energy.
Your golden dragon is engulfed in blazing flames.
Your golden dragon bites the balrug.
Your golden dragon claws the balrug!
Your golden dragon tramples the balrug but does no damage.
You hear a shout!
Unknown command.
Unknown command.
Unknown command.
The zombie hands constrict Asmodeus!
Your spellforged servitor disappears in a puff of smoke!
Asmodeus barely misses your golden dragon.
The balrug gestures at you.
The bolt of fire hits Asmodeus.
Asmodeus completely resists.
The bolt of fire hits your golden dragon!
Your golden dragon resists.
Your golden dragon dies!
Your golden dragon's corpse disappears in a puff of smoke!
The bolt of fire misses you.
Your golden dragon breathes cold at the balrug.
The bolt of cold hits the balrug!!!
The balrug is frozen!
You hear a sizzling sound!
Your golden dragon bites Asmodeus!
Your golden dragon claws Asmodeus but does no damage.
Your golden dragon tramples Asmodeus but does no damage.
Unknown command.
Unknown command.
Aiming: Iron Shot (safe; 0% risk of failure)
Press: ? - help, Q - select action, (/) - cycle Shift-Dir - straight line, f - Asmodeus
Aim: Asmodeus, wielding the +7 sceptre of Asmodeus and wearing the +5 fire dragon scales "Gehoch" {rF++ rC- Str+6 Dex-5} (poison gas, almost dead, surrounded by flames, not watching you, constricted by zombie hands, ally target, 100% to hit)
You feel a surge of power!
The iron shot hits Asmodeus!!!
You kill Asmodeus!
Sif Muna accepts your kill.
The balrug disappears in a puff of smoke!
The balrug disappears in a puff of smoke!
Your golden dragon is engulfed in blazing flames.
Unknown command.
Unknown command.
You start resting.
Your shadow dragon disappears in a puff of smoke!
Your golden dragon disappears in a puff of smoke! x2
Your quicksilver dragon disappears in a puff of smoke!
The roar of the dragon horde subsides.
You start resting.
You can once more reach out to the dragon horde.
You start resting.
HP restored.
You now have 25348 gold pieces (gained 88).
Things that are here:
the +7 sceptre of Asmodeus; the +5 fire dragon scales "Gehoch" {rF++ rC- Str+6 Dex-5}
L - the +7 sceptre of Asmodeus
Okay, then.
You start resting.
Magic restored.
Found seven items.
Found an obsidian rune of Zot.
There is an open gate here.
You see here a +0 quick blade of freezing.
You see here a tin of tremorstones (2/2).
You see here a +3 leather armour of fire resistance.
You see here a +0 demon whip of flaming.
You see here a +2 plate armour of fire resistance.
You see here a +1 pair of boots of rampaging.
You pick up the obsidian rune and feel its power.
You have collected all the runes!
Now go and win!
Press } to see all the runes you have collected.
You see here a +3 halberd of freezing.
There is an open gate here.
(D) Dungeon (T) Temple (L) Lair (S) Swamp (P) Snake Pit (M) Slime Pits (O) Orcish Mines (E) Elven Halls (V) Vaults (C) Crypt (W) Tomb (U) Depths (H) Hell (I) Dis (G) Gehenna (X) Cocytus (Y) Tartarus (Z) Zot
Where to? (Enter - Geh:7 @ (x,y), ? - help)
What level of the Realm of Zot? (default 1, ? - help) Sorry, I don't know how to get there.
There is an open gate here.
You see here the +5 fire dragon scales "Gehoch" {rF++ rC- Str+6 Dex-5}.
There is an open gate here.
You now have 25685 gold pieces (gained 337).
You see here a +0 demon whip.
There is a huge open gate here.
There is a gateway leading out of Gehenna here.
You go up through the gate.
Welcome back to the Vestibule of Hell!
There is a gateway to the ashen valley of Gehenna here.
(D) Dungeon (T) Temple (L) Lair (S) Swamp (P) Snake Pit (M) Slime Pits (O) Orcish Mines (E) Elven Halls (V) Vaults (C) Crypt (W) Tomb (U) Depths (H) Hell (I) Dis (G) Gehenna (X) Cocytus (Y) Tartarus (Z) Zot
Where to? (Enter - Geh:7 @ (x,y), ? - help)
What level of the Realm of Zot? (default 1, ? - help)
There is an open door here.
There is an open door here.
There is an open gate here.
You see here a +0 mace.
There is a gateway back to the Dungeon here.
Things that are here:
a +0 plate armour; a +1 broad axe Thank you for visiting Hell.
Please come again soon.
You go up through the gate.
Welcome back to the Depths!
There is a gateway to Hell here.
You see here 2 scrolls of identify.
There is an open door here.
You see here a +1 battleaxe of freezing.
There is an open door here.
Things that are here:
a +0 scimitar; a +0 dire flail; a +0 dire flail
There is a large open door here.
There is a huge open gate, spattered with blood here.
You see here a +0 halberd.
There is a huge open gate, spattered with blood here.
There is a large open door here.
There is a gate to the Realm of Zot here.
You go down through the gate.
Welcome back to the Realm of Zot!
There is a gate leading back out of this place here.
There is a stone staircase leading down here.
You climb downwards.
There is a stone staircase leading up here.
There is an open door here.
There is an open door here.
There is an open door here.
You see here a +0 glaive.
There is a stone staircase leading down here.
You climb downwards.
There is a stone staircase leading up here.
There is a stone staircase leading down here.
You climb downwards.
There is a stone staircase leading up here.
There is an open door here.
There is a stone staircase leading up here.
There is an open door here.
There is an open door here.
There is a stone staircase leading down here.
You climb downwards.
Level annotation: 1 exclusion
There is a stone staircase leading up here.
You see here a +0 morningstar.
You see here a scroll of identify.
There is a fountain of clear blue water here.
Save game and exit?
Level annotation: 1 exclusion Welcome back, scionoferis the Mummy Earth Elementalist.
Sif Muna whispers: I know many secrets...
Press ? for a list of commands and other information.
You see here a +10 club.
Press: ? - help, v - describe, . - travel, g - get item Item here: the Orb of Zot.
The floor.
Removed exclusion.
You see here the Orb of Zot.
You pick up the Orb of Zot!
The Orb lets out a hideous shriek!
The lords of Pandemonium are not amused.
Beware!
Now all you have to do is get back out of the dungeon!
Really walk into that permanent teleport trap?
You enter a permanent teleport trap!
Your surroundings suddenly seem different.
Really walk into that permanent teleport trap?
You enter a permanent teleport trap!
Your surroundings suddenly seem different.
Really walk into that permanent teleport trap?
You enter a permanent teleport trap!
Your surroundings suddenly seem different.
There is a stone staircase leading up here.
You climb upwards.
There is a stone staircase leading down here.
(D) Dungeon (T) Temple (L) Lair (S) Swamp (P) Snake Pit (M) Slime Pits (O) Orcish Mines (E) Elven Halls (V) Vaults (C) Crypt (W) Tomb (U) Depths (H) Hell (I) Dis (G) Gehenna (X) Cocytus (Y) Tartarus (Z) Zot
Where to? (Enter - Zot:5 @ (x,y), ? - help)
What level of the Dungeon? (default 15, ? - help)
There is a stone staircase leading down here.
There is an open door here.
There is an open door here.
A hellephant comes into view.
The hellephant blinks!
There is an open door here.
The hellephant blinks!
There is a stone staircase leading up here.
You climb upwards.
There is a stone staircase leading down here.
(D) Dungeon (T) Temple (L) Lair (S) Swamp (P) Snake Pit (M) Slime Pits (O) Orcish Mines (E) Elven Halls (V) Vaults (C) Crypt (W) Tomb (U) Depths (H) Hell (I) Dis (G) Gehenna (X) Cocytus (Y) Tartarus (Z) Zot
Where to? (Enter - D:1 @ (x,y), ? - help)
What level of the Dungeon? (default 15, ? - help)
A demonspawn corrupter comes into view. It is wielding a +0 glaive.
The demonspawn corrupter moves out of view.
There is a stone staircase leading up here.
You climb upwards.
There is a stone staircase leading down here.
(D) Dungeon (T) Temple (L) Lair (S) Swamp (P) Snake Pit (M) Slime Pits (O) Orcish Mines (E) Elven Halls (V) Vaults (C) Crypt (W) Tomb (U) Depths (H) Hell (I) Dis (G) Gehenna (X) Cocytus (Y) Tartarus (Z) Zot
Where to? (Enter - D:1 @ (x,y), ? - help)
What level of the Dungeon? (default 15, ? - help)
You see here a +0 glaive.
There is an open door here.
There is an open door here.
There is an open door here.
There is a stone staircase leading up here.
You climb upwards.
There is a stone staircase leading down here.
There is a gate leading back out of this place here.
You go up through the gate.
Welcome back to the Depths!
There is a gate to the Realm of Zot here.
There is a large open door here.
There is a huge open gate, spattered with blood here.
There is a huge open gate, spattered with blood here.
You see here a +0 halberd.
There is a large open door here.
You see here a +0 battleaxe.
Things that are here:
a +0 scimitar; a +0 dire flail; a +0 dire flail
There is an open door here.
There is an open door here.
There is a stone staircase leading up here.
You climb upwards.
There is a stone staircase leading down here.
There is a stone staircase leading up here.
You climb upwards.
There is a stone staircase leading down here.
An orange demon comes into view.
There is an open door here.
You block the orange demon's attack. You block the orange demon's attack.
You block the orange demon's attack. You block the orange demon's attack.
There is a stone staircase leading up here.
The orange demon barely misses you.
You climb upwards.
There is a stone staircase leading down here.
(D) Dungeon (T) Temple (L) Lair (S) Swamp (P) Snake Pit (M) Slime Pits (O) Orcish Mines (E) Elven Halls (V) Vaults (C) Crypt (W) Tomb (U) Depths (H) Hell (I) Dis (G) Gehenna (X) Cocytus (Y) Tartarus (Z) Zot
Where to? (Enter - D:1 @ (x,y), ? - help)
What level of the Dungeon? (default 15, ? - help)
There is an open door here.
There is a staircase back to the Dungeon here.
You climb upwards.
Welcome back to the Dungeon!
There is a staircase to the Depths here.
There is an open door here.
You see here 2 large rocks.
There is an open door, spattered with blood here.
You see here a +0 longbow.
Things that are here:
a +2 robe; a +0 heavy quarterstaff
There is an open door here.
A shadow demon comes into view.
Aiming: Iron Shot (safe; 0% risk of failure)
Press: ? - help, Q - select action, (/) - cycle Shift-Dir - straight line, f - shadow demon
Aim: a shadow demon (79% to hit)
You feel a surge of power!
The iron shot hits the shadow demon!!!
You kill the shadow demon!
Sif Muna accepts your kill.
(D) Dungeon (T) Temple (L) Lair (S) Swamp (P) Snake Pit (M) Slime Pits (O) Orcish Mines (E) Elven Halls (V) Vaults (C) Crypt (W) Tomb (U) Depths (H) Hell (I) Dis (G) Gehenna (X) Cocytus (Y) Tartarus (Z) Zot
Where to? (Enter - D:1 @ (x,y), ? - help) Magic restored.
There is an open door here.
There is an open door here.
There is an open door here.
There is a stone staircase leading up here.
You climb upwards.
There is a stone staircase leading down here. 2 hellwings and a smoke demon come into view.
The hellwing gives a chilling moan.
The hellwing attacks as you move away! You block the hellwing's attack.
The hellwing completely misses you.
The hellwing swoops through the air toward you!
The hellwing completely misses you. You block the hellwing's attack.
You block the hellwing's attack. x2
You block the hellwing's attack. x2
The smoke demon gestures at you. The sticky flame misses you.
The smoke demon gestures at you. Something smites you!
The hellwing attacks as you move away! You block the hellwing's attack.
The hellwing completely misses you.
A hellwing comes into view.
The hellwing attacks as you move away! The hellwing completely misses you.
You block the hellwing's attack.
A hellwing comes into view.
The hellwing gives a chilling moan.
You block the hellwing's attack. The hellwing misses you.
The hellwing hits you. You block the hellwing's attack. x3
There is a stone staircase leading up here.
Casting: Iron Shot (safe; 0% risk of failure)
Confirm with . or Enter, or press ? or * to list all spells.
Okay, then.
Unknown command.
Aiming: Iron Shot (safe; 0% risk of failure)
Press: ? - help, Q - select action, (/) - cycle Shift-Dir - straight line, f - hellwing
Aim: a hellwing (83% to hit)
You feel a surge of power!
The iron shot hits the hellwing!!!
You kill the hellwing!
Sif Muna accepts your kill.
You block the hellwing's attack. x3; The hellwing hits you.
Aiming: Iron Shot (safe; 0% risk of failure)
Press: ? - help, Q - select action, (/) - cycle Shift-Dir - straight line, f - hellwing
Aim: a hellwing (83% to hit)
You feel a surge of power!
The iron shot misses the hellwing.
The hellwing completely misses you. x2; You block the hellwing's attack.
The hellwing barely misses you.
Aiming: Iron Shot (safe; 0% risk of failure)
Press: ? - help, Q - select action, (/) - cycle Shift-Dir - straight line, f/p - hellwing
Aim: a hellwing (83% to hit)
You feel a surge of power!
The iron shot hits the hellwing!!!
You kill the hellwing!
Sif Muna accepts your kill. You block the hellwing's attack.
The hellwing completely misses you.
Aiming: Iron Shot (safe; 0% risk of failure)
Press: ? - help, Q - select action, (/) - cycle Shift-Dir - straight line, f - smoke demon
Aim: a smoke demon (85% to hit)
You feel a surge of power!
The iron shot hits the smoke demon!!!!
You kill the smoke demon!
Sif Muna accepts your kill. You block the hellwing's attack. x2
Aiming: Iron Shot (safe; 0% risk of failure)
Press: ? - help, Q - select action, (/) - cycle Shift-Dir - straight line, f - hellwing
Aim: a hellwing (83% to hit)
You feel a surge of power!
The iron shot hits the hellwing!!!!
You kill the hellwing!
Sif Muna accepts your kill.
Aiming: Iron Shot (safe; 0% risk of failure)
Press: ? - help, Q - select action, (/) - cycle Shift-Dir - straight line, f - hellwing
Aim: a hellwing (83% to hit)
You feel a surge of power!
The iron shot hits the hellwing!!!
You kill the hellwing!
Sif Muna accepts your kill.
Okay, then.
You climb upwards.
There is a stone staircase leading down here.
(D) Dungeon (T) Temple (L) Lair (S) Swamp (P) Snake Pit (M) Slime Pits (O) Orcish Mines (E) Elven Halls (V) Vaults (C) Crypt (W) Tomb (U) Depths (H) Hell (I) Dis (G) Gehenna (X) Cocytus (Y) Tartarus (Z) Zot
Where to? (Enter - D:1 @ (x,y), ? - help)
What level of the Dungeon? (default 1, ? - help)
There is a stone staircase leading up here.
You climb upwards.
Magic restored.
There is a stone staircase leading down here.
You feel less invigorated.
You see here a +2 morningstar of flaming.
HP restored.
There is a stone staircase leading up here.
You climb upwards.
There is a stone staircase leading down here.
There is an open door here.
There is a stone staircase leading up here.
You climb upwards.
There is a stone staircase leading down here.
There is a stone staircase leading up here.
You climb upwards.
There is a stone staircase leading down here.
An ice devil comes into view.
Unknown command.
Aiming: Iron Shot (safe; 0% risk of failure)
Press: ? - help, Q - select action, (/) - cycle Shift-Dir - straight line, f - ice devil
Aim: an ice devil (83% to hit)
You feel a surge of power!
The iron shot hits the ice devil!!!
You kill the ice devil!
Sif Muna accepts your kill.
(D) Dungeon (T) Temple (L) Lair (S) Swamp (P) Snake Pit (M) Slime Pits (O) Orcish Mines (E) Elven Halls (V) Vaults (C) Crypt (W) Tomb (U) Depths (H) Hell (I) Dis (G) Gehenna (X) Cocytus (Y) Tartarus (Z) Zot
Where to? (Enter - D:1 @ (x,y), ? - help) Magic restored.
There is a stone staircase leading up here.
You climb upwards.
There is a stone staircase leading down here.
There is a stone staircase leading up here.
You climb upwards.
There is a stone staircase leading down here.
There is a stone staircase leading up here.
You climb upwards.
There is a stone staircase leading down here.
There is a stone staircase leading up here.
You climb upwards.
There is a stone staircase leading down here.
There is a stone staircase leading up here.
You climb upwards.
There is a stone staircase leading down here.
There is a stone staircase leading up here.
You climb upwards.
There is a stone staircase leading down here.
There is a stone staircase leading up here.
You climb upwards.
There is a stone staircase leading down here.
There is a stone staircase leading up here.
There is a stone staircase leading up here.
You climb upwards.
There is a stone staircase leading down here.
An Orb Guardian comes into view.
The Orb Guardian moves out of view.
Casting: Iron Shot (safe; 0% risk of failure)
Confirm with . or Enter, or press ? or * to list all spells.
Aiming: Lehudib's Crystal Spear (mildly dangerous; 1% risk of failure)
Press: ? - help, Shift-Dir - straight line, f - Orb Guardian
Aim: an Orb Guardian (80% to hit)
You feel a surge of power!
The crystal spear misses the Orb Guardian.
The Orb Guardian hits you!
Unknown command.
Casting: Lehudib's Crystal Spear (mildly dangerous; 1% risk of failure)
Confirm with . or Enter, or press ? or * to list all spells.
Aiming: Lehudib's Crystal Spear (mildly dangerous; 1% risk of failure)
Press: ? - help, Shift-Dir - straight line, f/p - Orb Guardian
Aim: an Orb Guardian (80% to hit)
You feel a surge of power!
The crystal spear hits the Orb Guardian!!!!
You kill the Orb Guardian!
Sif Muna accepts your kill.
(D) Dungeon (T) Temple (L) Lair (S) Swamp (P) Snake Pit (M) Slime Pits (O) Orcish Mines (E) Elven Halls (V) Vaults (C) Crypt (W) Tomb (U) Depths (H) Hell (I) Dis (G) Gehenna (X) Cocytus (Y) Tartarus (Z) Zot
Where to? (Enter - D:1 @ (x,y), ? - help) HP restored.
A balrug and 3 sun demons come into view.
The sun demon shouts! x3
Press: ? - help, v - describe, . - travel
Here: a sun demon The floor.
Aiming: Iron Shot (safe; 0% risk of failure)
Press: ? - help, Q - select action, (/) - cycle Shift-Dir - straight line, f - balrug
Aim: a balrug, wielding a +0 demon whip (79% to hit)
Okay, then.
Unknown command.
Casting: Iron Shot (safe; 0% risk of failure)
Confirm with . or Enter, or press ? or * to list all spells.
You feel a surge of power!
You summon a servant imbued with your destructive magic!
The balrug gestures at you. Something smites you!
You block the sun demon's attack.
Unknown command.
Aiming: Iron Shot (safe; 0% risk of failure)
Press: ? - help, Q - select action, (/) - cycle Shift-Dir - straight line, f - balrug
Aim: a balrug, wielding a +0 demon whip (ally target, 79% to hit)
You feel a surge of power!
The iron shot hits the balrug!!!
The balrug is severely wounded.
The balrug gestures at you.
The fireball explodes!
The fireball engulfs you. You resist.
The fireball engulfs the sun demon.
The sun demon completely resists.
The fireball engulfs the plant!!
The plant begins to die.
You block the sun demon's attack.
Your spellforged servitor casts a spell at the balrug.
The crystal spear misses the balrug.
Unknown command.
Aiming: Iron Shot (safe; 0% risk of failure)
Press: ? - help, Q - select action, (/) - cycle Shift-Dir - straight line, f/p - balrug
Aim: a balrug, wielding a +0 demon whip (severely wounded, ally target, 79% to hit)
You feel a surge of power!
The iron shot hits the balrug!!!
You kill the balrug!
Sif Muna accepts your kill.
The sun demon hits your spellforged servitor!
Your spellforged servitor is engulfed in flames.
Your spellforged servitor resists.
You block the sun demon's attack.
Your spellforged servitor points at the sun demon and mumbles some strange words.
The crystal spear hits the sun demon!!!
The sun demon dies!
Sif Muna accepts your kill. The sun demon attacks as you move away!
You block the sun demon's attack.
The sun demon hits your spellforged servitor but does no damage.
The sun demon hits your spellforged servitor!
Your spellforged servitor is engulfed in flames.
Your spellforged servitor resists.
You block the sun demon's attack.
A nearby plant withers and dies.
The sun demon hits your spellforged servitor!
Your spellforged servitor is engulfed in flames.
Your spellforged servitor resists.
The sun demon hits your spellforged servitor!
Your spellforged servitor is engulfed in flames.
Your spellforged servitor resists.
The sun demon barely misses your spellforged servitor.
The sun demon hits your spellforged servitor!
Your spellforged servitor is engulfed in flames.
Your spellforged servitor resists.
Your spellforged servitor casts a spell at the sun demon.
The crystal spear hits the sun demon!!!!
The sun demon dies!
Sif Muna accepts your kill.
Your spellforged servitor gestures at the sun demon while chanting.
The crystal spear hits the sun demon!!!
Aiming: Iron Shot (safe; 0% risk of failure)
Press: ? - help, Q - select action, (/) - cycle Shift-Dir - straight line, f - sun demon
Aim: a sun demon (severely wounded, not watching you, ally target, 79% to hit)
You feel a surge of power!
The iron shot hits the sun demon!!!!
You kill the sun demon!
Sif Muna accepts your kill.
You see here 5 large rocks.
There is a staircase leading out of the dungeon here.
You have escaped!

Skill      XL: |  1  2  3  4  5  6  7  8  9 10 11 12 13 14 15 16 17 18 19 20 21 22 23 24 25 26 27 |
---------------+----------------------------------------------------------------------------------+-----
Spellcasting   | 3 4 5 6 7 8 9 10 11 12 13 14 15 16 17 18 20 27 | 27.0
Earth Magic    | 3 4 5 6 7 8 10 11 12 13 14 15 27 | 27.0
Conjurations   | 1 2 3 4 5 6 7 8 9 10 11 12 13 15 22 | 22.0
Fighting       | 2 4 5 7 8 9 10 11 13 15 26 | 26.0
Stealth        | 2 4 5 6 8 10 13 | 13.8
Invocations    | 1 3 4 5 6 7 8 9 10 11 13 14 15 22 | 22.0
Translocations | 2 3 |  3.0
Evocations     | 3 4 6 7 8 9 11 12 24 | 24.0
Dodging        | 2 3 4 5 6 7 8 10 20 | 20.7
Fire Magic     | 3 5 7 8 9 10 11 12 13 14 15 17 19 20 | 20.0
Staves         | 3 4 7 10 12 | 12.0
Shields        | 3 5 6 8 10 20 | 20.0
Necromancy     | 4 6 9 |  9.0
Armour         | 2 5 8 20 | 20.8
Summonings     | 7 24 | 24.0
Transmutations | |  0.7

Action                     |  1- 3 |  4- 6 |  7- 9 | 10-12 | 13-15 | 16-18 | 19-21 | 22-24 | 25-27 || total
---------------------------+-------+-------+-------+-------+-------+-------+-------+-------+-------++-------
  Melee: Dagger            |    21 |     8 |     1 |       |       |       |       |       |       ||    30
         Short sword       |       |     3 |       |       |       |       |       |       |       ||     3
         Staff             |       |       |       |    37 |    37 |     2 |    70 |    47 |  5352 ||  5545
         Punch             |       |       |       |     2 |     1 |       |       |       |       ||     3
   Fire: Shortbow          |       |    37 |     8 |    28 |    18 |       |       |       |       ||    91
  Throw: Dart              |       |       |       |    13 |    15 |       |       |       |     5 ||    33
   Cast: Sandblast         |    42 |    83 |    26 |    14 |       |       |       |       |       ||   165
         Stone Arrow       |       |     1 |    71 |   391 |   573 |   254 |    20 |       |       ||  1310
         Blink             |       |       |       |     3 |    13 |     7 |     2 |     3 |     5 ||    33
         Flame Wave        |       |       |       |     3 |    24 |     2 |     6 |    12 |       ||    47
         Fireball          |       |       |       |       |   171 |   440 |   270 |   124 |    11 ||  1016
         Lee's Rapid Decon |       |       |       |       |    60 |    13 |    11 |    16 |     9 ||   109
         Iron Shot         |       |       |       |       |       |   115 |   562 |   805 |  2341 ||  3823
         Borgnjor's Vile C |       |       |       |       |       |     9 |    40 |    64 |   271 ||   384
         Animate Dead      |       |       |       |       |       |       |       |     4 |     4 ||     8
         Ignition          |       |       |       |       |       |       |       |    16 |   476 ||   492
         Spellforged Servi |       |       |       |       |       |       |       |       |  1146 ||  1146
         Lehudib's Crystal |       |       |       |       |       |       |       |       |   197 ||   197
         Shatter           |       |       |       |       |       |       |       |       |    62 ||    62
         Summon Horrible T |       |       |       |       |       |       |       |       |    30 ||    30
         Death Channel     |       |       |       |       |       |       |       |       |    21 ||    21
         Dragon's Call     |       |       |       |       |       |       |       |       |    21 ||    21
         Apportation       |       |       |       |       |       |       |       |       |    17 ||    17
         Enfeeble          |       |       |       |       |       |       |       |       |     1 ||     1
 Invoke: Channel Magic     |       |       |       |     2 |     6 |     3 |     2 |     1 |    62 ||    76
         Divine Exegesis   |       |       |       |       |       |       |       |       |     2 ||     2
  Evoke: Wand              |       |       |     4 |     2 |     2 |     8 |     5 |     2 |    13 ||    36
         Lightning rod     |       |       |       |       |       |       |       |       |    13 ||    13
         Horn of Geryon    |       |       |       |       |       |       |       |       |     2 ||     2
         Phantom mirror    |       |       |       |       |       |       |       |       |     1 ||     1
    Use: Scroll            |       |       |     7 |    10 |     4 |     6 |     5 |    11 |    49 ||    92
   Stab: Sleeping          |       |       |     1 |       |       |       |       |       |       ||     1
         Paralysed         |       |       |       |       |       |       |     6 |       |     1 ||     7
         Distracted        |       |       |       |       |       |       |       |       |   114 ||   114
 Armour: Robe              |     6 |    10 |     8 |    17 |       |       |       |       |     8 ||    49
         Steam dragon scal |       |       |       |    52 |    81 |    62 |    63 |    84 |   739 ||  1081
         Troll leather arm |       |       |       |       |       |       |       |       |   479 ||   479
         Quicksilver drago |       |       |       |       |       |       |       |       |   692 ||   692
  Dodge: Dodged            |    21 |    15 |    20 |   128 |   220 |   119 |   115 |   186 |  3472 ||  4296
  Block: Other             |       |       |       |     4 |    89 |       |       |       |       ||    93
         Reflection        |       |       |       |       |     8 |    14 |    30 |    10 |   131 ||   193
         Buckler           |       |       |       |       |     3 |    78 |   142 |   151 |  2151 ||  2525
         Kite shield       |       |       |       |       |       |       |       |       |  2289 ||  2289

Levels and vault maps discovered:
D:1:      lemuel_arrival_muddy, layout_basic
D:2:      layout_basic
D:3:      minmay_spotlight, layout_basic, doesnt_xom_only_xom, serial_shops,
          nicolae_shop_stone, uniq_jessica, uniq_robin
D:4:      layout_cave_pools, serial_glass, glass_columns_a, glass_columns_a,
          glass_columns_c, glass_columns_a, glass_columns_b, glass_columns_a,
          glass_columns_b, glass_columns_b, glass_columns_c, glass_columns_c
D:5:      layout_basic, nicolae_ru_path_of_blood,
          amcnicky_mini_rare_corridor_liquid
D:6:      layout_loops_ring, gammafunk_ghost_split, uniq_crazy_yiuf_cottage
D:7:      layout_basic, mainiacjoe_overflow_alcove_1, kennysheep_orc_sif_temple,
          minmay_temple_entry_hall, guppyfry_early_elven_hall
D:8:      layout_basic, kennysheep_kite_vault, uniq_maurice
D:9:      kennysheep_housing_project, layout_small_grid, lair_entry_dummy,
          minivault_21, uniq_erolcha
D:10:     layout_rooms, tso_metal_star, lemuel_doored_altar, kennysheep_mini,
          minmay_misc_feat_nine_boxes
D:11:     layout_roguey, blue_anna_alchemist
D:12:     layout_irregular_city, hangedman_abyss_or_decor_stabs,
          minmay_shop_mayhem, uniq_kirke
D:13:     lemuel_ice_statue, layout_stronghold,
          hangedman_vaults_entry_quadrant_bands
D:14:     layout_stronghold, serial_bayou, serial_bayou_pond_d,
          serial_bayou_pond_e, serial_bayou_lagoon_a, serial_bayou_pond_c,
          minmay_misc_feat_chi
D:15:     grunt_enter_depths_snipers, layout_stronghold,
          gammafunk_ghost_stat_death, minmay_crystal_water, uniq_jorgrun,
          uniq_rupert, uniq_josephine
Temple:   nicolae_temple_superstar
Lair:1:   layout_chaotic_city
Lair:2:   dreamdust_labyrinth, layout_cave_shapes, guppyfry_snake_entry_island,
          nzn_masters_of_martial_movement
Lair:3:   layout_long_grid, nicolae_swamp_entry_spooky,
          gammafunk_ghost_hydra_chop, grunt_megastairs_4, lemuel_fruit_fields
Lair:4:   layout_regular_city, slime_entry_1, nicolae_lair_lakeside_cave
Lair:5:   wormcave, layout_regular_city, guppyfry_lair_end_dragon,
          chequers_serial_rivers_micro_d, chequers_serial_rivers_small_3,
          grunt_megastairs_2, uniq_urug
Swamp:1:  cheibrodos_swamp_monstrosity, layout_falls_marsh,
          evilmike_swamp_ruin_rubble_1, swamp_pool2, nicolae_island_escapes,
          infiniplex_staircase_pool
Swamp:2:  layout_basic_swamp, evilmike_swamp_ruin_house_3, swamp_pool3
Swamp:3:  layout_falls_marsh, lemuel_altar_in_water, swamp_pool3
Swamp:4:  swamp_fiery, layout_basic_swamp, uniq_nikola, uniq_roxanne
Snake:1:  layout_cave_shapes, serial_bayou_shore_b, nicolae_integral_box
Snake:2:  layout_rooms, portal_ice_cave_entry_pillars_1
Snake:3:  layout_onion
Snake:4:  snake_pit_salamanders_mu, layout_onion_interference, serial_shops,
          nicolae_shop_hallway_stairs, nicolae_shop_i_like_big_books,
          nicolae_snake_yet_another_twisty_hallway
Slime:1:  nicolae_slime_jelly_donut, layout_caves
Slime:2:  layout_caves
Slime:3:  layout_caves, special_room [special_room_jelly],
          nicolae_slime_round_cave
Slime:4:  layout_caves, cheibrodos_slime_lost_civilization_6
Slime:5
Orc:1:    layout_caves
Orc:2:    st_orc_elflike, layout_caves, basic_altar,
          chequers_guarded_unrand_ignorance
Elf:1:    eino_elf_arrival_shootout, layout_gridlike, minmay_elf_sorcery,
          door_vault, lemuel_upstairs_altar
Elf:2:    nicolae_elf_blades_crystal_corner, layout_onion_city, basic_altar,
          serial_shops, nicolae_shop_bloodbath_and_beyond, grunt_ministairs_5,
          hangedman_elf_simple_split, uniq_louise, uniq_agnes
Elf:3:    minmay_elf_hall, layout_gridlike, serial_shops, shop, basic_altar
Vaults:1: v_misc_29, v_alt_pattern_2, ontoclasm_vaults_gallery,
          hangedman_vaults_river_flow, nicolae_vaults_three_branches,
          nicolae_vaults_network_periphery, nicolae_vaults_rhombus_6,
          nicolae_vaults_specimen_jars, hangedman_vaults_stretched_pinwheel,
          ontoclasm_vaults_spin, ontoclasm_vaults_ring_square,
          vaults_dpeg_emergency_exit, ontoclasm_vaults_tryst,
          layout_vaults_big_cross
Vaults:2: ebering_ghost_rock_garden, blue_anna_dwarven_crypt,
          nicolae_vaults_network_star, nicolae_vaults_network_quincunx
          [nicolae_vaults_network_quincunx_subvault,
          nicolae_vaults_network_quincunx_subvault,
          nicolae_vaults_network_quincunx_subvault,
          nicolae_vaults_network_quincunx_subvault,
          nicolae_vaults_network_quincunx_subvault], v_misc_10,
          vaults_room_guarded_vault, grunt_vaults_focal, vaults_room_pool,
          v_pattern_4, grunt_vaults_hallway_short, hangedman_vaults_impose,
          v_misc_28, vaults_standard_mumra_enter_the_diamond, layout_vaults_maze
Vaults:3: v_pattern_3, vaults_mumra_hex, vaults_room_fancy_cross,
          grunt_vaults_funnel, vaults_room_pool, v_misc_19, v_alt_pattern_4,
          vaults_room_stairs_pillars, layout_vaults_omnigrid, serial_shops,
          shop_statue, enter_trove_0
Vaults:4: mu_enter_wizlab_1, hangedman_vaults_nails, vaults_room_fours,
          hangedman_vaults_capsules, ontoclasm_vaults_shuriken,
          vaults_standard_mumra_x, v_alt_pattern_1, vaults_room_corners,
          st_hourglassy, layout_vaults_big_room
Vaults:5: serial_shops
Crypt:1:  layout_chaotic_city, lemuel_hellish_altar, grunt_crypt_arrival_webbed
Crypt:2:  layout_catacombs, minmay_misc_feat_alley
Crypt:3:  due_elkab, layout_chaotic_city, nicolae_tomb_entry_rubble_hallway,
          st_stairs_9
Tomb:1
Tomb:2:   uniq_khufu
Tomb:3
Depths:1: layout_gridville, dreamdust_wishing_well, grunt_pan_entry_in_and_out,
          lightli_too_deep, kennysheep_small_circle
Depths:2: hangedman_screamer, layout_gridlike, abyss_entry,
          minmay_misc_feat_doors, serial_shops, kennysheep_mini_moat,
          hell_entry, rand_demon_pan_entry_5, uniq_grunn
Depths:3: nicolae_herringbone, layout_small_grid, abyss_entry_flame_altar,
          hangedman_decor_riveting, pf_hell_entry_tar_spiral
Depths:4: grunt_bruiser_brothers, layout_gridlike, enter_ziggurat_b,
          nicolae_dithmenos_the_darkroom, hell_entry,
          abyss_entry_small_statue_room, minmay_misc_feat_x,
          serial_bayou_shore_b, minmay_shop_grove, serial_bayou_shore_a,
          serial_bayou_shore_b
Hell
Dis:1:    layout_overlapping_boxes
Dis:2:    layout_subdivisions
Dis:3:    layout_overlapping_boxes
Dis:4:    layout_regular_city, nicolae_dis_grated_feature
Dis:5:    layout_subdivisions, nicolae_dis_emergency_hatch
Dis:6:    layout_gridville
Dis:7:    iron_city_of_dis [dis_mu, dis_wall_8], layout_gridville
Geh:1:    layout_gehenna_pools_triple
Geh:2:    layout_gehenna_pools_triple
Geh:3:    layout_gehenna_pools_basic
Geh:4:    layout_gehenna_pools_box
Geh:5:    layout_gehenna_pools_triple, hangedman_hellfire_club
Geh:6:    layout_gehenna_pools_box
Geh:7:    geh_grunt_pentagon
Coc:1:    layout_cocytus_water_paths
Coc:2:    layout_ice_bergs
Coc:3:    layout_ice_bergs
Coc:4:    layout_cocytus_water_paths
Coc:5:    layout_cocytus_delve, nicolae_coc_melting_block
Coc:6:    layout_ice_bergs
Coc:7:    coc_mu
Tar:1:    layout_grid_maze
Tar:2:    layout_honeycomb, nicolae_hells_fiendish_ambush
Tar:3:    layout_cathedral_of_symmetry
Tar:4:    layout_honeycomb, nicolae_tar_combstack
Tar:5:    layout_honeycomb
Tar:6:    layout_cathedral_of_symmetry
Tar:7:    tar_mu [tar_mu_maze]
Zot:1:    layout_gridlike, lemuel_baited_zot_trap, grunt_ministairs_9
Zot:2:    layout_gridlike, amethyst_zot_foddershock, uniq_parghit
Zot:3:    layout_twisted_circle, grunt_ministairs_7, nicolae_lava_and_water,
          grunt_megastairs_5
Zot:4:    lemuel_draconian_sentries_small, layout_gridlike
Zot:5:    layout_cathedral_of_symmetry, grunt_ministairs_8

Notes
Turn   | Place    | Note
-------+----------+-------------------------------------------
     0 | D:1      | scionoferis the Mummy Earth Elementalist began the quest
                  | for the Orb.
     0 | D:1      | Reached XP level 1. HP: 13/13 MP: 4/4
   188 | D:1      | Reached skill level 3 in Spellcasting
   188 | D:1      | Reached XP level 2. HP: 19/19 MP: 3/6
   512 | D:1      | Reached skill level 3 in Earth Magic
   987 | D:2      | Gained mutation: You are in touch with the powers of death.
                  | [Mummy growth]
   987 | D:2      | Reached XP level 3. HP: 20/24 MP: 3/7
  1284 | D:2      | Reached XP level 4. HP: 30/30 MP: 7/9
  1305 | D:2      | Learned a level 3 spell: Stone Arrow
  1729 | D:3      | Noticed Jessica
  1733 | D:3      | Killed Jessica
  1796 | D:3      | Found a blossoming altar of Fedhas.
  1819 | D:3      | Found a shimmering altar of Xom.
  1821 | D:3      | Found a hazy altar of Hepliaklqana.
  1821 | D:3      | Found a hazy altar of Hepliaklqana.
  1860 | D:3      | Found Viuwk's Weapon Shoppe.
  1868 | D:3      | Bought a +0 shortbow of draining for 74 gold pieces
  1929 | D:3      | Reached skill level 4 in Spellcasting
  1930 | D:3      | Noticed Robin
  1963 | D:3      | Reached skill level 1 in Conjurations
  2091 | D:3      | Killed Robin
  2092 | D:3      | Reached skill level 4 in Earth Magic
  2092 | D:3      | Reached XP level 5. HP: 18/35 MP: 0/11
  2245 | D:3      | Identified a scarf of resistance
  2542 | D:4      | Noticed a phantom
  2667 | D:4      | Identified the +2 robe of the Crypt {Str+4}
  2957 | D:4      | Identified the +0 helmet "Tesoyt" {Will+ Regen+ Dex-3}
  3130 | D:5      | Entered Level 5 of the Dungeon
  3134 | D:5      | Reached skill level 2 in Conjurations
  3134 | D:5      | Reached XP level 6. HP: 41/41 MP: 9/12
  3520 | D:5      | Noticed a water moccasin
  3528 | D:5      | Killed a water moccasin
  3529 | D:5      | Reached skill level 5 in Spellcasting
  3529 | D:5      | Reached skill level 3 in Conjurations
  3529 | D:5      | Reached skill level 5 in Earth Magic
  3529 | D:5      | Reached XP level 7. HP: 13/46 MP: 5/14
  4098 | D:5      | Found a sacrificial altar of Ru.
  4345 | D:6      | Reached skill level 4 in Conjurations
  4509 | D:6      | Reached skill level 6 in Spellcasting
  4509 | D:6      | Reached XP level 8. HP: 45/52 MP: 1/17
  4710 | D:6      | Found a runed translucent gate.
  4711 | D:6      | Found a runed translucent gate.
  4712 | D:6      | Found a runed translucent gate.
  4717 | D:6      | Noticed Iniera's ghost (novice KoCj)
  4997 | D:6      | Found a runed translucent door.
  4998 | D:6      | Noticed Crazy Yiuf
  5003 | D:6      | Killed Crazy Yiuf
  5476 | D:7      | Found a staircase to the Ecumenical Temple.
  5482 | Temple   | Entered the Ecumenical Temple
  5696 | D:7      | Reached skill level 5 in Conjurations
  5739 | D:7      | Found a shimmering blue altar of Sif Muna.
  5744 | D:7      | Reached skill level 6 in Earth Magic
  5825 | D:7      | Became a worshipper of Sif Muna the Loreminder
  5954 | D:7      | Reached skill level 1 in Fighting
  5954 | D:7      | Reached skill level 2 in Stealth
  6119 | D:7      | Noticed a deep elf zephyrmancer
  6126 | D:7      | Killed a deep elf zephyrmancer
  6127 | D:7      | Reached skill level 2 in Fighting
  6127 | D:7      | Reached skill level 1 in Invocations
  6583 | D:8      | Reached skill level 7 in Spellcasting
  6602 | D:8      | Reached XP level 9. HP: 62/62 MP: 9/19
  6703 | D:8      | Reached skill level 3 in Stealth
  6703 | D:8      | Reached skill level 2 in Invocations
  7057 | D:8      | Reached skill level 3 in Fighting
  7100 | D:8      | Learned a level 2 spell: Blink
  7144 | D:8      | Noticed Maurice
  7151 | D:8      | Killed Maurice
  7340 | D:8      | Reached skill level 1 in Translocations
  7343 | D:8      | Reached skill level 3 in Invocations
  7344 | D:8      | Reached skill level 4 in Stealth
  7381 | D:8      | Reached skill level 4 in Fighting
  7496 | D:8      | Reached * piety under Sif Muna
  7520 | D:8      | Noticed a two-headed ogre
  7523 | D:8      | Reached skill level 2 in Translocations
  7549 | D:8      | Killed a two-headed ogre
  7550 | D:8      | Reached XP level 10. HP: 73/73 MP: 5/21
  8111 | D:8      | Reached skill level 4 in Invocations
  8247 | D:8      | Got the Grimoire of the Pestilent Pyromaniac
  8814 | D:8      | Reached skill level 1 in Evocations
  9000 | D:9      | Found a staircase to the Lair.
  9010 | D:9      | Reached skill level 3 in Translocations
  9014 | D:9      | Reached skill level 5 in Fighting
  9196 | D:9      | Reached skill level 5 in Stealth
  9325 | D:9      | Noticed Erolcha
  9334 | D:9      | Killed Erolcha
  9335 | D:9      | Reached skill level 2 in Dodging
  9335 | D:9      | Reached skill level 8 in Spellcasting
  9335 | D:9      | Reached skill level 6 in Conjurations
  9335 | D:9      | Reached skill level 2 in Evocations
  9355 | D:9      | Reached ** piety under Sif Muna
 10113 | D:9      | Reached skill level 7 in Earth Magic
 10141 | D:9      | Reached skill level 3 in Evocations
 10725 | D:9      | Learned a level 4 spell: Flame Wave
 11003 | D:6      | Killed Iniera's ghost
 11004 | D:6      | Reached XP level 11. HP: 73/79 MP: 5/23
 11306 | D:10     | Entered Level 10 of the Dungeon
 11354 | D:10     | Reached *** piety under Sif Muna
 11394 | D:10     | Found a shadowy altar of Dithmenos.
 11503 | D:10     | Found a staircase to the Orcish Mines.
 11516 | D:10     | Reached skill level 1 in Fire Magic
 11516 | D:10     | Reached skill level 5 in Invocations
 11787 | D:10     | Reached skill level 1 in Staves
 11947 | D:10     | Found an iron altar of Okawaru.
 12270 | D:11     | Noticed a brown ugly thing
 12274 | D:11     | Killed a brown ugly thing
 12353 | D:10     | Reached skill level 2 in Fire Magic
 12671 | D:10     | Reached skill level 3 in Dodging
 12885 | D:11     | Reached skill level 4 in Evocations
 13014 | D:11     | Reached skill level 2 in Staves
 13084 | D:11     | Noticed a soul eater
 13085 | D:11     | Reached skill level 9 in Spellcasting
 13180 | D:11     | Noticed a two-headed ogre
 13190 | D:11     | Killed a two-headed ogre
 13714 | D:11     | Noticed a two-headed ogre
 13723 | D:11     | Reached skill level 3 in Fire Magic
 13834 | D:11     | Killed a two-headed ogre
 13835 | D:11     | Reached skill level 3 in Staves
 14138 | D:12     | Noticed a boulder beetle
 14252 | D:12     | Killed a boulder beetle
 14466 | D:12     | Noticed Kirke
 14479 | D:12     | Killed Kirke
 14480 | D:12     | Reached XP level 12. HP: 73/86 MP: 2/25
 14605 | D:12     | Found Tiuf's Mayhem Merchandise.
 14739 | D:12     | Reached skill level 5 in Evocations
 15196 | D:11     | Reached skill level 7 in Conjurations
 15196 | D:11     | Reached skill level 4 in Fire Magic
 15381 | D:12     | Identified a scroll of acquirement
 15574 | D:12     | Noticed a two-headed ogre
 15583 | D:12     | Killed a two-headed ogre
 15584 | D:12     | Reached skill level 4 in Staves
 15584 | D:12     | Reached skill level 6 in Invocations
 15654 | D:12     | Reached **** piety under Sif Muna
 15655 | D:12     | Reached skill level 4 in Dodging
 16978 | D:12     | Reached skill level 10 in Spellcasting
 17163 | D:12     | Reached skill level 6 in Evocations
 17473 | Lair:1   | Entered Level 1 of the Lair of Beasts
 17531 | Lair:1   | Reached skill level 5 in Fire Magic
 18193 | Lair:1   | You fall into a shaft and drop 1 floor!
 18197 | Lair:2   | Found a runed translucent door.
 18210 | Lair:2   | Found a hide-covered altar of Uskayaw.
 18210 | Lair:2   | Found an ornate altar of the Wu Jian Council.
 18210 | Lair:2   | Noticed a boulder beetle
 19355 | Lair:2   | Gained mutation: You are strongly in touch with the powers
                  | of death. [Mummy growth]
 19355 | Lair:2   | Reached XP level 13. HP: 91/91 MP: 14/27
 19941 | Lair:2   | Found a staircase to the Snake Pit.
 20024 | Lair:2   | Reached skill level 5 in Dodging
 20317 | Lair:2   | Reached skill level 7 in Invocations
 20491 | Lair:2   | Reached skill level 6 in Fire Magic
 20491 | Lair:2   | Reached ***** piety under Sif Muna
 21171 | D:12     | Bought a book of Fire for 360 gold pieces
 21178 | D:12     | Learned a level 5 spell: Fireball
 21803 | Lair:3   | Received a gift from Sif Muna
 21805 | Lair:3   | Reached skill level 7 in Evocations
 21966 | Lair:3   | Reached skill level 8 in Conjurations
 21967 | Lair:3   | Got Sif Muna's Incunabulum of Relocation and Outbursts {god
                  | gift}
 22449 | Lair:3   | Found a runed translucent gate.
 22449 | Lair:3   | Found a runed translucent gate.
 22449 | Lair:3   | Found a runed translucent gate.
 22452 | Lair:3   | Noticed Tollund's ghost (journeyman MiMo)
 22507 | Lair:3   | Found a staircase to the Swamp.
 22543 | Lair:3   | Reached skill level 11 in Spellcasting
 23530 | Lair:3   | Upgraded the game from 0.30-a0-948-g4fa250aae5 to
                  | 0.30-a0-949-g53dc5368d7
 24012 | Lair:4   | Found a staircase to the Slime Pits.
 24013 | Lair:4   | Found a viscous altar of Jiyva.
 24675 | Lair:4   | Reached skill level 7 in Fire Magic
 24825 | Lair:4   | Noticed a dire elephant
 24969 | Lair:4   | Killed a dire elephant
 25189 | Lair:4   | Reached XP level 14. HP: 99/99 MP: 4/29
 25194 | Lair:4   | Reached skill level 6 in Fighting
 25909 | Lair:4   | Reached skill level 9 in Conjurations
 26012 | Lair:4   | Received a gift from Sif Muna
 26013 | Lair:4   | Got Risaq's Folio of Violent Gusts {god gift}
 26202 | Lair:5   | Entered Level 5 of the Lair of Beasts
 26458 | Lair:5   | Reached skill level 6 in Dodging
 26594 | Lair:4   | Reached skill level 8 in Invocations
 27359 | Lair:5   | Noticed Urug
 27604 | Lair:5   | Killed Urug
 28329 | Lair:5   | Identified the amulet of Munavago {Reflect MP+9 SH+5}
 28550 | Lair:5   | Reached skill level 8 in Fire Magic
 28911 | Lair:5   | Found a runed translucent door.
 29371 | Lair:5   | Reached skill level 12 in Spellcasting
 30233 | Lair:2   | Reached skill level 8 in Evocations
 30460 | Lair:2   | Killed Tollund's ghost
 30461 | Lair:2   | Reached skill level 7 in Fighting
 30904 | Orc:1    | Entered Level 1 of the Orcish Mines
 30989 | Orc:1    | Received a gift from Sif Muna
 31115 | Orc:1    | Got Refoatz's Quarto of the Sepulchral Commander {god gift}
 31250 | Orc:2    | Entered Level 2 of the Orcish Mines
 31250 | Orc:2    | Found a runed translucent door.
 31250 | Orc:2    | Found a staircase to the Elven Halls.
 31533 | Orc:2    | Found the +10 tower shield of Ignorance {rN+ Int-4}
 32181 | Orc:2    | Reached XP level 15. HP: 108/108 MP: 4/31
 32483 | Orc:2    | Found a runed translucent door.
 32882 | Orc:2    | Reached skill level 10 in Conjurations
 33228 | Orc:2    | Received a gift from Sif Muna
 33328 | Orc:2    | Found Jischavu's Armour Emporium.
 33334 | Orc:2    | Found Runestaz's Armour Boutique.
 33341 | Orc:2    | Found Uzohul's Armour Boutique.
 33343 | Orc:2    | Found Gutoilia's General Store.
 33454 | Orc:2    | Learned a level 5 spell: Lee's Rapid Deconstruction
 33858 | Orc:2    | Bought a +2 helmet of intelligence for 236 gold pieces
 35139 | D:13     | You fall into a shaft and drop 2 floors!
 35139 | D:15     | Entered Level 15 of the Dungeon
 35178 | D:15     | Found a transporter.
 35181 | D:15     | Noticed Cophusiv's ghost (journeyman DsGl)
 35331 | D:14     | Reached skill level 9 in Fire Magic
 35964 | D:13     | Found a gate to the Vaults.
 36243 | D:13     | Identified the ring "Fiepsyna" {Will+ Int+3 Dex-5 SInv
                  | Stlth+}
 37281 | D:15     | Noticed Rupert
 37435 | D:15     | Noticed Josephine
 37492 | D:15     | Killed Josephine
 37493 | D:15     | Reached skill level 7 in Dodging
 37573 | D:15     | Received a gift from Sif Muna
 37725 | D:15     | Found a transporter.
 38123 | D:15     | Reached skill level 9 in Invocations
 38325 | D:15     | Noticed Jorgrun
 39072 | D:15     | Identified the staff of death "Joupuscho" {rElec rN+ rCorr
                  | Dex+2 SInv}
 39204 | D:15     | Killed Cophusiv's ghost
 39375 | D:15     | Killed Rupert
 39547 | D:15     | Killed Jorgrun
 39843 | D:15     | Found a staircase to the Depths.
 40138 | Orc:2    | Reached skill level 8 in Fighting
 41083 | Swamp:1  | Entered Level 1 of the Swamp
 41410 | Swamp:1  | Reached XP level 16. HP: 117/117 MP: 31/32
 41625 | Swamp:1  | Reached skill level 13 in Spellcasting
 41968 | Swamp:1  | Received a gift from Sif Muna
 41969 | Swamp:1  | Got Sif Muna's Handbook of the Sandy Lungs {god gift}
 42077 | Swamp:1  | Found Qeluh's Island Escapes.
 42161 | Swamp:1  | Noticed a tentacled monstrosity
 42202 | Swamp:1  | Killed a tentacled monstrosity
 42572 | Swamp:2  | Reached skill level 11 in Conjurations
 42849 | Swamp:2  | Reached skill level 10 in Fire Magic
 42978 | Swamp:2  | Reached skill level 9 in Evocations
 44049 | Swamp:3  | Found a hazy altar of Hepliaklqana.
 44761 | Swamp:4  | Entered Level 4 of the Swamp
 45341 | Swamp:3  | Reached skill level 8 in Earth Magic
 45471 | Swamp:4  | Noticed Nikola
 45850 | Swamp:4  | Killed Nikola
 46219 | Swamp:4  | Noticed a tentacled monstrosity
 46246 | Swamp:4  | Reached skill level 8 in Dodging
 46393 | Swamp:4  | Killed a tentacled monstrosity
 46393 | Swamp:4  | Received a gift from Sif Muna
 46394 | Swamp:4  | Reached skill level 9 in Fighting
 46394 | Swamp:4  | Got Sif Muna's Encyclopedia of Damage and the Entourage
                  | {god gift}
 46710 | Swamp:4  | Noticed a tentacled monstrosity
 46845 | Swamp:4  | Killed a tentacled monstrosity
 46846 | Swamp:4  | Reached XP level 17. HP: 117/125 MP: 18/34
 46952 | Swamp:4  | Reached skill level 10 in Invocations
 47274 | Swamp:4  | Noticed Roxanne
 47579 | Swamp:4  | Got a decaying rune of Zot
 48011 | Swamp:4  | Killed Roxanne
 48299 | D:9      | Acquired 693 gold pieces
 48366 | Snake:1  | Entered Level 1 of the Snake Pit
 48603 | Snake:1  | Reached skill level 11 in Fire Magic
 48790 | Lair:2   | Learned a level 6 spell: Iron Shot
 48825 | Snake:1  | Reached skill level 12 in Conjurations
 49570 | Snake:2  | Found a frozen archway.
 49580 | IceCv    | Entered an ice cave
 49587 | IceCv    | Reached skill level 1 in Shields
 49593 | IceCv    | Reached skill level 14 in Spellcasting
 49773 | IceCv    | Identified a +2 robe of resistance
 49793 | IceCv    | Received a gift from Sif Muna
 50193 | IceCv    | Identified the staff of conjuration "Deariama" {rElec rN++
                  | Int+3 Dex-2}
 51010 | Snake:2  | Learned a level 1 spell: Apportation
 51049 | Snake:2  | Reached skill level 2 in Shields
 51692 | D:9      | Got the Almanac of the Jaunt
 52678 | Snake:3  | Received a gift from Sif Muna
 52679 | Snake:3  | Got Gyli Yte's Directory of Bright Minerals {god gift}
 52942 | Snake:4  | Entered Level 4 of the Snake Pit
 52942 | Snake:4  | Found Nuimuhul's Magic Scroll Shoppe.
 54539 | Snake:4  | Found Sedig's Tremendous Tomes.
 54936 | Snake:4  | Reached skill level 10 in Fighting
 55184 | Snake:4  | Reached skill level 3 in Shields
 55566 | Snake:4  | Reached XP level 18. HP: 134/134 MP: 34/36
 55615 | Snake:4  | Reached skill level 12 in Fire Magic
 55615 | Snake:4  | Reached skill level 9 in Earth Magic
 56152 | Snake:4  | Reached skill level 9 in Dodging
 56681 | Snake:4  | Received a gift from Sif Muna
 56973 | Snake:4  | Reached skill level 11 in Invocations
 57270 | Snake:4  | Reached skill level 4 in Shields
 57416 | Snake:4  | Got a serpentine rune of Zot
 57666 | Elf:1    | Entered Level 1 of the Elven Halls
 57672 | Elf:1    | Reached skill level 15 in Spellcasting
 58578 | Elf:1    | Paralysed by an air elemental for 1 turns
 58625 | Elf:1    | Identified the +10 arbalest "Xoisigoi" {elec, rElec rF+
                  | rC+}
 58968 | Elf:1    | Found a huge runed gate.
 58969 | Elf:1    | Found a huge runed gate.
 58969 | Elf:1    | Found a huge runed gate.
 58969 | Elf:1    | Found a huge runed gate.
 58970 | Elf:1    | Found a huge runed gate.
 58970 | Elf:1    | Found a huge runed gate.
 58970 | Elf:1    | Found a huge runed gate.
 58970 | Elf:1    | Found a huge runed gate.
 59227 | Elf:1    | Found a huge runed gate.
 59228 | Elf:1    | Found a huge runed gate.
 59229 | Elf:1    | Found a huge runed gate.
 59230 | Elf:1    | Found a huge runed gate.
 59231 | Elf:1    | Found a huge runed gate.
 59232 | Elf:1    | Found a huge runed gate.
 59233 | Elf:1    | Found a huge runed gate.
 59313 | Elf:1    | Found a huge runed gate.
 59314 | Elf:1    | Found a huge runed gate.
 59314 | Elf:1    | Found a huge runed gate.
 59314 | Elf:1    | Found a huge runed gate.
 59315 | Elf:1    | Found a huge runed gate.
 59315 | Elf:1    | Found a huge runed gate.
 59315 | Elf:1    | Found a huge runed gate.
 59315 | Elf:1    | Found a huge runed gate.
 59316 | Elf:1    | Found a huge runed gate.
 59317 | Elf:1    | Found a huge runed gate.
 59318 | Elf:1    | Found a huge runed gate.
 59319 | Elf:1    | Found a huge runed gate.
 59320 | Elf:1    | Found a huge runed gate.
 59328 | Elf:1    | Found a huge runed gate.
 59328 | Elf:1    | Found a huge runed gate.
 59328 | Elf:1    | Found a huge runed gate.
 59328 | Elf:1    | Found a huge runed gate.
 59328 | Elf:1    | Found a huge runed gate.
 59329 | Elf:1    | Found a huge runed gate.
 59330 | Elf:1    | Found a huge runed gate.
 59331 | Elf:1    | Found a huge runed gate.
 59735 | Elf:1    | Got the Almanac of Attacks and Apparitions
 60062 | Elf:1    | Reached skill level 5 in Shields
 60075 | Elf:1    | Learned a level 5 spell: Borgnjor's Vile Clutch
 60262 | Elf:1    | Reached skill level 1 in Necromancy
 60431 | Elf:1    | Received a gift from Sif Muna
 60432 | Elf:1    | Got Sif Muna's Elucidation of Loathsome Peregrination {god
                  | gift}
 60839 | Elf:1    | Reached skill level 2 in Necromancy
 61273 | Elf:1    | Upgraded the game from 0.30-a0-949-g53dc5368d7 to
                  | 0.30-a0-953-g5f1da4a474
 61386 | Elf:2    | Noticed Agnes
 61397 | Elf:1    | Killed Agnes
 61398 | Elf:1    | Reached skill level 10 in Earth Magic
 61840 | Elf:2    | Found an ancient bone altar of Kikubaaqudgha.
 61905 | Elf:2    | Found Fyitawu's Weapon Emporium.
 62026 | Elf:2    | Reached skill level 3 in Necromancy
 62376 | Elf:2    | Reached skill level 10 in Dodging
 62571 | Elf:2    | Reached skill level 4 in Necromancy
 62738 | Elf:2    | Reached XP level 19. HP: 128/140 MP: 30/38
 62825 | Elf:2    | Found a runed translucent gate.
 62826 | Elf:2    | Found a runed translucent gate.
 62826 | Elf:2    | Found a runed translucent gate.
 62871 | Elf:1    | Found a radiant altar of Vehumet.
 63423 | Elf:2    | Noticed Louise
 63433 | Elf:2    | Killed Louise
 63619 | Elf:2    | Reached skill level 5 in Necromancy
 63832 | Elf:2    | Reached skill level 12 in Invocations
 64441 | Elf:3    | Entered Level 3 of the Elven Halls
 64733 | Elf:3    | Received a gift from Sif Muna
 64966 | Elf:3    | Reached skill level 6 in Necromancy
 65113 | Elf:3    | Found Xieggoikk's Armour Shop.
 65385 | Elf:3    | Found an ancient bone altar of Kikubaaqudgha.
 65496 | Elf:3    | Got Sif Muna's Essays on the Puissant Valley {god gift}
 66796 | Elf:3    | Reached skill level 11 in Earth Magic
 67467 | Elf:3    | Reached skill level 13 in Fire Magic
 68339 | Elf:3    | Identified the ring "Heiprien" {rN+ Int+2}
 68377 | Elf:3    | Reached skill level 13 in Invocations
 68734 | Elf:3    | Identified the +5 lajatang "Demonslayer" {heavy, rPois}
 68743 | Elf:3    | Identified the +1 hat of Parlour Games {rC+ Int+3 Stlth+}
 68748 | Elf:3    | Identified the ring of Sesh {rPois rC+ Will++ rCorr Int-2}
 68816 | Elf:3    | Found the +3 Mad Mage's Maulers {Infuse+∞ VampMP -Cast}
 68853 | Elf:3    | Identified the +1 gold dragon scales "Ufos" {rPois rF+ rC+
                  | Int+6}
 68860 | Elf:3    | Identified the +7 scimitar "Xaecsigaq" {freeze, rF+}
 68862 | Elf:3    | Identified the +1 battleaxe of Fedhas's Vengeance {freeze,
                  | Fly SInv}
 69219 | Snake:4  | Bought a scroll of enchant armour for 112 gold pieces
 69219 | Snake:4  | Bought a scroll of enchant armour for 112 gold pieces
 69421 | Vaults:1 | Entered Level 1 of the Vaults
 69463 | D:13     | Received a gift from Sif Muna
 69465 | D:13     | Got Sif Muna's Folio of the Scintillating Comitatus {god
                  | gift}
 69532 | D:13     | Learned a level 4 spell: Iskenderun's Mystic Blast
 69555 | Vaults:1 | Reached skill level 1 in Armour
 70093 | Vaults:1 | Reached skill level 2 in Armour
 70302 | Vaults:1 | Reached XP level 20. HP: 147/147 MP: 35/39
 70535 | Vaults:1 | Identified the +11 chain mail of Fortitude {Drain +Blink
                  | rC+++ Regen+}
 71101 | Vaults:1 | Reached skill level 3 in Armour
 71313 | Vaults:1 | Received a gift from Sif Muna
 71314 | Vaults:1 | Got Sif Muna's Encyclopedia of the Productive Crater {god
                  | gift}
 72712 | Vaults:2 | Reached skill level 4 in Armour
 73360 | Vaults:2 | Received a gift from Sif Muna
 73361 | Vaults:2 | Got Sif Muna's Volume of Frostbitten Charms {god gift}
 74178 | Vaults:2 | Found a runed translucent gate.
 74178 | Vaults:2 | Found a runed translucent gate.
 74178 | Vaults:2 | Found a runed translucent gate.
 74178 | Vaults:2 | Noticed Qecvurom's ghost (adept DrRe)
 74180 | Vaults:2 | Found the necklace of Bloodlust {Fury *Rage Will++ Int-3
                  | Slay+6}
 74199 | Vaults:2 | Reached skill level 12 in Earth Magic
 74415 | Vaults:2 | Found a staircase to the Crypt.
 74471 | Vaults:2 | Reached skill level 5 in Armour
 75139 | Vaults:2 | Reached skill level 16 in Spellcasting
 76376 | Vaults:3 | Found a portal to a secret trove of treasure.
 76397 | Trove    | Entered a treasure trove
 77595 | Vaults:3 | Reached skill level 14 in Fire Magic
 77601 | Vaults:3 | Reached skill level 14 in Invocations
 77988 | Vaults:3 | Found Faenamil's Antique Weapon Shoppe.
 78469 | Vaults:4 | Reached XP level 21. HP: 140/154 MP: 21/41
 78481 | Vaults:4 | Found a magical portal.
 78493 | WizLab   | Entered Borgnjor's Mausoleum
 79922 | WizLab   | Reached skill level 13 in Conjurations
 82380 | Vaults:4 | Reached skill level 11 in Fighting
 82938 | Vaults:4 | Reached skill level 17 in Spellcasting
 83790 | Crypt:1  | Entered Level 1 of the Crypt
 84029 | Crypt:1  | Noticed a curse skull
 84031 | Crypt:1  | Killed a curse skull
 84571 | Crypt:1  | Identified the ring "Atugiek" {Drain rPois rF- rC+ Will+
                  | Dex+3}
 84580 | Crypt:1  | Noticed a curse skull
 84582 | Crypt:1  | Killed a curse skull
 84681 | Crypt:1  | Found a burning altar of Makhleb.
 85035 | Crypt:1  | Received a gift from Sif Muna
 85036 | Crypt:1  | Got Sif Muna's Handbook of Cooperative Geology {god gift}
 85594 | Crypt:1  | Reached skill level 13 in Earth Magic
 86667 | Crypt:1  | Upgraded the game from 0.30-a0-953-g5f1da4a474 to
                  | 0.30-a0-956-gcec3b41aec
 87813 | Crypt:2  | Reached XP level 22. HP: 165/165 MP: 6/43
 88187 | Crypt:2  | Noticed a curse skull
 88194 | Crypt:2  | Killed a curse skull
 89076 | Crypt:2  | Received a gift from Sif Muna
 89254 | Crypt:2  | Got Sif Muna's Folio of Azure Skeletons {god gift}
 89498 | Crypt:3  | Entered Level 3 of the Crypt
 89572 | Crypt:3  | Reached skill level 14 in Conjurations
 90743 | Crypt:3  | Reached skill level 12 in Fighting
 91095 | Crypt:3  | Found a staircase to the Tomb.
 92216 | Crypt:3  | Reached skill level 15 in Invocations
 92854 | Crypt:3  | Noticed a curse toe
 92857 | Crypt:3  | Killed a curse toe
 92952 | Crypt:3  | Received a gift from Sif Muna
 92953 | Crypt:3  | Got Sif Muna's Discursus on Productive Electrocution {god
                  | gift}
 93381 | Crypt:3  | Reached skill level 18 in Spellcasting
 93526 | Crypt:3  | Reached skill level 15 in Fire Magic
 94127 | Crypt:3  | Identified the +7 war axe of Doors {flame, Int+2}
 94295 | Crypt:3  | Noticed a dread lich
 94298 | Crypt:3  | Killed a dread lich
 94397 | Crypt:3  | Found the +5 scythe "Finisher" {speed, eviscerate}
 94408 | Crypt:3  | Identified the +9 hand axe of the Magic Mushroom {flame,
                  | Drain rC+++ Will- Dex+9}
 94430 | Crypt:3  | Identified the staff of cold "Lunuf" {rC+ rN+ Dex+2}
 94691 | Vaults:2 | Learned a level 8 spell: Ignition
 95107 | D:9      | Learned a level 4 spell: Animate Dead
 95227 | Slime:1  | Entered Level 1 of the Pits of Slime
 96835 | Slime:1  | Received a gift from Sif Muna
 96838 | Slime:1  | Got Sif Muna's Handbook of Charged Generation {god gift}
 97365 | Slime:3  | Reached skill level 15 in Conjurations
 97994 | Slime:3  | Reached skill level 13 in Fighting
 98682 | Slime:3  | Reached skill level 14 in Earth Magic
100023 | Slime:3  | Reached XP level 23. HP: 176/176 MP: 42/45
100416 | Slime:3  | Received a gift from Sif Muna
100873 | Slime:3  | Got Sif Muna's Codex of the Atmospheric Chill {god gift}
102405 | Depths:1 | Entered Level 1 of the Depths
102682 | Depths:1 | Found a sacrificial altar of Ru.
103207 | Depths:1 | Reached skill level 14 in Fighting
103433 | Depths:1 | Reached skill level 16 in Fire Magic
103821 | Depths:1 | Found a one-way gate leading to the halls of Pandemonium.
103957 | Depths:1 | Found a gateway to Hell.
104129 | Depths:2 | Found a one-way gate to the infinite horrors of the Abyss.
104371 | Depths:2 | Received a gift from Sif Muna
104372 | Depths:2 | Got Sif Muna's Anthology of Calescent Summoning {god gift}
104620 | Depths:2 | Noticed Grunn
104861 | Depths:2 | Killed Grunn
105912 | Depths:2 | Reached skill level 15 in Earth Magic
106787 | Depths:2 | Reached skill level 15 in Fighting
107197 | Depths:2 | Found Ukhuhipo's Assorted Antiques.
107365 | Depths:2 | Noticed a caustic shrike
107369 | Depths:2 | a caustic shrike changed into a shadow dragon
107716 | Depths:2 | Received a gift from Sif Muna
107717 | Depths:2 | Got Sif Muna's Folio of the Breezy Torch {god gift}
108438 | Depths:3 | Reached skill level 17 in Fire Magic
108973 | Depths:3 | Found a corrupted altar of Lugonu.
109207 | Depths:3 | Identified the ring "Seump" {rN+ Str+6 Stlth+}
109610 | Depths:3 | Identified the +12 plate armour "Liughogoff" {Dex+4}
109832 | Depths:3 | Noticed a juggernaut
109932 | Depths:3 | Reached XP level 24. HP: 188/188 MP: 43/45
109962 | Depths:3 | Killed a juggernaut
110537 | Depths:3 | Noticed a caustic shrike
110858 | Depths:3 | Reached skill level 18 in Fire Magic
110966 | Depths:3 | Noticed a juggernaut
111125 | Depths:3 | Killed a juggernaut
111357 | Depths:3 | HP: 17/188 [stone giant/large rock (36)]
111878 | Depths:3 | Identified the +5 ring mail "Howaon" {+Blink +Inv}
112156 | Depths:3 | Killed a caustic shrike
112791 | Depths:4 | Entered Level 4 of the Depths
113158 | Depths:4 | Found Arhos Udu's Jewellery Emporium.
113159 | Depths:4 | Found Dabbes's Book Boutique.
113160 | Depths:4 | Found Tararin's Jewellery Emporium.
113174 | Depths:4 | Bought the ring of Perfectionism {Fire Will+} for 488 gold
                  | pieces
113182 | Depths:4 | Bought the ring "Fuodghunt" {AC+4 Int+2 Dex+4} for 722 gold
                  | pieces
113271 | Depths:4 | Reached skill level 5 in Staves
113840 | Depths:4 | Found a shadowy altar of Dithmenos.
114089 | Depths:4 | Found a one-way gateway to a ziggurat.
115793 | Depths:4 | Found a gate to the Realm of Zot.
116275 | Slime:5  | Entered Level 5 of the Pits of Slime
116354 | Slime:5  | Reached skill level 6 in Staves
116355 | Slime:5  | Reached skill level 19 in Fire Magic
116951 | Slime:5  | Noticed the Royal Jelly
117252 | Slime:5  | Found a viscous altar of Jiyva.
117285 | Slime:5  | Killed the Royal Jelly
117286 | Slime:5  | Reached skill level 6 in Stealth
117701 | Slime:5  | Reached ****** piety under Sif Muna
118244 | Slime:5  | Identified the staff of air "Destrish" {rElec MP+9 Dex+3}
118274 | Slime:5  | Got a slimy rune of Zot
118356 | Slime:5  | Identified the +8 dagger of Wunaeph {freeze, *Rage rC-
                  | Dex+8}
118387 | Slime:5  | Reached skill level 6 in Shields
119158 | Vaults:5 | Entered Level 5 of the Vaults
119161 | Vaults:5 | Reached skill level 7 in Staves
119161 | Vaults:5 | Noticed a dread lich
119170 | Vaults:5 | Killed a dread lich
119171 | Vaults:5 | Reached XP level 25. HP: 187/194 MP: 4/45
119181 | Vaults:5 | Reached skill level 10 in Evocations
119187 | Vaults:5 | Reached skill level 19 in Spellcasting
119193 | Vaults:5 | Reached skill level 8 in Staves
119210 | Vaults:5 | Reached skill level 7 in Stealth
119226 | Vaults:5 | Noticed an ancient lich
119231 | Vaults:5 | Killed an ancient lich
119300 | Vaults:5 | Reached skill level 7 in Shields
119506 | Vaults:5 | Identified the ring "Oroxt" {Contam rC+ Str+6 Int+3 Dex+2}
119675 | Vaults:5 | Reached skill level 9 in Staves
119716 | Vaults:5 | Identified the staff of poison "Osixir Qefi" {rPois rN++}
119746 | Vaults:5 | Identified the +10 sling of Victory {speed, rN+ MP-9 Int+2}
119746 | Vaults:5 | Identified the amulet "Alul" {Reflect rElec Will- Str+3
                  | SH+5}
121009 | Vaults:5 | Identified the +3 demon blade of Moderation {heavy, rN++}
121180 | Vaults:5 | Found Suylesip's Magic Scroll Emporium.
121488 | Vaults:5 | Got a silver rune of Zot
121781 | Vaults:2 | Killed Qecvurom's ghost
122310 | Elf:2    | Reached skill level 8 in Stealth
123977 | Vaults:1 | Learned a level 7 spell: Spellforged Servitor
124207 | Depths:2 | Voluntarily entered the Abyss.
124253 | Abyss:1  | Found a corrupted altar of Lugonu.
124253 | Abyss:1  | Found a corrupted altar of Lugonu.
124253 | Abyss:1  | Noticed a dread lich
124253 | Abyss:1  | Found a corrupted altar of Lugonu.
124258 | Abyss:1  | Killed a dread lich
124266 | Abyss:1  | Reached skill level 10 in Staves
124416 | Abyss:1  | Reached skill level 11 in Evocations
124745 | Abyss:1  | Reached skill level 8 in Shields
125270 | Abyss:1  | Reached skill level 20 in Spellcasting
125331 | Abyss:1  | Reached XP level 26. HP: 101/201 MP: 3/47
125604 | Depths:2 | You pass through the gate.
125604 | Depths:2 | Escaped the Abyss
125650 | Depths:2 | Voluntarily entered the Abyss.
125795 | Abyss:1  | Noticed a dread lich
125803 | Abyss:1  | Killed a dread lich
125827 | Abyss:1  | Reached skill level 11 in Staves
125827 | Abyss:1  | Reached skill level 9 in Stealth
125892 | Abyss:1  | Found a corrupted altar of Lugonu.
125934 | Abyss:1  | Found a corrupted altar of Lugonu.
125938 | Abyss:1  | Found a corrupted altar of Lugonu.
125938 | Abyss:1  | Found a corrupted altar of Lugonu.
126347 | Abyss:1  | Noticed a dread lich
126356 | Abyss:1  | Killed a dread lich
126562 | Abyss:1  | Reached skill level 20 in Fire Magic
126581 | Abyss:1  | Found a corrupted altar of Lugonu.
126752 | Abyss:1  | Reached skill level 1 in Summonings
126762 | Abyss:1  | Reached skill level 9 in Shields
127234 | Abyss:2  | Reached skill level 12 in Staves
127247 | Abyss:2  | Reached skill level 2 in Summonings
127280 | Abyss:2  | Found a transporter.
127287 | Abyss:2  | Found a corrupted altar of Lugonu.
127318 | Abyss:2  | Reached skill level 12 in Evocations
127319 | Abyss:2  | Reached skill level 10 in Stealth
127330 | Abyss:2  | Identified the ring "Corphomuo" {rN+ SInv Stlth+}
127369 | Abyss:2  | Found a transporter.
127416 | Abyss:2  | Reached skill level 3 in Summonings
127436 | Abyss:2  | Found a corrupted altar of Lugonu.
127551 | Abyss:2  | Found a corrupted altar of Lugonu.
127647 | Abyss:2  | Found a corrupted altar of Lugonu.
127876 | Abyss:2  | Reached skill level 4 in Summonings
127914 | Abyss:2  | Found a corrupted altar of Lugonu.
128021 | Abyss:2  | Reached skill level 6 in Armour
128138 | Abyss:2  | Found a corrupted altar of Lugonu.
128208 | Abyss:2  | Found a corrupted altar of Lugonu.
128258 | Abyss:2  | Reached skill level 5 in Summonings
128449 | Abyss:2  | Reached skill level 10 in Shields
128466 | Depths:2 | You pass through the gate.
128466 | Depths:2 | Escaped the Abyss
128495 | Depths:2 | Voluntarily entered the Abyss.
128495 | Abyss:2  | Found a corrupted altar of Lugonu.
128734 | Abyss:2  | Reached skill level 7 in Armour
128875 | Abyss:2  | Reached skill level 6 in Summonings
129218 | Depths:2 | You pass through the gate.
129218 | Depths:2 | Escaped the Abyss
129271 | Depths:2 | Voluntarily entered the Abyss.
129383 | Abyss:2  | Reached skill level 8 in Armour
129436 | Abyss:2  | Reached skill level 7 in Summonings
129562 | Abyss:2  | Reached XP level 27. HP: 200/207 MP: 32/47
129668 | Depths:2 | You pass through the gate.
129668 | Depths:2 | Escaped the Abyss
129756 | Depths:2 | Voluntarily entered the Abyss.
129760 | Abyss:2  | Found a corrupted altar of Lugonu.
129793 | Abyss:2  | Reached skill level 8 in Summonings
129808 | Abyss:2  | Found a corrupted altar of Lugonu.
129830 | Abyss:2  | Reached skill level 9 in Armour
130584 | Abyss:4  | Reached skill level 9 in Summonings
130600 | Abyss:4  | Got an abyssal rune of Zot
130615 | Depths:2 | You pass through the gate.
130615 | Depths:2 | Escaped the Abyss
131304 | Tomb:1   | Entered Level 1 of the Tomb of the Ancients
131429 | Tomb:1   | Reached skill level 10 in Armour
132584 | Tomb:1   | Noticed a royal mummy
132591 | Tomb:1   | Killed a royal mummy
132858 | Tomb:1   | Reached skill level 10 in Summonings
134300 | Depths:2 | Voluntarily entered the Abyss.
134300 | Abyss:4  | Found a corrupted altar of Lugonu.
134300 | Abyss:4  | Found a corrupted altar of Lugonu.
134303 | Abyss:4  | Found a corrupted altar of Lugonu.
134343 | Abyss:4  | Found a corrupted altar of Lugonu.
134399 | Abyss:4  | Found a corrupted altar of Lugonu.
134497 | Abyss:4  | Found a corrupted altar of Lugonu.
134528 | Abyss:4  | Found a corrupted altar of Lugonu.
134534 | Abyss:4  | Reached skill level 16 in Conjurations
134555 | Depths:2 | You pass through the gate.
134555 | Depths:2 | Escaped the Abyss
134580 | Depths:2 | Voluntarily entered the Abyss.
134626 | Abyss:4  | Reached skill level 11 in Summonings
134662 | Depths:2 | You pass through the gate.
134662 | Depths:2 | Escaped the Abyss
134709 | Depths:2 | Voluntarily entered the Abyss.
134709 | Abyss:4  | Found a corrupted altar of Lugonu.
134752 | Depths:2 | You pass through the gate.
134752 | Depths:2 | Escaped the Abyss
134958 | Zot:1    | Entered Level 1 of the Realm of Zot
136447 | Zot:1    | Noticed an electric golem
136454 | Zot:1    | Killed an electric golem
136465 | Zot:1    | Reached skill level 12 in Summonings
137218 | Zot:2    | Reached skill level 17 in Conjurations
137443 | Zot:1    | Upgraded the game from 0.30-a0-956-gcec3b41aec to
                  | 0.30-a0-964-gd452b5e7fa
137492 | Zot:2    | Noticed an electric golem
137667 | Zot:2    | Noticed an electric golem
137684 | Zot:2    | Killed an electric golem
137687 | Zot:2    | Killed an electric golem
138054 | Zot:2    | Reached skill level 13 in Summonings
138129 | Zot:2    | Learned a level 8 spell: Summon Horrible Things
138599 | Zot:2    | Noticed Parghit
138606 | Zot:2    | Killed Parghit
140158 | Zot:3    | Noticed a curse toe
140162 | Zot:3    | Killed a curse toe
140347 | Zot:3    | Reached skill level 14 in Summonings
141713 | Zot:3    | Reached skill level 18 in Conjurations
141884 | Zot:3    | Noticed an electric golem
142187 | Zot:3    | Killed an electric golem
142317 | Zot:3    | Upgraded the game from 0.30-a0-964-gd452b5e7fa to
                  | 0.30-a0-965-g42e074c17a
142591 | Zot:4    | Reached skill level 15 in Summonings
144399 | Zot:5    | Entered Level 5 of the Realm of Zot
144695 | Zot:5    | Reached skill level 16 in Summonings
145325 | Depths:4 | Learned a level 6 spell: Death Channel
145329 | Hell     | Entered the Vestibule of Hell
145329 | Hell     | Noticed Geryon
145347 | Hell     | Killed Geryon
145363 | Hell     | Noticed a dread lich
145371 | Hell     | Killed a dread lich
145374 | Hell     | Reached skill level 7 in Necromancy
145789 | Hell     | Found a gateway to the freezing wastes of Cocytus.
145992 | Hell     | Found a gateway to the decaying netherworld of Tartarus.
146262 | Hell     | Found a gateway to the ashen valley of Gehenna.
146413 | Hell     | Found a gateway to the Iron City of Dis.
147149 | Zot:5    | Reached skill level 17 in Summonings
147351 | Zot:5    | Noticed an ancient lich
147355 | Zot:5    | Killed an ancient lich
147356 | Zot:5    | Reached skill level 8 in Necromancy
147393 | Zot:5    | Noticed an orb of fire
147402 | Zot:5    | Killed an orb of fire
147439 | Zot:5    | Noticed an orb of fire
147448 | Zot:5    | Killed an orb of fire
147603 | Zot:5    | Noticed an orb of fire
147604 | Zot:5    | Noticed an ancient lich
147607 | Zot:5    | Killed an orb of fire
147610 | Zot:5    | Killed an ancient lich
147951 | Zot:5    | Noticed an orb of fire
147959 | Zot:5    | Killed an orb of fire
147960 | Zot:5    | Reached skill level 9 in Necromancy
148111 | Zot:5    | Noticed an orb of fire
148123 | Zot:5    | Killed an orb of fire
148304 | Zot:5    | Noticed an ancient lich
148306 | Zot:5    | Killed an ancient lich
148322 | Zot:5    | Noticed an electric golem
148325 | Zot:5    | Killed an electric golem
148339 | Zot:5    | Noticed an electric golem
148371 | Zot:5    | Killed an electric golem
148419 | Zot:5    | Noticed an electric golem
148425 | Zot:5    | Killed an electric golem
148591 | Zot:5    | Noticed an ancient lich
148596 | Zot:5    | Killed an ancient lich
148795 | Zot:5    | Noticed an orb of fire
148800 | Zot:5    | Killed an orb of fire
148978 | Zot:5    | Reached skill level 18 in Summonings
148984 | Zot:5    | Reached skill level 16 in Earth Magic
150388 | Elf:3    | Bought a +2 robe of the Archmagi for 565 gold pieces
151149 | Pan      | Entered Pandemonium
151955 | Pan      | Reached skill level 17 in Earth Magic
152006 | Pan      | Identified a +2 robe of the Archmagi
153574 | Pan      | Noticed Hamous the pandemonium lord
153670 | Pan      | Killed Hamous the pandemonium lord
153700 | Pan      | Reached skill level 18 in Earth Magic
155173 | Pan      | Found a runed translucent door.
155183 | Pan      | Got a demonic rune of Zot
155980 | Pan      | Reached skill level 19 in Earth Magic
156289 | Pan      | Noticed Douxium the pandemonium lord
156302 | Pan      | Killed Douxium the pandemonium lord
156787 | Pan      | Identified the amulet of Balance {Will++ Regen+}
157706 | Pan      | Reached skill level 20 in Earth Magic
159123 | Pan      | Entered the realm of Lom Lobon.
159340 | Pan      | Learned a level 9 spell: Shatter
159982 | Pan      | Reached skill level 21 in Earth Magic
161139 | Pan      | Noticed Lom Lobon
161155 | Pan      | Killed Lom Lobon
161323 | Pan      | Got a magical rune of Zot
162193 | Pan      | Reached skill level 22 in Earth Magic
162525 | Pan      | Found an exit through the horrors of the Abyss.
162772 | Pan      | Reached skill level 21 in Spellcasting
162822 | Pan      | Acquired 749 gold pieces
162825 | Pan      | Entered the realm of Mnoleg.
163802 | Pan      | Noticed Mnoleg
163816 | Pan      | Killed Mnoleg
164113 | Pan      | Got a glowing rune of Zot
164387 | Pan      | Entered the realm of Cerebov.
164411 | Pan      | Upgraded the game from 0.30-a0-965-g42e074c17a to
                  | 0.30-a0-972-gf3ab3527aa
164489 | Pan      | Acquired the ring "Huagg" {rPois Will- EV+5 Int+8 Slay-2}
165470 | Pan      | Found the +6 sword of Cerebov {flame}
165470 | Pan      | Noticed Cerebov
165784 | Pan      | Identified the +3 war axe of a sewer {elec, rC+ Str+3}
165784 | Pan      | Identified the ring "Fapus" {AC+4 Stlth+}
165795 | Pan      | Reached skill level 23 in Earth Magic
165896 | Pan      | Killed Cerebov
165897 | Pan      | Reached skill level 22 in Spellcasting
166035 | Pan      | Identified the staff of poison "Deul" {rPois Will+ Int+3}
166067 | Pan      | Identified the +3 scale mail "Jiptueg" {rCorr Str+4 Dex+2
                  | Stlth+}
166068 | Pan      | Identified the +3 scale mail of Lesser Demons {*Corrode
                  | rElec rPois Int+3}
166130 | Pan      | Got a fiery rune of Zot
167109 | Pan      | Found an exit through the horrors of the Abyss.
167986 | Pan      | Noticed Qinighevoq the pandemonium lord
168002 | Pan      | Killed Qinighevoq the pandemonium lord
168170 | Depths:1 | You pass through the gate.
168170 | Depths:1 | Escaped Pandemonium
168251 | D:15     | Acquired 791 gold pieces
168628 | Tomb:1   | Noticed a royal mummy
168632 | Tomb:1   | Noticed a royal mummy
168634 | Tomb:1   | Killed a royal mummy
168640 | Tomb:1   | Killed a royal mummy
168845 | Tomb:1   | Noticed a royal mummy
168848 | Tomb:1   | Killed a royal mummy
168854 | Tomb:1   | Noticed a royal mummy
168857 | Tomb:1   | Killed a royal mummy
169001 | Tomb:1   | Noticed a royal mummy
169006 | Tomb:1   | Killed a royal mummy
169051 | Tomb:1   | Noticed a royal mummy
169056 | Tomb:1   | Killed a royal mummy
169105 | Tomb:1   | Noticed a royal mummy
169107 | Tomb:1   | Noticed a royal mummy
169111 | Tomb:1   | Killed a royal mummy
169114 | Tomb:1   | Killed a royal mummy
169160 | Tomb:1   | Noticed a royal mummy
169165 | Tomb:1   | Killed a royal mummy
169370 | Tomb:1   | Noticed a royal mummy
169375 | Tomb:1   | Killed a royal mummy
169504 | Tomb:1   | Noticed a royal mummy
169512 | Tomb:1   | Killed a royal mummy
169524 | Tomb:1   | Noticed a royal mummy
169525 | Tomb:1   | Noticed a royal mummy
169530 | Tomb:1   | Killed a royal mummy
169538 | Tomb:1   | Killed a royal mummy
169690 | Tomb:1   | Noticed a royal mummy
169696 | Tomb:1   | Noticed a royal mummy
169697 | Tomb:1   | Killed a royal mummy
169701 | Tomb:1   | Killed a royal mummy
169841 | Tomb:1   | Noticed a royal mummy
169848 | Tomb:1   | Killed a royal mummy
169853 | Tomb:1   | Noticed a royal mummy
169855 | Tomb:1   | Noticed a royal mummy
169858 | Tomb:1   | Killed a royal mummy
169860 | Tomb:1   | Killed a royal mummy
169916 | Tomb:1   | Noticed a royal mummy
169928 | Tomb:1   | Killed a royal mummy
170020 | Tomb:1   | Noticed a royal mummy
170096 | Tomb:1   | Noticed a royal mummy
170102 | Tomb:1   | Killed a royal mummy
170105 | Tomb:1   | Killed a royal mummy
170231 | Tomb:1   | Noticed a royal mummy
170237 | Tomb:1   | Killed a royal mummy
170313 | Tomb:1   | Noticed a royal mummy
170322 | Tomb:1   | Killed a royal mummy
170578 | Tomb:2   | Noticed a royal mummy
170578 | Tomb:2   | Noticed a royal mummy
170580 | Tomb:2   | Noticed a royal mummy
170580 | Tomb:2   | Noticed a royal mummy
170582 | Tomb:2   | Killed a royal mummy
170583 | Tomb:2   | Killed a royal mummy
170585 | Tomb:2   | Killed a royal mummy
170585 | Tomb:2   | Killed a royal mummy
170586 | Tomb:2   | Reached skill level 11 in Armour
171026 | Tomb:2   | Noticed Khufu
171030 | Tomb:2   | Noticed a royal mummy
171031 | Tomb:2   | Noticed a royal mummy
171034 | Tomb:2   | Killed Khufu
171036 | Tomb:2   | Noticed a royal mummy
171038 | Tomb:2   | Killed a royal mummy
171040 | Tomb:2   | Killed a royal mummy
171044 | Tomb:2   | Killed a royal mummy
171292 | Tomb:3   | Entered Level 3 of the Tomb of the Ancients
171298 | Tomb:3   | Reached skill level 11 in Dodging
171304 | Tomb:3   | Reached skill level 24 in Earth Magic
171306 | Tomb:3   | Reached skill level 23 in Spellcasting
171309 | Tomb:3   | Noticed a royal mummy
171310 | Tomb:3   | Noticed a royal mummy
171311 | Tomb:3   | Killed a royal mummy
171311 | Tomb:3   | Noticed a royal mummy
171312 | Tomb:3   | Reached skill level 16 in Fighting
171312 | Tomb:3   | Killed a royal mummy
171313 | Tomb:3   | Noticed a royal mummy
171314 | Tomb:3   | Noticed a royal mummy
171314 | Tomb:3   | Noticed a royal mummy
171314 | Tomb:3   | Killed a royal mummy
171314 | Tomb:3   | Noticed a royal mummy
171314 | Tomb:3   | Noticed a royal mummy
171314 | Tomb:3   | Noticed a royal mummy
171315 | Tomb:3   | Killed a royal mummy
171315 | Tomb:3   | Killed a royal mummy
171316 | Tomb:3   | Reached skill level 12 in Armour
171316 | Tomb:3   | Reached skill level 13 in Evocations
171317 | Tomb:3   | Killed a royal mummy
171317 | Tomb:3   | Killed a royal mummy
171318 | Tomb:3   | Reached skill level 11 in Shields
171318 | Tomb:3   | Reached skill level 16 in Invocations
171318 | Tomb:3   | Killed a royal mummy
171319 | Tomb:3   | Killed a royal mummy
171658 | Tomb:3   | Got a golden rune of Zot
171706 | Tomb:3   | Identified the staff of cold "Ihawel" {rPois rC+ Int+2
                  | Stlth+}
171707 | Tomb:3   | Identified the +10 dagger of Upheaval {flame, Int+3}
171711 | Tomb:3   | Identified the +3 scimitar of the Median {protect, rC+ rN+
                  | Int-2 Dex+3}
171731 | Tomb:3   | Identified the +3 robe of Charity {Int+3}
172308 | D:15     | Learned a level 8 spell: Lehudib's Crystal Spear
172358 | Pan      | Entered Pandemonium
172452 | Pan      | Noticed Himaob the pandemonium lord
172461 | Pan      | Killed Himaob the pandemonium lord
174052 | Pan      | Found an exit through the horrors of the Abyss.
174069 | Pan      | Noticed Touxzeq the pandemonium lord
174073 | Pan      | Killed Touxzeq the pandemonium lord
175757 | Pan      | Found a huge runed translucent gate.
175762 | Pan      | Found a huge runed translucent gate.
175763 | Pan      | Found a huge runed translucent gate.
175763 | Pan      | Found a huge runed translucent gate.
175763 | Pan      | Found a huge runed translucent gate.
175763 | Pan      | Found a huge runed translucent gate.
176880 | Pan      | Found a huge runed translucent gate.
176890 | Pan      | Noticed Asuojaaf the pandemonium lord
176900 | Pan      | Killed Asuojaaf the pandemonium lord
177247 | Pan      | Reached skill level 12 in Dodging
177350 | Pan      | Identified the +8 broad axe of the Sea {pain, Str+5}
177583 | Pan      | Reached skill level 19 in Summonings
177853 | Pan      | Noticed Yggu the pandemonium lord
177856 | Pan      | Killed Yggu the pandemonium lord
178114 | Pan      | Entered the realm of Gloorx Vloq.
178210 | Pan      | Found an exit through the horrors of the Abyss.
178979 | Pan      | Noticed a curse skull
178982 | Pan      | Reached skill level 12 in Shields
178982 | Pan      | Killed a curse skull
178990 | Pan      | Reached skill level 17 in Fighting
179327 | Pan      | Noticed a curse skull
179334 | Pan      | Killed a curse skull
179455 | Pan      | Noticed Gloorx Vloq
179469 | Pan      | Killed Gloorx Vloq
179470 | Pan      | Reached skill level 13 in Armour
179645 | Pan      | Got a dark rune of Zot
179953 | Pan      | Found an exit through the horrors of the Abyss.
180057 | Pan      | Identified the +1 cloak "Mikk" {Harm Rampage Dex+2}
180154 | Pan      | Upgraded the game from 0.30-a0-972-gf3ab3527aa to
                  | 0.30-a0-986-g7f2e898f52
180357 | Pan      | Found a transporter.
180360 | Pan      | Identified the amulet of Mixturoi {Will+ Regen+ MP+9}
180375 | Pan      | Found a transporter.
180876 | Pan      | Reached skill level 24 in Spellcasting
181090 | Pan      | Reached skill level 14 in Evocations
181175 | Pan      | Identified the +1 helmet "Favivoll" {Fly rN+ Int-4}
181377 | Pan      | Found an exit through the horrors of the Abyss.
182336 | Pan      | Reached skill level 17 in Invocations
182367 | Pan      | Noticed Zogu the pandemonium lord
182371 | Pan      | Killed Zogu the pandemonium lord
183346 | Depths:1 | You pass through the gate.
183346 | Depths:1 | Escaped Pandemonium
183449 | Depths:2 | Bought 3 scrolls of blinking for 810 gold pieces
183829 | Swamp:1  | Bought a scroll of teleportation for 54 gold pieces
183829 | Swamp:1  | Bought a scroll of blinking for 135 gold pieces
183829 | Swamp:1  | Bought 3 scrolls of blinking for 405 gold pieces
183829 | Swamp:1  | Bought 2 scrolls of blinking for 270 gold pieces
183950 | Snake:4  | Bought a scroll of teleportation for 45 gold pieces
183950 | Snake:4  | Bought a scroll of teleportation for 45 gold pieces
184158 | Orc:2    | Bought a scroll of teleportation for 33 gold pieces
184158 | Orc:2    | Bought a wand of quicksilver (6) for 277 gold pieces
184158 | Orc:2    | Bought a scroll of teleportation for 33 gold pieces
185138 | Pan      | Entered Pandemonium
185283 | Pan      | Noticed Zuedopn the pandemonium lord
185291 | Pan      | Killed Zuedopn the pandemonium lord
186933 | Pan      | Noticed Titupp the pandemonium lord
186938 | Pan      | Killed Titupp the pandemonium lord
187895 | Pan      | Reached skill level 13 in Dodging
188311 | Pan      | Found an exit through the horrors of the Abyss.
188704 | Pan      | Noticed Veumefre the pandemonium lord
188722 | Pan      | Killed Veumefre the pandemonium lord
189047 | Pan      | Reached skill level 14 in Armour
190412 | Pan      | Identified the ring of Vampiric Thralls {rF+ rCorr Str+2
                  | Slay-4}
190416 | Pan      | Identified the ring "Ajoiplud" {Fly Str+3 Dex+6}
190895 | Pan      | Reached skill level 13 in Shields
190909 | Pan      | Noticed Dyworea the pandemonium lord
191158 | Pan      | Killed Dyworea the pandemonium lord
191394 | Pan      | Reached skill level 18 in Fighting
192601 | Pan      | Noticed Vyteice the pandemonium lord
192606 | Pan      | Killed Vyteice the pandemonium lord
193644 | Pan      | Found an exit through the horrors of the Abyss.
193795 | Pan      | Reached skill level 15 in Evocations
193811 | Pan      | Noticed Eptet the pandemonium lord
193820 | Pan      | Killed Eptet the pandemonium lord
194253 | Pan      | Reached skill level 25 in Spellcasting
194755 | Pan      | Reached skill level 15 in Armour
195076 | Pan      | Found a huge runed translucent gate.
195077 | Pan      | Found a huge runed translucent gate.
195082 | Pan      | Found a huge runed translucent gate.
195443 | Pan      | Found a huge runed translucent gate.
195534 | Pan      | Found an exit through the horrors of the Abyss.
195919 | Pan      | Found a huge runed translucent gate.
195920 | Pan      | Found a huge runed translucent gate.
195921 | Pan      | Found a huge runed translucent gate.
195924 | Pan      | Noticed Hokes the pandemonium lord
195933 | Pan      | Killed Hokes the pandemonium lord
195934 | Pan      | Reached skill level 20 in Summonings
196310 | Pan      | Upgraded the game from 0.30-a0-986-g7f2e898f52 to
                  | 0.30-a0-989-g0d87f670db
196311 | Depths:1 | You pass through the gate.
196311 | Depths:1 | Escaped Pandemonium
196320 | Pan      | Entered Pandemonium
196627 | Pan      | Reached skill level 18 in Invocations
196859 | Pan      | Noticed Ecaini the pandemonium lord
196861 | Pan      | Killed Ecaini the pandemonium lord
197192 | Pan      | Found an exit through the horrors of the Abyss.
197810 | Pan      | Reached skill level 14 in Dodging
197898 | Pan      | Found an exit through the horrors of the Abyss.
197956 | Pan      | Noticed Ishra the pandemonium lord
197961 | Pan      | Killed Ishra the pandemonium lord
198780 | Pan      | Identified the +9 war axe "Kikoy" {freeze, *Noise *Corrode
                  | rElec Will+++}
199694 | Pan      | Reached skill level 14 in Shields
199698 | Pan      | Reached skill level 16 in Armour
200335 | Pan      | Noticed Xedogeze the pandemonium lord
200340 | Pan      | Killed Xedogeze the pandemonium lord
200830 | Pan      | Reached skill level 19 in Fighting
200972 | Pan      | Noticed Rerifo the pandemonium lord
200979 | Pan      | Killed Rerifo the pandemonium lord
201298 | Pan      | Identified the ring "Olief" {*Corrode rF+ Str+4 Dex+5
                  | Slay+2}
201356 | Pan      | Found an exit through the horrors of the Abyss.
201998 | Depths:1 | You pass through the gate.
201998 | Depths:1 | Escaped Pandemonium
202174 | Pan      | Entered Pandemonium
202639 | Pan      | Found an exit through the horrors of the Abyss.
202670 | Pan      | Noticed Afucsiwa the pandemonium lord
202680 | Pan      | Killed Afucsiwa the pandemonium lord
204233 | Pan      | Found a runed translucent door.
204389 | Pan      | Found an exit through the horrors of the Abyss.
204626 | Pan      | Found a runed translucent door.
204644 | Pan      | Found a runed translucent door.
204824 | Pan      | Found a runed translucent door.
204859 | Pan      | Reached skill level 16 in Evocations
204976 | Pan      | Identified the ring "Yjaoz" {*Corrode rF+ Int+3 Dex+5
                  | Stlth+}
204991 | Pan      | Identified the ring of Velos {rPois Str+4}
205004 | Pan      | Noticed Kunu the pandemonium lord
205084 | Pan      | Reached skill level 17 in Armour
205312 | Pan      | Reached skill level 26 in Spellcasting
205396 | Pan      | Identified a +1 kite shield of resistance
205558 | Pan      | Noticed Hutzec Pots the pandemonium lord
205563 | Pan      | Killed Hutzec Pots the pandemonium lord
206470 | Pan      | Found an exit through the horrors of the Abyss.
206703 | Pan      | Reached skill level 15 in Dodging
206859 | Pan      | Reached skill level 25 in Earth Magic
207671 | Pan      | Reached skill level 15 in Shields
207716 | Pan      | Identified the +3 short sword of Beloved Punishment {heavy,
                  | rF+}
208052 | Pan      | Found an exit through the horrors of the Abyss.
208066 | Pan      | Found a huge runed translucent gate.
208068 | Pan      | Found a huge runed translucent gate.
208069 | Pan      | Found a huge runed translucent gate.
208069 | Pan      | Found a huge runed translucent gate.
208069 | Pan      | Found a huge runed translucent gate.
208564 | Pan      | Found a huge runed translucent gate.
208564 | Pan      | Found a huge runed translucent gate.
208576 | Pan      | Noticed Niriops the pandemonium lord
208583 | Pan      | Killed Niriops the pandemonium lord
208599 | Pan      | Reached skill level 18 in Armour
208815 | Pan      | Reached skill level 20 in Fighting
209112 | Pan      | Noticed Gewebuum the pandemonium lord
209121 | Pan      | Killed Gewebuum the pandemonium lord
209752 | Pan      | Noticed Tuvvysh the pandemonium lord
209757 | Pan      | Killed Tuvvysh the pandemonium lord
209770 | Pan      | Reached skill level 17 in Evocations
210020 | Pan      | Found an exit through the horrors of the Abyss.
210830 | Pan      | Noticed Kotuy the pandemonium lord
210838 | Pan      | Killed Kotuy the pandemonium lord
210846 | Pan      | Reached skill level 16 in Dodging
210855 | Pan      | Reached skill level 16 in Shields
211138 | Pan      | Found an exit through the horrors of the Abyss.
211850 | Pan      | Noticed Xolai the pandemonium lord
211856 | Pan      | Killed Xolai the pandemonium lord
211895 | Pan      | Found an exit through the horrors of the Abyss.
212386 | Pan      | Found an exit through the horrors of the Abyss.
212703 | Pan      | Noticed Xaaqamp the pandemonium lord
213041 | Pan      | Killed Xaaqamp the pandemonium lord
213561 | Pan      | Reached skill level 18 in Evocations
213567 | Pan      | Noticed Wyxt the pandemonium lord
213582 | Pan      | Killed Wyxt the pandemonium lord
213900 | Pan      | Reached skill level 17 in Dodging
213947 | Pan      | Reached skill level 17 in Shields
214728 | Pan      | Identified the +3 leather armour of Proximity {rElec rC++
                  | Will+ Int-2}
215055 | Pan      | Found an exit through the horrors of the Abyss.
215593 | Pan      | Found a runed translucent door.
215942 | Pan      | Found an exit through the horrors of the Abyss.
216210 | Pan      | Identified the +3 chain mail of the Untouchables {rN+
                  | rCorr}
216580 | Pan      | Noticed Utsocrino the pandemonium lord
216595 | Pan      | Killed Utsocrino the pandemonium lord
216600 | Pan      | Reached skill level 18 in Dodging
216631 | Pan      | Reached skill level 18 in Shields
217120 | Pan      | Noticed Onig the pandemonium lord
217127 | Pan      | Killed Onig the pandemonium lord
217278 | Pan      | Found an exit through the horrors of the Abyss.
217599 | Pan      | Found an exit through the horrors of the Abyss.
217640 | Pan      | Found a burning altar of Makhleb.
217689 | Pan      | Noticed Uvibbiukke the pandemonium lord
217695 | Pan      | Killed Uvibbiukke the pandemonium lord
218271 | Depths:1 | You pass through the gate.
218271 | Depths:1 | Escaped Pandemonium
218287 | Pan      | Entered Pandemonium
218337 | Pan      | Upgraded the game from 0.30-a0-989-g0d87f670db to
                  | 0.30-a0-996-ga6910c8ee8
218359 | Pan      | Found an exit through the horrors of the Abyss.
218811 | Pan      | Noticed Izung the pandemonium lord
218816 | Pan      | Killed Izung the pandemonium lord
219195 | Pan      | Learned a level 9 spell: Dragon's Call
219211 | Pan      | Reached skill level 21 in Summonings
219421 | Pan      | Found an exit through the horrors of the Abyss.
219617 | Pan      | Noticed Biuxoatu the pandemonium lord
219625 | Pan      | Killed Biuxoatu the pandemonium lord
220112 | Pan      | Reached skill level 21 in Fighting
220407 | Pan      | Noticed Ukoen Xeo the pandemonium lord
220421 | Pan      | Killed Ukoen Xeo the pandemonium lord
221361 | Pan      | Found an exit through the horrors of the Abyss.
221604 | Pan      | Noticed Rubeik the pandemonium lord
221610 | Pan      | Killed Rubeik the pandemonium lord
222587 | Pan      | Reached skill level 22 in Summonings
222822 | Pan      | Found an exit through the horrors of the Abyss.
222935 | Pan      | Found a transporter.
223359 | Pan      | Found a transporter.
223464 | Pan      | Identified the +9 sling "Ceskas" {antimagic, Fly rPois
                  | Will+ Dex-4}
223477 | Pan      | Identified the amulet "Urghoape" {Faith Will+}
223604 | Pan      | Identified the ring "Faekk" {Ice rCorr Str-4 Int+6}
224159 | Pan      | Found an exit through the horrors of the Abyss.
224226 | Pan      | Noticed Qijun the pandemonium lord
224232 | Pan      | Killed Qijun the pandemonium lord
224536 | Depths:1 | You pass through the gate.
224536 | Depths:1 | Escaped Pandemonium
224545 | Pan      | Entered Pandemonium
224781 | Pan      | Reached skill level 22 in Fighting
224834 | Pan      | Found an exit through the horrors of the Abyss.
224894 | Pan      | Acquired 1071 gold pieces
224966 | Pan      | Noticed Cutorhore the pandemonium lord
224992 | Pan      | Killed Cutorhore the pandemonium lord
225157 | Pan      | Identified the +6 chain mail "Jotex" {Str+2}
225479 | Pan      | Reached skill level 23 in Summonings
225547 | Pan      | Found an exit through the horrors of the Abyss.
225604 | Pan      | Noticed Duq Leos the pandemonium lord
225616 | Pan      | Killed Duq Leos the pandemonium lord
226048 | Pan      | Identified the staff of conjuration "Romut" {Str+2}
226727 | Pan      | Found an exit through the horrors of the Abyss.
227070 | Pan      | Noticed Soxeedop the pandemonium lord
227082 | Pan      | Killed Soxeedop the pandemonium lord
227185 | Pan      | Identified the +0 sling of the Lonely Nights {drain, rN+}
228268 | Pan      | Reached skill level 24 in Summonings
228534 | Pan      | Reached skill level 23 in Fighting
228544 | Pan      | Noticed Bodo Esa the pandemonium lord
228549 | Pan      | Killed Bodo Esa the pandemonium lord
229188 | Pan      | Identified the +7 whip "Cuastep" {speed, rCorr Dex-4
                  | Stlth+}
229314 | Pan      | Found an exit through the horrors of the Abyss.
229513 | Pan      | Reached skill level 19 in Conjurations
229619 | Pan      | Noticed Odeek the pandemonium lord
229625 | Pan      | Killed Odeek the pandemonium lord
231691 | Pan      | Noticed Ifodieff the pandemonium lord
231697 | Pan      | Killed Ifodieff the pandemonium lord
231839 | Pan      | Reached skill level 20 in Conjurations
232239 | Pan      | Found an exit through the horrors of the Abyss.
232417 | Depths:1 | You pass through the gate.
232417 | Depths:1 | Escaped Pandemonium
233012 | Zig:1    | Entered Level 1 of a ziggurat
233030 | Zig:1    | Acquired a manual of Invocations
233047 | Zig:2    | Entered Level 2 of a ziggurat
233105 | Zig:3    | Entered Level 3 of a ziggurat
233231 | Zig:4    | Entered Level 4 of a ziggurat
233233 | Zig:4    | Noticed a dread lich
233239 | Zig:4    | Killed a dread lich
233240 | Zig:4    | Reached skill level 24 in Fighting
233330 | Zig:5    | Entered Level 5 of a ziggurat
233335 | Zig:5    | Found the +2 shield of Resistance {rF++ rC++ Will++}
233358 | Zig:5    | Identified the staff of earth "Derr" {+Blink rElec rPois
                  | rC+++}
233388 | Zig:6    | Entered Level 6 of a ziggurat
233439 | Zig:7    | Entered Level 7 of a ziggurat
233454 | Zig:7    | Reached skill level 26 in Earth Magic
233488 | Zig:7    | Identified the +8 plate armour of Kufeunwe {rPois Str-2
                  | Dex+4 Stlth+}
233496 | Zig:8    | Entered Level 8 of a ziggurat
233538 | Zig:8    | Identified the +1 hand axe of Calculation {venom, Dex+4
                  | SInv}
233546 | Zig:8    | Identified the ring "Liuk" {rElec MP+9 Str+7 Dex+4 SInv}
233585 | Zig:9    | Entered Level 9 of a ziggurat
233755 | Zig:10   | Entered Level 10 of a ziggurat
233772 | Zig:10   | Found the +9 staff of Olgreb {rPois∞}
233818 | Zig:10   | Identified the +6 whip "Killer Klown's Doom" {flame, rPois
                  | rC+}
233856 | Zig:11   | Entered Level 11 of a ziggurat
233873 | Zig:11   | Noticed a royal mummy
233873 | Zig:11   | Noticed a royal mummy
233873 | Zig:11   | Noticed a royal mummy
233874 | Zig:11   | Noticed a royal mummy
233874 | Zig:11   | Noticed a royal mummy
233875 | Zig:11   | Killed a royal mummy
233876 | Zig:11   | Killed a royal mummy
233877 | Zig:11   | Killed a royal mummy
233877 | Zig:11   | Killed a royal mummy
233880 | Zig:11   | Killed a royal mummy
233943 | Zig:11   | Identified the +12 great mace of Context {holy, Fly rF+++
                  | rCorr Dex-2}
233944 | Zig:11   | Identified the +3 mace "Kegam" {heavy, Dex+2}
233978 | Zig:12   | Entered Level 12 of a ziggurat
233997 | Zig:12   | Noticed a royal mummy
233998 | Zig:12   | Noticed a royal mummy
233999 | Zig:12   | Noticed a royal mummy
234000 | Zig:12   | Killed a royal mummy
234000 | Zig:12   | Killed a royal mummy
234002 | Zig:12   | Killed a royal mummy
234003 | Zig:12   | Reached skill level 21 in Conjurations
234023 | Zig:12   | Identified the ring "Naguinlur" {rPois rC- MP+9 Str+2
                  | Int+6}
234031 | Zig:12   | Identified the amulet "Cifol" {Regen+ Str+4}
234040 | Zig:12   | Identified the staff of conjuration "Jojouqal" {rElec Str-4
                  | SInv Stlth+}
234046 | Zig:12   | Identified the +1 trident "Fouqyg" {flame, *Slow rElec rF-
                  | SInv}
234066 | Zig:13   | Entered Level 13 of a ziggurat
234107 | Zig:14   | Entered Level 14 of a ziggurat
234541 | Zig:14   | Noticed a caustic shrike
234542 | Zig:14   | Noticed a dread lich
234542 | Zig:14   | Noticed a caustic shrike
234543 | Zig:14   | Noticed a caustic shrike
234545 | Zig:14   | Killed a caustic shrike
234545 | Zig:14   | Killed a caustic shrike
234546 | Zig:14   | Killed a dread lich
234546 | Zig:14   | Killed a caustic shrike
234608 | Zig:14   | Identified the +12 battleaxe of Fate {freeze, rPois Str-3
                  | Dex+4 SInv}
234621 | Zig:14   | Identified the staff of cold "Upsoe" {rC+ Dex+4 Stlth+}
234633 | Zig:14   | Identified the +0 troll leather armour of Peek-a-Boo
                  | {Regen+ Slay+2}
234781 | Zig:15   | Entered Level 15 of a ziggurat
234805 | Zig:15   | Noticed Turoirapn the pandemonium lord
234807 | Zig:15   | Reached skill level 27 in Earth Magic
234810 | Zig:15   | Killed Turoirapn the pandemonium lord
234857 | Zig:15   | Identified the +0 flail "Eziak" {flame, rF+++ Str-4 Int+5}
234888 | Zig:15   | Identified the staff of conjuration "Reratiar" {Str-4 Int+2
                  | Stlth+}
234921 | Zig:16   | Entered Level 16 of a ziggurat
234974 | Zig:16   | Reached skill level 19 in Invocations
235151 | Zig:16   | Found the +8 lance "Wyrmbane" {slay drac, rPois rF+ rC+
                  | AC+3}
235159 | Zig:16   | Identified the ring of Ditaehal {Fly Str-3 Dex+4}
235186 | Zig:16   | Identified the ring "Viddad" {Wiz +Blink Fly Slay+2}
235202 | Zig:17   | Entered Level 17 of a ziggurat
235504 | Zig:17   | Reached skill level 20 in Invocations
235555 | Zig:17   | Found the ring of the Mage {Wiz Archmagi}
235583 | Zig:17   | Identified the staff of poison "Vygrix" {Fly rPois Dex+2}
235608 | Zig:17   | Identified the +0 scale mail "Kuod" {rF+ rC+ rCorr}
235613 | Zig:17   | Identified the +8 glaive of Ghostly Reinforcement {heavy,
                  | rPois Will++ Dex-3 SInv}
235628 | Zig:18   | Entered Level 18 of a ziggurat
235663 | Zig:18   | Noticed a royal mummy
235664 | Zig:18   | Noticed a royal mummy
235664 | Zig:18   | Found the +1 Delatra's gloves {ID++}
235664 | Zig:18   | Noticed a royal mummy
235665 | Zig:18   | Noticed a royal mummy
235665 | Zig:18   | Noticed a royal mummy
235665 | Zig:18   | Noticed a royal mummy
235666 | Zig:18   | Reached skill level 22 in Conjurations
235667 | Zig:18   | Killed a royal mummy
235667 | Zig:18   | Killed a royal mummy
235667 | Zig:18   | Killed a royal mummy
235667 | Zig:18   | Killed a royal mummy
235667 | Zig:18   | Killed a royal mummy
235667 | Zig:18   | Noticed a royal mummy
235672 | Zig:18   | Killed a royal mummy
235673 | Zig:18   | Reached skill level 21 in Invocations
235678 | Zig:18   | Killed a royal mummy
235813 | Zig:18   | Identified the +5 dire flail "Efuel Das" {venom, Will+ SInv
                  | Stlth+}
235824 | Zig:18   | Identified the +12 battleaxe "Widowermaker" {antimagic,
                  | rPois Will++ Str-5}
235837 | Zig:18   | Identified the +8 spear of Sikyhof {heavy, *Slow rN+ rCorr
                  | MP+9}
235838 | Zig:18   | Identified the orb "Niot" {guile, Str+3}
235843 | Zig:18   | Identified the +5 sling "Tyuleots" {flame, rElec rF- rC+++
                  | Stlth+}
236008 | D:15     | Acquired the +1 cloak of Starlight {*Dazzle EV+4 Stlth--}
236008 | D:15     | Found the +1 cloak of Starlight {*Dazzle EV+4 Stlth--}
236009 | D:15     | Acquired 365 gold pieces
236328 | Coc:1    | Entered Level 1 of Cocytus
238599 | Coc:7    | Entered Level 7 of Cocytus
239039 | Coc:7    | Paralysed by a wendigo for 1 turns
239344 | Coc:7    | Identified the staff of air "Esedeng" {rElec Will+ Str+6
                  | Int+3 SInv}
239816 | Coc:7    | Upgraded the game from 0.30-a0-996-ga6910c8ee8 to
                  | 0.30-a0-1008-g30c9307041
239982 | Coc:7    | Paralysed by a wendigo for 1 turns
240711 | Coc:7    | Noticed Antaeus
240726 | Coc:7    | NinjaNoafa: heyo
240734 | Coc:7    | Killed Antaeus
240751 | Coc:7    | NinjaNoafa: tips for doing a 3 rune sif muna?
240924 | Coc:7    | NinjaNoafa: good talk :P
240998 | Coc:7    | Got an icy rune of Zot
241396 | Dis:1    | Entered Level 1 of the Iron City of Dis
241435 | Dis:1    | Noticed a caustic shrike
241435 | Dis:1    | Noticed a caustic shrike
241438 | Dis:1    | Noticed a caustic shrike
241439 | Dis:1    | Noticed a caustic shrike
241439 | Dis:1    | Noticed a caustic shrike
241442 | Dis:1    | Killed a caustic shrike
241442 | Dis:1    | Noticed a caustic shrike
241443 | Dis:1    | Killed a caustic shrike
241444 | Dis:1    | Reached skill level 22 in Invocations
241445 | Dis:1    | Killed a caustic shrike
241445 | Dis:1    | Killed a caustic shrike
241445 | Dis:1    | Killed a caustic shrike
241446 | Dis:1    | Reached skill level 27 in Spellcasting
241447 | Dis:1    | Killed a caustic shrike
241900 | Dis:2    | Noticed a caustic shrike
241900 | Dis:2    | Noticed a caustic shrike
241900 | Dis:2    | Noticed a caustic shrike
241900 | Dis:2    | Noticed a caustic shrike
241900 | Dis:2    | Noticed a caustic shrike
241902 | Dis:2    | Killed a caustic shrike
241904 | Dis:2    | Killed a caustic shrike
241904 | Dis:2    | Killed a caustic shrike
241904 | Dis:2    | Killed a caustic shrike
241904 | Dis:2    | Killed a caustic shrike
241905 | Dis:2    | Reached skill level 19 in Armour
241905 | Dis:2    | Reached skill level 19 in Dodging
241905 | Dis:2    | Reached skill level 19 in Shields
241914 | Dis:2    | Reached skill level 25 in Fighting
242030 | Dis:3    | Noticed a caustic shrike
242030 | Dis:3    | Noticed a caustic shrike
242031 | Dis:3    | Noticed a caustic shrike
242034 | Dis:3    | Killed a caustic shrike
242035 | Dis:3    | Killed a caustic shrike
242035 | Dis:3    | Killed a caustic shrike
242073 | Dis:3    | Noticed a caustic shrike
242076 | Dis:3    | Noticed a caustic shrike
242077 | Dis:3    | Killed a caustic shrike
242078 | Dis:3    | Noticed a caustic shrike
242080 | Dis:3    | Killed a caustic shrike
242081 | Dis:3    | Killed a caustic shrike
242081 | Dis:3    | Noticed a caustic shrike
242082 | Dis:3    | Noticed a caustic shrike
242082 | Dis:3    | Noticed a caustic shrike
242083 | Dis:3    | Noticed a caustic shrike
242085 | Dis:3    | Killed a caustic shrike
242085 | Dis:3    | Killed a caustic shrike
242087 | Dis:3    | Killed a caustic shrike
242087 | Dis:3    | Killed a caustic shrike
242323 | Dis:4    | Noticed a caustic shrike
242341 | Dis:4    | Noticed a caustic shrike
242344 | Dis:4    | Noticed a caustic shrike
242344 | Dis:4    | Killed a caustic shrike
242345 | Dis:4    | Noticed a caustic shrike
242346 | Dis:4    | Killed a caustic shrike
242347 | Dis:4    | Killed a caustic shrike
242348 | Dis:4    | Killed a caustic shrike
242362 | Dis:4    | Noticed a dread lich
242369 | Dis:4    | Killed a dread lich
243541 | Dis:7    | Entered Level 7 of the Iron City of Dis
244461 | Dis:7    | Noticed a caustic shrike
244465 | Dis:7    | Noticed a caustic shrike
244471 | Dis:7    | Killed a caustic shrike
244476 | Dis:7    | Killed a caustic shrike
244869 | Dis:7    | Noticed a caustic shrike
244877 | Dis:7    | Killed a caustic shrike
245602 | Dis:7    | Identified the +0 hand axe of Bodily Harmony {flame, rElec
                  | Str-5 Dex+6}
245749 | Dis:7    | Noticed a caustic shrike
245749 | Dis:7    | Noticed a caustic shrike
245754 | Dis:7    | Killed a caustic shrike
245755 | Dis:7    | Killed a caustic shrike
245847 | Dis:7    | Identified the +5 ring mail "Toesmiwi" {Harm Int-4 Dex+5
                  | Stlth-}
245976 | Dis:7    | Noticed a caustic shrike
245978 | Dis:7    | Noticed a caustic shrike
245980 | Dis:7    | Killed a caustic shrike
245981 | Dis:7    | Killed a caustic shrike
246086 | Dis:7    | Noticed a caustic shrike
246086 | Dis:7    | Noticed a caustic shrike
246089 | Dis:7    | Killed a caustic shrike
246092 | Dis:7    | Killed a caustic shrike
246318 | Dis:7    | Noticed Dispater
246570 | Dis:7    | Killed Dispater
246571 | Dis:7    | Reached skill level 20 in Armour
246586 | Dis:7    | Reached skill level 20 in Shields
246829 | Dis:7    | Got an iron rune of Zot
246833 | Dis:7    | Identified the staff of cold "Qudu" {*Corrode rC+ Str+6}
247159 | Dis:7    | Reached skill level 20 in Dodging
247509 | Tar:1    | Entered Level 1 of Tartarus
247513 | Tar:1    | Reached skill level 26 in Fighting
248435 | Tar:2    | Reached skill level 19 in Evocations
248910 | Tar:3    | Learned a level 4 spell: Passage of Golubria
248913 | Tar:3    | Learned a level 2 spell: Passwall
249777 | Tar:5    | Reached skill level 20 in Evocations
250734 | Tar:6    | Reached skill level 21 in Evocations
250942 | Tar:7    | Entered Level 7 of Tartarus
252711 | Tar:7    | Reached skill level 22 in Evocations
253469 | Tar:7    | Identified the +1 war axe "Tawnoype" {antimagic, rElec}
254491 | Tar:7    | Identified the -1 pair of gloves of Weak the Leaf {rCorr}
254944 | Tar:7    | Identified the ring "Qipp" {rPois rC- Will+ rCorr Int+8}
254980 | Tar:7    | Reached skill level 23 in Evocations
255051 | Tar:7    | Identified the staff of earth "Eraapussy" {rElec Str+3}
255067 | Tar:7    | Identified the +5 rapier of Truncation {freeze, Contam
                  | rF+++ rCorr Dex-4}
255077 | Tar:7    | Found the +7 captain's cutlass {speed, disarm}
255152 | Tar:7    | Identified the staff of conjuration "Qapna" {Dex+6}
255153 | Tar:7    | Identified the +0 plate armour of Vodaigeg {Str+3 Stlth+}
255162 | Tar:7    | Identified the staff of fire "Iraolly" {Fragile rF+ rC++
                  | Int+4}
255238 | Tar:7    | Noticed Ereshkigal
255246 | Tar:7    | Killed Ereshkigal
255372 | Tar:7    | Got a bone rune of Zot
255538 | Geh:1    | Entered Level 1 of Gehenna
256393 | Geh:2    | You fall into a shaft and drop 1 floor!
256686 | Geh:3    | Reached skill level 11 in Stealth
258264 | Geh:6    | Reached skill level 24 in Evocations
258580 | Geh:7    | Entered Level 7 of Gehenna
258642 | Geh:7    | Reached skill level 12 in Stealth
259671 | Geh:7    | Noticed the Serpent of Hell
259679 | Geh:7    | Killed the Serpent of Hell
259718 | Geh:7    | Reached skill level 13 in Stealth
259919 | Geh:7    | Identified the ring of Kihyac {Fly rF+ rC+ Will- Dex+4}
260304 | Geh:7    | Identified the ring of Ynulur {Fly rPois Int+4}
260561 | Geh:7    | Found the +7 sceptre of Asmodeus
260561 | Geh:7    | Identified the +5 fire dragon scales "Gehoch" {rF++ rC-
                  | Str+6 Dex-5}
260561 | Geh:7    | Noticed Asmodeus
260576 | Geh:7    | Killed Asmodeus
260705 | Geh:7    | Got an obsidian rune of Zot
261067 | Zot:5    | Got the Orb of Zot
261637 | D:$      | Escaped with the Orb!

Vanquished Creatures
  the Royal Jelly (Slime:5)
  Antaeus (Coc:7)
  Asmodeus (Geh:7)
  Gloorx Vloq (Pan)
  31 pandemonium lords (Pan)
  Mnoleg (Pan)
  the Serpent of Hell (Geh:7)
  Lom Lobon (Pan)
  8 dread liches (Crypt:3 Vaults:5 Abyss:1 Zig:4 Zig:14)
  2 orbs of fire (Zot:5)
  Dispater (Dis:7)
  Khufu (Tomb:2)
  An ancient lich (Zot:5)
  2 juggernauts (Depths:3)
  43 royal mummies (Tomb:1 Tomb:2 Tomb:3 Zig:11 Zig:12)
  Parghit (Zot:2)
  5 shard shrikes (Coc:7)
  2 curse toes (Crypt:3 Zot:3)
  5 Killer Klowns (Zot:3 Zot:5 Zig:15)
  5 golden dragons (Depths:3 Vaults:5 Zot:2)
  27 caustic shrikes (Depths:3 Zig:14 Dis:1 Dis:2 Dis:3)
  Nikola (Swamp:4)
  18 bone dragons (Abyss:1 Abyss:2 Tar:2 Tar:5 Tar:6)
  The ghost of Qecvurom the Warrior, an adept DrRe of Fedhas (Vaults:2)
  27 Tzitzimimeh (Pan Tar:2 Tar:3 Tar:7)
  4 electric golems (Zot:2 Zot:3 Zot:5)
  27 Brimstone Fiends (Pan Tar:2 Geh:2 Geh:5 Geh:6)
  9 profane servitors (Abyss:2 Tar:2 Tar:4 Tar:7)
  9 doom hounds (Depths:2 Tar:1 Tar:4 Tar:5)
  5 iron giants (Dis:7)
  8 hellephants (Abyss:1 Pan Zig:8 Geh:6)
  10 tentacled monstrosities (Swamp:1 Swamp:4 Vaults:5 Abyss:2 Zot:1)
  A spectral shard shrike (Tar:5)
  Jorgrun (D:15)
  16 tainted leviathans (Tar:3 Tar:4 Tar:5 Tar:6 Tar:7)
  5 walking crystal tomes (Depths:3 Depths:4)
  A shard shrike skeleton (Crypt:3)
  18 Orb Guardians (Zot:5 D:1)
  Rupert (D:15)
  30 Hell Sentinels (Pan Zig:14 Dis:2 Dis:5 Dis:6)
  24 Ice Fiends (Pan Zig:15 Coc:1 Coc:7 Tar:2)
  Grunn (Depths:2)
  A walking frostbound tome (Depths:3)
  11 deep elf master archers (Elf:3 Zig:7 Zig:10)
  4 quicksilver dragons (Abyss:4 Zot:2 Zot:5)
  12 liches (Crypt:3 Depths:2 Abyss:1 Abyss:2 Abyss:4)
  12 titans (Depths:3 Vaults:5 Pan Coc:7)
  18 searing wretches (Geh:1 Geh:2 Geh:3 Geh:4 Geh:6)
  7 deep elf blademasters (Elf:1 Elf:3 Zig:9)
  5 sphinxes (Depths:2 Vaults:5 Tomb:1)
  28 Executioners (Abyss:1 Pan)
  18 ancient champions (WizLab Crypt:2 Crypt:3 Dis:1 Dis:2)
  22 acid blobs (Slime:2 Slime:3 Slime:4 Slime:5)
  25 tentacled starspawn (Abyss:1 Abyss:2 Abyss:3 Abyss:4)
  8 death cobs (Zot:1 Zot:2)
  7 shadow dragons (Depths:3 Vaults:5 Zot:1 Zot:2 Zot:4)
  Roxanne (Swamp:4)
  Kirke (D:12)
  Agnes (Elf:1)
  2 tengu reavers (Depths:3 Vaults:5)
  12 draconian monks (Depths:4 Zot:1 Zot:2 Zot:3 Zot:4)
  19 rockslimes (Slime:2 Slime:1 Slime:3 Slime:5 Slime:4)
  10 revenants (WizLab Crypt:1 Crypt:2 Depths:2 Abyss:2)
  37 demonspawn warmongers (Pan)
  12 frost giants (Depths:1 Depths:3 Depths:4 Coc:1 Coc:6)
  4 nagarajas (Snake:4 Zig:2)
  6 draconian knights (Abyss:2 Zot:1 Zot:3 Zig:17)
  10 storm dragons (Depths:3 Vaults:5 Zot:2 Zot:3 Zot:5)
  10 fire giants (Vaults:2 Depths:3 Vaults:5 Geh:1 Geh:3)
  2 iron dragons (Dis:1 Dis:5)
  7 deep elf sorcerers (Elf:1 Elf:3)
  A fenstrider witch (Swamp:4)
  27 azure jellies (Slime:1 Slime:3 Slime:4 Slime:5 Coc:7)
  18 narguns (Coc:4 Coc:5 Coc:6 Coc:7)
  A frost giant (shapeshifter) (Zig:15)
  10 draconian shifters (Zot:1 Zot:2 Zot:3 Zig:17)
  2 spectral juggernauts (Tar:4 Tar:7)
  18 vault wardens (Vaults:1 Vaults:2 Vaults:3 Vaults:4 Vaults:5)
  10 quicksilver elementals (Zig:14 Dis:4 Dis:5 Dis:7)
  7 shard shrike simulacra (Coc:3 Coc:6 Coc:7)
  5 curse skulls (Crypt:1 Crypt:2 Pan)
  4 draconian scorchers (Zot:4 Zot:5 Zig:17)
  2 caustic shrike zombies (WizLab Zig:18)
  The ghost of Cophusiv the Bludgeoner, a journeyman DsGl of Hepliaklqana (D:15)
  Louise (Elf:2)
  A spectral caustic shrike (Tar:5)
  4 deep elf elementalists (Elf:3 Elf:2)
  12 ghost moths (Zot:2 Zot:5 Pan)
  62 balrugs (Depths:1 Abyss:1 Abyss:2 Hell Pan)
  34 very ugly things (IceCv D:13 Vaults:4 Depths:1 Depths:2)
  3 angels (Abyss:1 Pan)
  14 draconian annihilators (Depths:4 Zot:1 Zot:2 Zot:3 Zot:4)
  8 ghouls (Crypt:1 Crypt:2)
  11 draconian stormcallers (Zot:1 Zot:3 Zot:4 Zig:17 Geh:5)
  22 cacodemons (Abyss:1 Abyss:2 Pan)
  3 spriggan defenders (Depths:3)
  28 demonspawn blood saints (Pan)
  An ophan (Pan)
  4 juggernaut skeletons (Crypt:3 Depths:2 Zig:12)
  42 reapers (Crypt:3 Abyss:4 Hell Pan Tar:6)
  22 stone giants (D:15 Depths:1 Depths:2 Depths:3 Depths:4)
  9 ironbound preservers (Vaults:1 Vaults:2 Vaults:3 Vaults:4)
  41 demonspawn corrupters (Pan Zig:16)
  19 quicksilver oozes (Slime:1 Slime:2 Slime:3 Slime:4 Slime:5)
  5 caustic shrike skeletons (Crypt:3 Tomb:3 Pan)
  16 elemental wellsprings (Coc:2 Coc:3 Coc:4 Coc:5 Coc:6)
  9 ironbound thunderhulks (Vaults:1 Vaults:2 Vaults:3 Vaults:4)
  23 war gargoyles (Vaults:4 Vaults:5 Hell Dis:1 Dis:2)
  12 green draconians (Zot:1 Zot:2 Zot:3 Zot:5 Zig:17)
  2 eleionomae (Swamp:1)
  11 vampire knights (Crypt:1 Depths:2 Depths:1 Depths:3)
  11 red draconians (Zot:1 Zot:2 Zot:3 Zot:4)
  9 deep elf demonologists (Elf:1 Elf:2 Elf:3 Vaults:2 Zig:16)
  77 lorocyprocas (Abyss:2 Pan)
  8 black draconians (Depths:4 Zot:1 Zot:2 Zot:3 Zot:5)
  29 putrid mouths (Tar:2 Tar:3 Tar:4 Tar:5 Tar:6)
  24 demonspawn black suns (Pan)
  16 wendigos (Hell Coc:6 Coc:7)
  17 deep elf annihilators (Elf:1 Elf:2 Elf:3 Vaults:5 Pan)
  5 halazid warlocks (WizLab)
  10 purple draconians (Abyss:2 Zot:1 Zot:2 Zot:3 Zot:4)
  2 spectral titans (WizLab Tar:5)
  12 bennus (Tomb:1 Tomb:2 Tomb:3 Zig:18)
  The ghost of Tollund the Impaler, a journeyman MiMo of Wu Jian (Lair:2)
  24 yellow draconians (Depths:4 Abyss:4 Zot:1 Zot:2 Zot:3)
  16 white draconians (Zot:1 Zot:2 Zot:3 Zot:4 Zot:5)
  13 spark wasps (Depths:2 Depths:3 Depths:4)
  A minotaur (Lair:2)
  5 bunyips (Swamp:2 Swamp:3)
  5 dire elephants (Lair:4 Vaults:1 Vaults:3)
  12 eidola (WizLab Crypt:2 Crypt:3 Tar:5 Tar:7)
  An ettin (shapeshifter) (Depths:2)
  4 merfolk javelineers (Depths:4 Zig:10)
  5 deep elf death magi (Elf:1 Elf:3 WizLab Crypt:3)
  37 blizzard demons (Abyss:1 Abyss:2 Hell Pan)
  7 entropy weavers (Vaults:3 Zig:16)
  13 iron golems (Zig:14 Dis:2 Dis:4 Dis:5 Dis:7)
  35 mummy priests (Tomb:1 Tomb:2 Tomb:3 Zig:6 Zig:11)
  4 spriggan zombies (Crypt:2 Depths:2 Abyss:1 Zig:18)
  25 green deaths (Pan)
  10 ettins (Depths:1 Depths:3 Depths:4 Vaults:5 Zig:4)
  2 quicksilver dragon zombies (Depths:2 Abyss:1)
  20 great orbs of eyes (Vaults:1 Vaults:2 Vaults:3 Vaults:4 Slime:2)
  15 jiangshi (WizLab Crypt:1 Crypt:2 Depths:2)
  12 yaktaur captains (Vaults:1 Vaults:2 Vaults:3 Vaults:4 Vaults:5)
  Josephine (D:15)
  10 deep elf high priests (Elf:1 Elf:2 Elf:3 Vaults:1 Vaults:4)
  15 fire dragons (Lair:5 Swamp:4 Depths:1 Depths:2 Depths:3)
  9 rakshasas (Depths:1 Abyss:2 Depths:2 Abyss:3 Abyss:4)
  A fenstrider witch zombie (Abyss:1)
  30 vault guards (Vaults:2 Vaults:3 Vaults:5)
  8 ice dragons (Lair:5 Depths:1 Depths:2 Depths:3 Depths:4)
  6 hell beasts (Crypt:1 Hell Pan)
  12 caustic shrike simulacra (IceCv Coc:2 Coc:6 Coc:7)
  2 spriggan skeletons (Depths:2 Zig:6)
  6 salamander tyrants (Snake:2 Snake:4 Geh:7)
  Erolcha (D:9)
  3 quicksilver dragon skeletons (Crypt:2 Crypt:3 Zig:18)
  2 catoblepae (Lair:5 Zig:8)
  2 ogre magi (Vaults:4 Vaults:5)
  9 spriggan air magi (Swamp:3 Depths:1 Depths:3 Depths:4 Pan)
  11 centaur warriors (D:13 D:15 D:14 Zig:7 Zig:10)
  2 jorogumos (Zig:16)
  2 peacekeepers (Vaults:3 Vaults:4)
  19 hydras (Lair:3 D:13 D:15 Swamp:1 Swamp:2)
  3 ghost crabs (Lair:3 Swamp:4)
  2 juggernaut simulacra (Coc:7)
  8 ironbound frosthearts (Vaults:1 Vaults:2 Vaults:3)
  9 boulder beetles (D:12 Lair:2 D:14 D:15 Vaults:1)
  3 two-headed ogres (shapeshifter) (Depths:4 Abyss:2)
  12 anacondas (Lair:4 Snake:1 Snake:2 Snake:4)
  An alligator (shapeshifter) (Abyss:1)
  42 dancing weapons (Elf:1 Orc:2 Elf:2 Elf:3 Zig:9)
  5 deep troll shamans (Depths:1 Depths:2 Depths:3)
  4 death knights (Vaults:2 Crypt:1 Crypt:3)
  67 death scarabs (Tomb:1 Tomb:2 Tomb:3 Zig:6 Zig:11)
  4 stokers (Geh:3 Geh:7)
  9 tengu warriors (D:13 D:14 D:15 Depths:1 Depths:2)
  3 death yaks (Lair:4)
  11 naga warriors (Snake:2 Snake:4 Abyss:2 Zig:5)
  2 satyrs (Zig:7 Zig:10)
  5 two-headed ogres (D:8 D:11 D:12 Vaults:5)
  36 hell hogs (Abyss:1 Abyss:3 Hell Pan Geh:1)
  15 alligators (Lair:4 Swamp:2 Swamp:3 Swamp:4)
  5 orc high priests (Orc:1 Orc:2 Zig:3)
  7 deep troll earth magi (Vaults:1 Depths:2 Depths:3 Depths:4)
  23 thrashing horrors (Abyss:1 Abyss:2 Depths:2 Abyss:3 Abyss:4)
  3 titan zombies (WizLab Crypt:2 Hell)
  2 spectral nagas (Tar:4)
  7 naga sharpshooters (Snake:2 Snake:4 Zig:5 Zig:7 Zig:10)
  10 vampire magi (WizLab Crypt:1 Crypt:2 Crypt:3 Depths:4)
  19 deep elf knights (Elf:1 Elf:2 Elf:3 Zig:9)
  5 holy swine (Pan)
  7 spriggan berserkers (Swamp:3 Depths:1 Depths:3)
  136 sun demons (Depths:1 Abyss:1 Depths:2 Abyss:4 Hell)
  6 hell knights (Depths:4 Hell)
  Urug (Lair:5)
  12 wretched stars (Abyss:1 Abyss:2 Abyss:3)
  4 storm dragon zombies (Depths:2 Hell Zig:18)
  59 soul eaters (Crypt:1 Abyss:1 Abyss:2 Hell Pan)
  4 titan skeletons (Crypt:3)
  3 crystal echidnas (Dis:5 Dis:7)
  3 skysharks (Lair:2 Lair:4 Lair:5)
  9 shock serpents (Snake:1 Snake:2 Snake:4 Zig:2)
  31 sixfirhies (Abyss:1 Abyss:2 Abyss:3 Pan)
  A spark wasp zombie (WizLab)
  A cherub (Pan)
  A death drake (Abyss:1)
  33 skeletal warriors (D:13 WizLab Crypt:1 Crypt:2 Crypt:3)
  4 goliath frogs (Swamp:1 Swamp:2 Swamp:3)
  10 iron trolls (Depths:2 Depths:3 Depths:4)
  46 deep trolls (Vaults:1 Vaults:2 Vaults:3 Vaults:4 Depths:1)
  2 golden dragon zombies (Zig:11 Zig:18)
  4 salamander mystics (Snake:2 Snake:4)
  32 shadow wraiths (WizLab Crypt:2 Crypt:3 Abyss:1 Pan)
  6 orange crystal statues (Orc:2 IceCv)
  A storm dragon skeleton (Crypt:2)
  8 glowing orange brains (Slime:3 Depths:2 Depths:3 Abyss:1 Abyss:4)
  4 quicksilver dragon simulacra (Coc:2 Coc:4 Coc:6)
  46 shadow demons (Pan Zig:16 Zig:17 D:15)
  2 spriggan druids (Swamp:3 Swamp:4)
  8 naga ritualists (Snake:2 Snake:3 Snake:4 Zig:5)
  8 spatial maelstroms (Abyss:2 Abyss:4)
  3 orb spiders (Zig:16)
  2 bunyip skeletons (Crypt:3 Tomb:2)
  An orb spider (shapeshifter) (Elf:1)
  12 deep elf archers (Elf:1 Elf:2 Elf:3 Zig:9)
  10 swamp dragons (Lair:5 Swamp:3 Swamp:4)
  4 bog bodies (Swamp:1 Swamp:2 Swamp:3)
  8 spriggan simulacra (Hell Coc:1 Coc:2 Coc:7)
  19 lindwurms (Lair:5 Swamp:4 Snake:4 Vaults:1 Vaults:2)
  A spectral iron dragon (Tar:5)
  An iron dragon zombie (Zig:18)
  A spectral wolf spider (WizLab)
  7 flayed ghosts (Crypt:2 Crypt:3 Depths:2 Depths:3 Abyss:1)
  7 wizards (Vaults:2 Vaults:4 Depths:2 Pan)
  3 anaconda skeletons (Crypt:3)
  13 mana vipers (Snake:1 Snake:2 Snake:3 Snake:4)
  A fenstrider witch simulacrum (Coc:1)
  6 necromancers (Vaults:3 WizLab Crypt:2 Abyss:1 Hell)
  4 orc knights (Orc:2 Orc:1)
  20 ironbound convokers (Vaults:1 Vaults:2 Vaults:3 Vaults:4 Vaults:5)
  The ghost of Iniera the Conjurer, a novice KoCj (D:6)
  4 spectral spriggans (WizLab Tar:1 Tar:4)
  2 golden dragon skeletons (Depths:2 Zig:12)
  A goliath frog zombie (Crypt:3)
  3 harpies (Vaults:2)
  8 orc sorcerers (Orc:1 Orc:2 Zig:3)
  13 phantasmal warriors (WizLab Crypt:1 Crypt:2 Vaults:5 Abyss:1)
  39 deep elf pyromancers (D:14 Elf:1 Elf:2 Elf:3 Zig:9)
  A tengu skeleton (Zig:18)
  42 deep elf zephyrmancers (D:7 Elf:1 Elf:2 Elf:3 Zig:9)
  2 shadow dragon skeletons (Depths:2 Zig:6)
  25 ugly things (D:11 D:12 D:13 Vaults:2 Vaults:4)
  A fire giant zombie (Hell)
  6 shining eyes (Slime:2 Slime:1 Slime:3 Slime:5)
  A wolf spider (Zig:16)
  2 fauns (Zig:10)
  4 cyclopes (D:11 D:14 Zig:10)
  5 will-o-the-wisps (Swamp:2 Swamp:3 Abyss:1 Abyss:2 Abyss:4)
  2 manticores (D:15)
  4 frost giant zombies (Depths:2 Hell Zig:12)
  12 worldbinders (Abyss:1 Abyss:2 Abyss:4)
  A jorogumo skeleton (Crypt:3)
  16 salamanders (Snake:1 Snake:3 Snake:4)
  8 elephants (Lair:4 Lair:5 Zig:8)
  5 apocalypse crabs (Abyss:2)
  A black mamba (shapeshifter) (Vaults:5)
  24 moths of wrath (Zot:1 Zot:2 Zot:3 Zot:4 Zot:5)
  A toenail golem (Pan)
  2 guardian serpents (shapeshifter) (D:15 Vaults:5)
  5 rust devils (Abyss:1 Hell Pan)
  Maurice (D:8)
  A naga zombie (Abyss:1)
  32 demonic crawlers (Abyss:1 Abyss:4 Hell Pan)
  11 guardian serpents (Snake:4 Abyss:2 Zig:5)
  16 naga magi (Snake:1 Snake:2 Snake:3 Snake:4 Abyss:2)
  4 ice statues (D:13 Coc:7)
  4 eyes of devastation (Slime:2 Slime:4 Slime:5 Abyss:2)
  A fire giant skeleton (Depths:2)
  10 torpor snails (Lair:2 Lair:4 Lair:5 Zig:8 Zig:16)
  A frost giant skeleton (Depths:2)
  5 centaur skeletons (D:13 Crypt:3)
  A stone giant skeleton (Crypt:3)
  13 vault sentinels (Vaults:1 Vaults:2 Vaults:3 Vaults:4 Vaults:5)
  25 black mambas (Lair:1 Lair:3 Lair:4 Lair:5 Snake:2)
  41 orange demons (Abyss:1 Abyss:2 Abyss:3 Abyss:4 Pan)
  A dire elephant zombie (Crypt:2)
  3 titan simulacra (Coc:1 Coc:2 Coc:4)
  An alligator snapping turtle zombie (Abyss:1)
  7 molten gargoyles (Hell Geh:7)
  11 cane toads (Lair:1 Lair:2 Lair:3 Lair:4 Lair:5)
  85 smoke demons (Depths:1 Abyss:1 Abyss:2 Abyss:3 Abyss:4)
  3 gargoyles (D:11 D:12)
  A yaktaur zombie (Vaults:3)
  5 unseen horrors (Tar:7)
  3 kobold demonologists (D:11 D:13 D:14)
  80 hellions (Crypt:1 Abyss:4 Hell Pan Zig:14)
  6 rime drakes (Lair:1 Lair:3 Lair:4 Lair:5)
  A naga skeleton (Tomb:1)
  5 komodo dragons (Lair:2 Lair:3 Lair:4 Lair:5)
  38 yaktaurs (D:13 Vaults:1 Vaults:2 Vaults:4 Vaults:5)
  A yaktaur (shapeshifter) (Zig:15)
  8 efreet (Abyss:1 Abyss:2 Pan)
  16 freezing wraiths (IceCv Vaults:3 Crypt:1 Crypt:2 Abyss:1)
  5 anaconda simulacra (IceCv Hell Coc:1 Coc:7)
  A white draconian zombie (Crypt:1)
  5 trolls (D:10 D:12 Orc:2 D:13 Zig:3)
  41 guardian mummies (Tomb:1 Tomb:3 Zig:6 Zig:11 Zig:12)
  An alligator snapping turtle skeleton (Crypt:3)
  10 ancient zymes (Abyss:1 Abyss:2)
  5 ice devils (Abyss:2 Hell Pan D:9)
  2 tengu conjurers (D:13 Depths:1)
  2 golden dragon simulacra (IceCv)
  16 tormentors (Abyss:2 Abyss:4 Pan Zig:14 Dis:1)
  2 harpy zombies (Abyss:2 Tomb:2)
  A catoblepas skeleton (Crypt:1)
  2 iron giant simulacra (Coc:6 Coc:7)
  11 red devils (Pan)
  A merfolk (shapeshifter) (Vaults:5)
  2 tengu simulacra (Abyss:1 Zig:18)
  29 hornets (D:8 Lair:5 Swamp:1 Lair:3 Swamp:2)
  2 silent spectres (Tar:3 Tar:6)
  A meliai (Zig:16)
  2 spectral harpies (WizLab Tar:4)
  7 wind drakes (Pan)
  29 hellwings (Abyss:1 Abyss:2 Pan D:14)
  11 tyrant leeches (Lair:5 Lair:3 Swamp:1 Swamp:3 Swamp:4)
  A tarantella (shapeshifter) (Elf:3)
  2 iron dragon simulacra (Coc:6)
  A shadow dragon simulacrum (Zig:18)
  A hydra skeleton (Crypt:2)
  28 blink frogs (Lair:2 Lair:3 Abyss:2 Abyss:3)
  3 ettin zombies (Vaults:5 Abyss:1 Hell)
  47 raiju (Abyss:1 Abyss:2 Abyss:4)
  A fire dragon zombie (Crypt:1)
  99 large abominations (Abyss:1 Abyss:2 Abyss:3 Abyss:4 Pan)
  A snapping turtle (shapeshifter) (Vaults:1)
  4 harpy skeletons (Crypt:3)
  2 stone giant simulacra (Coc:1)
  46 small abominations (Abyss:1 Abyss:2 Abyss:3 Abyss:4)
  14 dream sheep (Lair:3 Lair:5)
  7 air elementals (Elf:1 Elf:2 Elf:3 Zig:9)
  156 slime creatures (D:12 D:11 Vaults:1 Vaults:2 Vaults:3)
  A spectral black mamba (Lair:3)
  A jumping spider (shapeshifter) (Abyss:2)
  2 jumping spiders (Vaults:3)
  A centaur simulacrum (Abyss:1)
  106 ynoxinuls (Abyss:1 Abyss:2 Abyss:4 Pan)
  2 culicivoras (Vaults:3 Zig:16)
  65 flying skulls (WizLab Crypt:1 Depths:2 Abyss:1 Tomb:1)
  A guardian serpent skeleton (Crypt:3)
  25 spriggans (Swamp:1 Lair:3 Swamp:2 Swamp:3 Swamp:4)
  4 vampires (D:10 D:13 Abyss:4)
  17 wraiths (D:12 D:13 D:15 Crypt:1 Crypt:3)
  10 water elementals (D:15 Elf:1 Depths:4 Zig:9 Coc:7)
  A shadow (D:13)
  8 dire elephant simulacra (IceCv Coc:1 Coc:2 Coc:5 Coc:7)
  An ettin skeleton (Crypt:2)
  A black mamba skeleton (Abyss:2)
  3 slime creature zombies (Crypt:2 Slime:3)
  13 ushabtiu (Tomb:1 Tomb:2 Tomb:3 Zig:6 Zig:12)
  59 yaks (D:9 D:10 D:12 Lair:1 Lair:2)
  6 fire elementals (Swamp:4 Elf:2 Elf:3 Abyss:1)
  A hog (shapeshifter) (D:13)
  4 basilisks (D:12 Lair:4 Lair:5 D:15)
  A hog (D:12)
  3 wyverns (D:8 D:11 Lair:1)
  9 fire bats (Abyss:1 Abyss:2 Pan)
  15 golden eyes (Slime:3 Slime:4 Slime:5 Abyss:1 Abyss:2)
  A golden eye (shapeshifter) (Abyss:2)
  8 steam dragons (D:8 Lair:4 Lair:5 Swamp:4)
  51 neqoxecs (D:15 Depths:2 Abyss:1 Abyss:2 Abyss:3)
  78 starcursed masses (Abyss:1 Abyss:2 Abyss:3 Abyss:4)
  A human simulacrum (Vaults:3)
  14 vampire mosquitoes (D:10 D:11 D:12 D:14)
  2 redbacks (Zig:16)
  62 chaos spawn (Abyss:1 Abyss:2 Abyss:3 Abyss:4 Pan)
  12 spatial vortices (Abyss:2 Abyss:4)
  10 swamp worms (Swamp:1 Swamp:2 Swamp:4)
  37 nagas (Lair:2 Snake:1 Snake:2 Snake:3 Snake:4)
  13 harpy simulacra (IceCv Hell Coc:1 Coc:2 Coc:5)
  4 wargs (Orc:1 Orc:2)
  4 acid dragons (D:11 D:12 Lair:5)
  3 glowing shapeshifter zombies (Crypt:2 Depths:2)
  A deep troll zombie (Crypt:3)
  16 water moccasins (D:5 D:8 Lair:1 Lair:2 Lair:3)
  A floating eye (Depths:2)
  6 hydra simulacra (IceCv Coc:2 Coc:4 Coc:5 Coc:6)
  A cane toad zombie (Crypt:3)
  9 hell hounds (Abyss:1 Abyss:2 Abyss:4)
  A glowing shapeshifter skeleton (Depths:2)
  2 sky beasts (D:8 Abyss:1)
  An ice beast (D:8)
  22 orc warriors (D:7 D:9 Orc:1 Orc:2 Vaults:5)
  A sky beast (shapeshifter) (Abyss:1)
  An ice beast (shapeshifter) (Vaults:1)
  6 swamp drakes (Lair:5 Swamp:4)
  A boggart (D:13)
  A black bear (D:5)
  5 ettin simulacra (IceCv Coc:5 Coc:7)
  22 wolves (Lair:1 Lair:2 Lair:3 Lair:4 Lair:5)
  8 ogres (D:9 Orc:1 Zig:3)
  3 human skeletons (Vaults:3 Depths:2)
  16 centaurs (D:8 D:9 D:6 D:10 D:11)
  A blink frog skeleton (Crypt:3)
  4 phantoms (D:5 D:4 D:6 D:7)
  8 kobold brigands (D:6 D:8 D:11 D:13 D:14)
  An elf zombie (Crypt:2)
  4 necrophages (Crypt:1 Crypt:2)
  15 bullfrogs (D:7 D:8 Lair:1 Lair:2 Lair:3)
  A scorpion (Lair:4)
  A draconian skeleton (Crypt:1)
  A glowing shapeshifter simulacrum (Vaults:3)
  5 earth elementals (Elf:2 Elf:3 Zig:9)
  A cyclops skeleton (Crypt:1)
  4 naga simulacra (Hell Coc:3 Coc:7)
  25 wights (D:8 Vaults:2 Crypt:3)
  10 killer bees (D:8 D:9 D:10)
  3 lindwurm simulacra (IceCv)
  12 howler monkeys (D:6 D:8 D:9 D:11)
  An electric eel (D:14)
  4 crimson imps (Abyss:2 Pan)
  13 jellies (D:6 D:7 Slime:1 Abyss:1 Abyss:2)
  8 quasits (D:15 Abyss:1 Abyss:2)
  14 iron imps (Crypt:1 Abyss:1 Abyss:2 Abyss:4)
  A basilisk zombie (Crypt:3)
  A bullfrog skeleton (Crypt:2)
  8 hounds (D:5 D:9 D:7)
  15 orc priests (D:8 D:9 D:10 Orc:1 Orc:2)
  Crazy Yiuf (D:6)
  2 gnoll boudas (D:8 D:9)
  Jessica (D:3)
  4 iguanas (D:5 D:7 Lair:5)
  2 sleepcaps (D:4 D:8)
  15 orc wizards (D:7 D:8 D:9 D:10 Orc:2)
  11 hell rats (Lair:3 Hell)
  A lightning spire (Zot:2)
  A deep dwarf zombie (Crypt:1)
  An ogre zombie (Crypt:3)
  A hound zombie (Crypt:1)
  69 mummies (Tomb:1 Tomb:2 Tomb:3 Zig:6 Zig:11)
  Robin (D:3)
  A gnoll (shapeshifter) (Vaults:2)
  6 gnolls (D:9 D:6)
  9 adders (D:2 D:3 D:4 D:5)
  A steam dragon skeleton (Crypt:1)
  3 shadow imps (Abyss:1 Tar:7)
  13 white imps (D:7 D:8 D:6 Abyss:1 Abyss:2)
  5 ufetubi (Abyss:1 Abyss:2 Abyss:4)
  3 worms (D:2 D:3)
  3 dart slugs (D:1 D:3 D:4)
  30 orcs (D:3 D:4 D:5 D:7 D:8)
  A spectral bat (Abyss:2)
  5 ball pythons (D:1 D:2 D:3)
  6 endoplasms (D:3 D:4)
  3 giant cockroaches (D:1 D:2)
  17 goblins (D:1 D:2 D:3)
  16 hobgoblins (D:1 D:2 D:3 D:4 D:9)
  4 jackals (D:1)
  A jackal (shapeshifter) (Depths:3)
  25 kobolds (D:1 D:2 D:3 D:6 D:9)
  3 quokkas (D:2 D:3 D:4)
  8 bats (D:1 D:2 Abyss:2)
  A dart slug zombie (Crypt:3)
  A frilled lizard (D:1)
  A frilled lizard skeleton (Crypt:2)
  A jackal zombie (Crypt:3)
  5 rats (D:1 D:3)
  A ball lightning (Pan)
  4 bushes (Lair:4)
  4 creeping infernos (Geh:1 Geh:2 Geh:5 Geh:7)
  A fire vortex (Geh:6)
  A lurking horror (Abyss:1)
  14 starspawn tentacles (Abyss:1 Abyss:2)
5305 creatures vanquished.

Vanquished Creatures (collateral kills)
  Cerebov (Pan)
  Ereshkigal (Tar:7)
  A dread lich (Hell)
  4 ancient liches (Vaults:5 Zot:5)
  4 orbs of fire (Zot:5)
  10 pandemonium lords (Pan Zig:15)
  A shard shrike (Coc:7)
  12 royal mummies (Tomb:1 Tomb:2 Tomb:3 Zig:18)
  4 Killer Klowns (Zot:5 Zig:15)
  11 caustic shrikes (Dis:1 Dis:2 Dis:3 Dis:4)
  Geryon (Hell)
  3 golden dragons (Vaults:5 Zot:2 Zot:4)
  4 profane servitors (Tar:5 Tar:7)
  7 bone dragons (Tar:2 Tar:3 Tar:5 Tar:6 Tar:7)
  6 Brimstone Fiends (Pan Geh:7)
  17 Tzitzimimeh (Pan Tar:5 Tar:7)
  4 doom hounds (Tar:4 Tar:6)
  6 hellephants (Pan Geh:5 Geh:6 Geh:7)
  4 iron giants (Zig:14 Dis:7)
  6 tentacled monstrosities (Vaults:5 Zot:2 Zot:4 Zot:5 Pan)
  3 electric golems (Zot:1 Zot:5)
  9 Hell Sentinels (Pan Dis:2 Dis:4 Dis:5 Dis:7)
  13 tainted leviathans (Tar:3 Tar:4 Tar:5 Tar:6 Tar:7)
  19 Ice Fiends (Pan Zig:15 Coc:3 Coc:5 Coc:7)
  A lich (Tomb:2)
  10 searing wretches (Zig:13 Geh:2 Geh:3 Geh:4 Geh:6)
  8 Orb Guardians (Zot:5)
  4 quicksilver dragons (Vaults:5 Zot:2 Zot:4)
  2 titans (Pan Coc:7)
  A quicksilver dragon (shapeshifter) (Vaults:5)
  36 Executioners (Pan)
  11 ancient champions (Tomb:3 Dis:2 Dis:5 Dis:6 Dis:7)
  A death cob (Zot:3)
  A sphinx (Vaults:5)
  3 tengu reavers (Vaults:5)
  3 storm dragons (Zot:1 Zot:4 Pan)
  A fenstrider witch (shapeshifter) (Zig:15)
  33 demonspawn warmongers (Pan)
  A daeva (Pan)
  10 narguns (Coc:3 Coc:4 Coc:7)
  An azure jelly (shapeshifter) (Zig:15)
  3 shadow dragons (Vaults:5 Zot:5)
  7 fire giants (Vaults:5 Geh:1 Geh:3 Geh:4 Geh:5)
  4 azure jellies (Coc:7)
  2 fire giants (shapeshifter) (Zig:15)
  6 frost giants (Vaults:5 Coc:1 Coc:7)
  4 quicksilver elementals (Zig:14 Dis:7)
  An iron dragon (Dis:1)
  3 emperor scorpions (Zig:16)
  A draconian shifter (Zot:3)
  50 balrugs (Pan Zig:13 Geh:2 Geh:3 Geh:4)
  A draconian scorcher (Geh:5)
  2 vault wardens (Vaults:5)
  A ghost moth (Zig:16)
  A caustic shrike zombie (Hell)
  2 juggernaut zombies (Hell Tomb:3)
  19 demonspawn corrupters (Pan)
  2 draconian annihilators (Zot:3)
  3 ironbound preservers (Vaults:5)
  24 cacodemons (Pan)
  18 demonspawn blood saints (Pan)
  2 stone giants (Vaults:5)
  2 draconian stormcallers (Zot:1 Zot:3)
  71 reapers (Pan)
  14 war gargoyles (Dis:1 Dis:4 Dis:5 Dis:7)
  3 very ugly things (Pan)
  6 bennus (Tomb:1 Tomb:2 Tomb:3 Zig:18)
  2 purple draconians (Zot:2 Zot:3)
  2 lorocyprocas (Pan)
  A deep elf demonologist (Vaults:5)
  15 demonspawn black suns (Pan)
  8 putrid mouths (Tar:4 Tar:5 Tar:6 Tar:7)
  4 elemental wellsprings (Coc:3 Coc:4 Coc:7)
  A spark wasp (Zig:16)
  4 red draconians (Zot:3 Zig:17)
  4 white draconians (Zot:3 Zig:17)
  A dire elephant (shapeshifter) (Zig:15)
  2 black draconians (Zot:3)
  2 wendigos (Coc:1 Coc:4)
  2 yellow draconians (Zot:3)
  2 ettins (Vaults:5)
  5 mummy priests (Tomb:1 Tomb:2 Tomb:3)
  42 blizzard demons (Pan)
  An eidolon (Tar:4)
  16 iron golems (Zig:14 Dis:1 Dis:2 Dis:4 Dis:7)
  60 green deaths (Pan)
  A yaktaur captain (Vaults:5)
  7 salamander tyrants (Geh:6 Geh:7)
  An entropy weaver (Zig:16)
  6 rakshasas (Pan)
  A spriggan air mage (Pan)
  A vault guard (Vaults:5)
  2 caustic shrike simulacra (Coc:3)
  11 hell beasts (Pan)
  2 spectral spriggans (Tar:1 Tar:3)
  2 spriggan skeletons (Pan)
  An ogre mage (Vaults:5)
  2 stokers (Geh:6 Geh:7)
  3 juggernaut simulacra (Coc:4 Coc:7)
  11 death scarabs (Tomb:2 Tomb:3)
  4 two-headed ogres (Vaults:5)
  A deep troll earth mage (Vaults:5)
  A boulder beetle (Zig:16)
  A hell knight (Hell)
  16 hell hogs (Hell Pan Geh:1 Geh:3 Geh:4)
  A holy swine (Pan)
  105 soul eaters (Hell Pan)
  2 crystal echidnas (Dis:6 Dis:7)
  58 sixfirhies (Pan)
  3 shadow wraiths (Pan Tar:7)
  An iron troll (shapeshifter) (Zig:15)
  A sun moth (Zig:16)
  245 sun demons (Hell Pan D:1)
  27 shadow demons (Pan)
  5 skeletal warriors (Tomb:1 Tomb:2 Tomb:3)
  An orb spider (Zig:16)
  6 deep trolls (Vaults:5)
  A spriggan simulacrum (Coc:1)
  A spectral iron dragon (Tar:1)
  A glowing orange brain (Pan)
  2 quicksilver dragon simulacra (Coc:1 Coc:7)
  4 phantasmal warriors (Vaults:5)
  2 wizards (Pan)
  3 steelbarb worms (Zig:16)
  An ironbound convoker (Vaults:5)
  4 ugly things (Pan)
  A lindwurm (shapeshifter) (Vaults:5)
  An orc knight (Vaults:5)
  A shining eye (Slime:3)
  A wolf spider (Zig:16)
  A spectral ettin (Tar:3)
  2 frost giant zombies (Hell)
  2 iron dragon zombies (Hell)
  2 spectral centaurs (Tar:1 Tar:2)
  7 rust devils (Pan)
  An elephant (shapeshifter) (Zig:15)
  5 moths of wrath (Zot:1 Zot:3 Zot:5)
  A vault sentinel (Vaults:5)
  2 apocalypse crabs (Zig:15)
  7 molten gargoyles (Hell Geh:7)
  82 demonic crawlers (Pan Zig:16)
  54 orange demons (Pan)
  A titan simulacrum (Coc:6)
  170 smoke demons (Hell Pan)
  16 hellions (Pan Coc:1 Coc:5 Geh:3 Geh:7)
  A dire elephant zombie (Tomb:2)
  2 naga skeletons (Pan)
  A yaktaur (Vaults:5)
  2 iron giant simulacra (Coc:4 Coc:5)
  24 tormentors (Pan Coc:5 Dis:5 Dis:6 Tar:4)
  7 efreet (Pan)
  11 ice devils (Pan)
  19 guardian mummies (Tomb:1 Tomb:2 Tomb:3)
  A spectral harpy (Tar:4)
  40 hellwings (Pan)
  2 spectral nagas (Tar:2 Tar:4)
  A silent spectre (Tar:6)
  24 red devils (Pan)
  8 wind drakes (Pan)
  A harpy skeleton (Pan)
  179 large abominations (Pan)
  A stone giant simulacrum (Coc:1)
  A slime creature (Slime:3)
  3 flying skulls (Tomb:2)
  103 ynoxinuls (Pan)
  2 water elementals (Coc:7)
  2 dire elephant simulacra (Coc:1 Coc:7)
  2 naga simulacra (Coc:1 Coc:5)
  2 culicivoras (Zig:16)
  19 ushabtiu (Tomb:2 Tomb:3)
  43 neqoxecs (Pan)
  A fire bat (Pan)
  A redback (shapeshifter) (Vaults:5)
  2 redbacks (Zig:16)
  134 chaos spawn (Pan Zig:15)
  5 harpy simulacra (Coc:1 Coc:4 Coc:5 Coc:7)
  A hydra simulacrum (Coc:4)
  An ettin simulacrum (Coc:4)
  A tengu (shapeshifter) (Vaults:5)
  An orc priest (Vaults:5)
  24 mummies (Tomb:1 Tomb:2 Tomb:3)
  A shadow imp (Tar:7)
  2 ball lightnings (Pan)
  5 creeping infernos (Geh:1 Geh:3 Geh:5 Geh:6 Geh:7)
  48 fire vortices (Pan Geh:1 Geh:2 Geh:3 Geh:4)
2337 creatures vanquished.

Vanquished Creatures (others)
  2 pandemonium lords (Pan)
  A Brimstone Fiend (Pan)
  An iron giant (Dis:2)
  An Executioner (Pan)
  An eldritch tentacle (Pan)
  A fire giant (Depths:3)
  A draconian knight (Zig:17)
  A quicksilver elemental (Zig:14)
  A spectral juggernaut (Tar:2)
  2 reapers (Pan)
  5 demonspawn blood saints (Pan)
  A lorocyproca (Pan)
  A purple draconian (Zig:17)
  2 green deaths (Pan)
  A blizzard demon (Pan)
  A caustic shrike simulacrum (Coc:7)
  A salamander tyrant (Geh:7)
  A stoker (Geh:6)
  3 titan zombies (Vaults:5)
  An azure jelly zombie (Slime:3)
  A sun demon (Pan)
  2 soul eaters (Pan)
  2 sixfirhies (Pan)
  A golden dragon zombie (Vaults:5)
  A quicksilver dragon simulacrum (Coc:4)
  2 tengu zombies (Vaults:5)
  A sphinx zombie (Vaults:5)
  A deep elf zephyrmancer (Elf:1)
  A lindwurm (Swamp:4)
  A shadow dragon zombie (Vaults:5)
  A stone giant zombie (Vaults:5)
  3 fire giant zombies (Vaults:5)
  21 death scarab zombies (Tomb:2 Tomb:3)
  An elf zombie (Vaults:5)
  A torpor snail (Zig:8)
  An orange demon (Pan)
  A smoke demon (Pan)
  A hellion (Geh:7)
  A redback zombie (Vaults:5)
  32 human zombies (Vaults:5)
  A hellwing (Pan)
  3 raiju (Abyss:2)
  A wind drake (Pan)
  A tarantella (Zig:16)
  2 ettin zombies (Vaults:5)
  2 ynoxinuls (Pan)
  2 humans (D:12)
  A wyvern (Zig:8)
  A neqoxec (Pan)
  5 chaos spawn (Abyss:2 Pan)
  A steam dragon (Swamp:4)
  6 deep troll zombies (Vaults:5)
  4 swamp drakes (Swamp:4)
  4 yaktaur zombies (Vaults:5)
  A quasit (Abyss:1)
  4 hell rat zombies (Hell)
  12 ball lightnings (Pan)
  A creeping inferno (Geh:6)
  A demonic plant (Abyss:1)
  7 fire vortices (Pan Geh:2 Geh:5 Geh:7)
  4 foxfires (Swamp:2 Swamp:4)
  27 fungi (Lair:1 Lair:2 Lair:3 Lair:4 Lair:5)
  3 lurking horrors (Abyss:1 Abyss:2)
  202 plants (D:9 Lair:2 Lair:3 Lair:4 Lair:5)
  22 starspawn tentacles (Abyss:1 Abyss:2 Abyss:3 Abyss:4)
423 creatures vanquished.

Grand Total: 8065 creatures vanquished

Table legend: (Time is in decaauts)
 A = Elapsed time spent in this place.
 B = Non-inter-level travel time spent in this place.
 C = Inter-level travel time spent in this place.
 D = Time resting spent in this place.
 E = Time spent auto-exploring this place.
 F = Levels seen in this place.
 G = Mean time per level.
                   A        B        C        D        E       F      G
               +--------+--------+--------+--------+--------+-----+--------+
         Total | 260472 | 240930 |  19542 |  99111 |  68097 | 175 | 1488.4 |
       Dungeon |  29947 |  23275 |   6672 |   8108 |  10512 |  15 | 1996.5 |
        Temple |    139 |    115 |     24 |      0 |    100 |   1 |  139.0 |
          Lair |  15405 |  13353 |   2052 |   6178 |   4533 |   5 | 3081.0 |
         Swamp |   6833 |   6499 |    334 |   3286 |   2135 |   4 | 1708.2 |
     Snake Pit |   8249 |   7677 |    572 |   3868 |   2364 |   4 | 2062.2 |
    Slime Pits |   9149 |   8629 |    520 |   4834 |   1779 |   5 | 1829.8 |
  Orcish Mines |   5233 |   4671 |    562 |   3013 |   1011 |   2 | 2616.5 |
   Elven Halls |  11193 |  10296 |    897 |   5210 |   2779 |   3 | 3731.0 |
        Vaults |  15975 |  14499 |   1476 |   5394 |   6536 |   5 | 3195.0 |
         Crypt |  11005 |  10053 |    952 |   4614 |   3018 |   3 | 3668.3 |
          Tomb |   5768 |   5335 |    433 |   2377 |   1298 |   3 | 1922.7 |
        Depths |  17229 |  14084 |   3145 |   7382 |   3684 |   4 | 4307.2 |
          Hell |   1357 |   1282 |     75 |     21 |    858 |   1 | 1357.0 |
           Dis |   5835 |   5624 |    211 |   3224 |    504 |   7 |  833.6 |
       Gehenna |   5230 |   4942 |    288 |   1992 |   1098 |   7 |  747.1 |
       Cocytus |   4961 |   4791 |    170 |   2314 |    921 |   7 |  708.7 |
      Tartarus |   7975 |   7782 |    193 |   3750 |   1553 |   7 | 1139.3 |
           Zot |  12680 |  11719 |    961 |   4510 |   5065 |   5 | 2536.0 |
         Abyss |   6095 |   6095 |      0 |    511 |   2732 |  12 |  507.9 |
   Pandemonium |  73689 |  73689 |      0 |  24659 |  15366 |  54 | 1364.6 |
      Ziggurat |   2942 |   2942 |      0 |   1380 |    174 |  18 |  163.4 |
         Trove |     44 |     44 |      0 |      0 |      3 |   1 |   44.0 |
      Ice Cave |    671 |    671 |      0 |    431 |      9 |   1 |  671.0 |
        Wizlab |   2857 |   2857 |      0 |   2053 |     62 |   1 | 2857.0 |
               +--------+--------+--------+--------+--------+-----+--------+

Top non-repeatable levels by time:
 Crypt:3: 5527 daAuts
    D:15: 5194 daAuts
   Elf:2: 4787 daAuts
Depths:3: 4687 daAuts
  Tomb:1: 4592 daAuts
   Tar:7: 4552 daAuts
Depths:4: 4498 daAuts
Vaults:2: 4479 daAuts
 Snake:4: 4188 daAuts
Depths:2: 4182 daAuts
Vaults:1: 4045 daAuts
   Orc:2: 4041 daAuts
Depths:1: 3861 daAuts
  Lair:2: 3721 daAuts
   Dis:7: 3698 daAuts

Table legend:
 A = Non-vault XP
 B = Vault XP
 C = Vault XP percentage of total XP
 D = Non-vault monster count
 E = Vault monster count
 F = Vault count percentage of total count
                 A         B        C        D         E       F
            +---------+---------+-------+---------+---------+-------
      Total | 3571424 | 2102303 |  37.1 |    5312 |    2236 |  29.6
            +---------+---------+-------+---------+---------+-------
        D:1 |      40 |       0 |   0.0 |      21 |       0 |   0.0
        D:2 |      71 |       0 |   0.0 |      19 |       0 |   0.0
        D:3 |      26 |      99 |  79.2 |      15 |      19 |  55.9
        D:4 |     217 |       0 |   0.0 |      15 |       0 |   0.0
        D:5 |     635 |       0 |   0.0 |      11 |       0 |   0.0
        D:6 |     409 |     781 |  65.6 |      11 |       5 |  31.2
        D:7 |     326 |     887 |  73.1 |       9 |       7 |  43.8
        D:8 |    1307 |    2739 |  67.7 |      18 |      17 |  48.6
        D:9 |    1877 |    1907 |  50.4 |      15 |      31 |  67.4
       D:10 |    3141 |       0 |   0.0 |      22 |       0 |   0.0
       D:11 |    5382 |      95 |   1.7 |      21 |       1 |   4.5
       D:12 |    9484 |    1611 |  14.5 |      35 |       2 |   5.4
       D:13 |    7695 |    5261 |  40.6 |      14 |      18 |  56.2
       D:14 |    6168 |       0 |   0.0 |      18 |       0 |   0.0
       D:15 |    7814 |   10687 |  57.8 |      12 |      21 |  63.6
     Lair:1 |    3849 |       0 |   0.0 |      20 |       0 |   0.0
     Lair:2 |    8713 |    3296 |  27.4 |      38 |       6 |  13.6
     Lair:3 |   10568 |    4598 |  30.3 |      50 |       8 |  13.8
     Lair:4 |    8176 |   10235 |  55.6 |      23 |      26 |  53.1
     Lair:5 |    7792 |   10957 |  58.4 |      21 |      32 |  60.4
    Swamp:1 |   10351 |    1935 |  15.7 |      24 |       1 |   4.0
    Swamp:2 |   16353 |       0 |   0.0 |      26 |       0 |   0.0
    Swamp:3 |   13127 |       0 |   0.0 |      20 |       0 |   0.0
    Swamp:4 |   16827 |   16959 |  50.2 |      29 |      27 |  48.2
    Snake:1 |    7098 |       0 |   0.0 |      13 |       0 |   0.0
    Snake:2 |   16986 |       0 |   0.0 |      33 |       0 |   0.0
    Snake:3 |    8437 |       0 |   0.0 |      22 |       0 |   0.0
    Snake:4 |   12398 |   34734 |  73.7 |      29 |      51 |  63.8
    Slime:1 |    7218 |     386 |   5.1 |      13 |       9 |  40.9
    Slime:2 |    8306 |     910 |   9.9 |      14 |       1 |   6.7
    Slime:3 |   19271 |   30349 |  61.2 |      37 |      29 |  43.9
    Slime:4 |   17130 |       0 |   0.0 |      43 |       0 |   0.0
    Slime:5 |   12278 |   23603 |  65.8 |      30 |      16 |  34.8
      Orc:1 |    2769 |     607 |  18.0 |      16 |       1 |   5.9
      Orc:2 |    2384 |   11094 |  82.3 |      27 |      29 |  51.8
      Elf:1 |   17669 |   23570 |  57.2 |      27 |      30 |  52.6
      Elf:2 |   29107 |   24771 |  46.0 |      45 |      32 |  41.6
      Elf:3 |   26955 |   35429 |  56.8 |      43 |      28 |  39.4
   Vaults:1 |   18265 |   26297 |  59.0 |      29 |      41 |  58.6
   Vaults:2 |   20377 |   25859 |  55.9 |      35 |      34 |  49.3
   Vaults:3 |   19301 |   18132 |  48.4 |      36 |      21 |  36.8
   Vaults:4 |   17955 |   20728 |  53.6 |      34 |      30 |  46.9
   Vaults:5 |   29059 |  100037 |  77.5 |      41 |      85 |  67.5
    Crypt:1 |   34769 |    1491 |   4.1 |      55 |       8 |  12.7
    Crypt:2 |   22488 |       0 |   0.0 |      35 |       0 |   0.0
    Crypt:3 |   15762 |   45611 |  74.3 |      25 |      60 |  70.6
     Tomb:1 |   14824 |  110465 |  88.2 |      42 |      72 |  63.2
     Tomb:2 |    9528 |   55511 |  85.4 |      32 |      67 |  67.7
     Tomb:3 |   11671 |   83585 |  87.7 |      25 |      93 |  78.8
   Depths:1 |   21634 |    6018 |  21.8 |      25 |       7 |  21.9
   Depths:2 |   33226 |   30688 |  48.0 |      37 |      36 |  49.3
   Depths:3 |   44676 |   46508 |  51.0 |      53 |      32 |  37.6
   Depths:4 |   25979 |   15127 |  36.8 |      30 |      15 |  33.3
       Hell |   16049 |   28543 |  64.0 |      26 |      37 |  58.7
      Dis:1 |   26167 |       0 |   0.0 |      17 |       0 |   0.0
      Dis:2 |   27327 |       0 |   0.0 |      15 |       0 |   0.0
      Dis:3 |   26915 |       0 |   0.0 |      12 |       0 |   0.0
      Dis:4 |   27614 |       0 |   0.0 |      14 |       0 |   0.0
      Dis:5 |   11487 |    3426 |  23.0 |      11 |       4 |  26.7
      Dis:6 |    6754 |       0 |   0.0 |       7 |       0 |   0.0
      Dis:7 |   20524 |  109314 |  84.2 |      20 |      71 |  78.0
      Geh:1 |   14252 |       0 |   0.0 |      13 |       0 |   0.0
      Geh:2 |   25567 |       0 |   0.0 |      23 |       0 |   0.0
      Geh:3 |   17483 |       0 |   0.0 |      16 |       0 |   0.0
      Geh:4 |   15995 |       0 |   0.0 |      16 |       0 |   0.0
      Geh:5 |   11476 |    3133 |  21.4 |      10 |       4 |  28.6
      Geh:6 |   22828 |       0 |   0.0 |      15 |       0 |   0.0
      Geh:7 |   30416 |   54696 |  64.3 |      23 |      44 |  65.7
      Coc:1 |   12242 |       0 |   0.0 |      21 |       0 |   0.0
      Coc:2 |    6214 |       0 |   0.0 |      13 |       0 |   0.0
      Coc:3 |    9424 |       0 |   0.0 |       9 |       0 |   0.0
      Coc:4 |   10927 |       0 |   0.0 |      16 |       0 |   0.0
      Coc:5 |    8313 |       0 |   0.0 |      15 |       0 |   0.0
      Coc:6 |   15900 |       0 |   0.0 |      22 |       0 |   0.0
      Coc:7 |   46563 |  106504 |  69.6 |      41 |      92 |  69.2
      Tar:1 |    8708 |       0 |   0.0 |       8 |       0 |   0.0
      Tar:2 |   16867 |    7684 |  31.3 |      13 |       4 |  23.5
      Tar:3 |   13790 |       0 |   0.0 |      10 |       0 |   0.0
      Tar:4 |   16052 |   12907 |  44.6 |      14 |       9 |  39.1
      Tar:5 |   30617 |       0 |   0.0 |      18 |       0 |   0.0
      Tar:6 |   30904 |       0 |   0.0 |      21 |       0 |   0.0
      Tar:7 |   17736 |  130440 |  88.0 |      10 |      96 |  90.6
      Zot:1 |   40576 |    5811 |  12.5 |      38 |       5 |  11.6
      Zot:2 |   51183 |   10129 |  16.5 |      42 |       6 |  12.5
      Zot:3 |   49722 |   11274 |  18.5 |      45 |       9 |  16.7
      Zot:4 |   23562 |    4510 |  16.1 |      20 |       4 |  16.7
      Zot:5 |   25705 |  106425 |  80.5 |      21 |      44 |  67.7
    Abyss:1 |  120142 |    1490 |   1.2 |     247 |       1 |   0.4
    Abyss:2 |  100258 |   19499 |  16.3 |     214 |      26 |  10.8
    Abyss:3 |   13800 |       0 |   0.0 |      24 |       0 |   0.0
    Abyss:4 |   32589 |    3804 |  10.5 |      80 |       5 |   5.9
        Pan | 1637097 |  585358 |  26.3 |    2365 |     642 |  21.4
      Zig:1 |     723 |       0 |   0.0 |       2 |       0 |   0.0
      Zig:2 |    2177 |       0 |   0.0 |       2 |       0 |   0.0
      Zig:3 |    2163 |       0 |   0.0 |       7 |       0 |   0.0
      Zig:4 |    6973 |       0 |   0.0 |       3 |       0 |   0.0
      Zig:5 |    5212 |       0 |   0.0 |       9 |       0 |   0.0
      Zig:6 |    4706 |       0 |   0.0 |      12 |       0 |   0.0
      Zig:7 |    9394 |       0 |   0.0 |      11 |       0 |   0.0
      Zig:8 |    7840 |       0 |   0.0 |      12 |       0 |   0.0
      Zig:9 |    9936 |       0 |   0.0 |      16 |       0 |   0.0
     Zig:10 |   15110 |       0 |   0.0 |      16 |       0 |   0.0
     Zig:11 |   25848 |       0 |   0.0 |      27 |       0 |   0.0
     Zig:12 |   20882 |       0 |   0.0 |      27 |       0 |   0.0
     Zig:13 |    2925 |       0 |   0.0 |       2 |       0 |   0.0
     Zig:14 |   28544 |       0 |   0.0 |      21 |       0 |   0.0
     Zig:15 |   20789 |       0 |   0.0 |      24 |       0 |   0.0
     Zig:16 |   25606 |    4035 |  13.6 |      41 |       4 |   8.9
     Zig:17 |   29115 |    3284 |  10.1 |      29 |       4 |  12.1
     Zig:18 |   45868 |       0 |   0.0 |      53 |       0 |   0.0
      IceCv |       0 |   10621 | 100.0 |       0 |      24 | 100.0
     WizLab |       0 |   35859 | 100.0 |       0 |      53 | 100.0
            +---------+---------+-------+---------+---------+-------
